Workbook

Sheet 目次
A2: 参考資料 比較財務諸表
A3: (令和７年度 大阪市一般会計・特別会計財務諸表)
B6: 〇目次
I7: 頁
B8: 一般会計
C9: 貸借対照表 | H9: ・・・・・・・・・・・・・・・・・・・・ | I9: 1
C10: 行政コスト計算書 | H10: ・・・・・・・・・・・・・・・・・・ | I10: 2
C11: キャッシュ・フロー計算書 | H11: ・・・・・・・・・・・・・・ | I11: 3
B13: 食肉市場事業会計
C14: 貸借対照表 | H14: ・・・・・・・・・・・・・・・・・・・・ | I14: 4
C15: 行政コスト計算書 | H15: ・・・・・・・・・・・・・・・・・・ | I15: 5
C16: キャッシュ・フロー計算書 | H16: ・・・・・・・・・・・・・・ | I16: 6
B18: 駐車場事業会計
C19: 貸借対照表 | H19: ・・・・・・・・・・・・・・・・・・・・ | I19: 7
C20: 行政コスト計算書 | H20: ・・・・・・・・・・・・・・・・・・ | I20: 8
C21: キャッシュ・フロー計算書 | H21: ・・・・・・・・・・・・・・ | I21: 9
B23: 母子父子寡婦福祉貸付資金会計
C24: 貸借対照表 | H24: ・・・・・・・・・・・・・・・・・・・・ | I24: 10
C25: 行政コスト計算書 | H25: ・・・・・・・・・・・・・・・・・・ | I25: 11
C26: キャッシュ・フロー計算書 | H26: ・・・・・・・・・・・・・・ | I26: 12
B28: 国民健康保険事業会計
C29: 貸借対照表 | H29: ・・・・・・・・・・・・・・・・・・・・ | I29: 13
C30: 行政コスト計算書 | H30: ・・・・・・・・・・・・・・・・・・ | I30: 14
C31: キャッシュ・フロー計算書 | H31: ・・・・・・・・・・・・・・ | I31: 15
B33: 心身障害者扶養共済事業会計
C34: 貸借対照表 | H34: ・・・・・・・・・・・・・・・・・・・・ | I34: 16
C35: 行政コスト計算書 | H35: ・・・・・・・・・・・・・・・・・・ | I35: 17
C36: キャッシュ・フロー計算書 | H36: ・・・・・・・・・・・・・・ | I36: 18
B38: 介護保険事業会計
C39: 貸借対照表 | H39: ・・・・・・・・・・・・・・・・・・・・ | I39: 19
C40: 行政コスト計算書 | H40: ・・・・・・・・・・・・・・・・・・ | I40: 20
C41: キャッシュ・フロー計算書 | H41: ・・・・・・・・・・・・・・ | I41: 21
B43: 後期高齢者医療事業会計
C44: 貸借対照表 | H44: ・・・・・・・・・・・・・・・・・・・・ | I44: 22
C45: 行政コスト計算書 | H45: ・・・・・・・・・・・・・・・・・・ | I45: 23
C46: キャッシュ・フロー計算書 | H46: ・・・・・・・・・・・・・・ | I46: 24
B48: 公債費会計
C49: 貸借対照表 | H49: ・・・・・・・・・・・・・・・・・・・・ | I49: 25
C50: 行政コスト計算書 | H50: ・・・・・・・・・・・・・・・・・・ | I50: 26
C51: キャッシュ・フロー計算書 | H51: ・・・・・・・・・・・・・・ | I51: 27
B55: ※本書における特別会計には、公営企業会計及び準公営企業会計は含みません。

Sheet 貸借対照表（一般会計）
A1: 比較貸借対照表（一般会計） | Q1: （単位：円）
F2: 令和７年度 | H2: 令和６年度 | I2: 令和５年度 | N2: =F2 -> 令和７年度 | P2: =H2 -> 令和６年度 | Q2: =I2 -> 令和５年度
F3: 金額 | G3: 対前年度 増減額 | H3: 金額 | I3: 金額 | N3: 金額 | O3: 対前年度 増減額 | P3: 金額 | Q3: 金額
A4: 資産の部 | J4: 負債の部
B5: 流動資産 | F5: 482624154941 | G5: =F5-H5 -> 38568997883 | H5: 444055157058 | I5: 428265761815 | K5: 流動負債 | N5: 223494993097 | O5: =N5-P5 -> 20352130056 | P5: 203142863041 | Q5: 210255605522
C6: 現金預金 | F6: 79041039826 | G6: =F6-H6 -> 2862802916 | H6: 76178236910 | I6: 73044692376 | L6: 地方債 | N6: 129837247713 | O6: =N6-P6 -> 285562340 | P6: 129551685373 | Q6: 143819472808
D7: 歳計現金 | F7: 26836064137 | G7: =F7-H7 -> 2336031727 | H7: 24500032410 | I7: 23182566142 | L7: 短期借入金 | N7: 0 | O7: =N7-P7 -> 0 | P7: 0 | Q7: 0
D8: 歳入歳出外現金 | F8: 52204975689 | G8: =F8-H8 -> 526771189 | H8: 51678204500 | I8: 49862126234 | M8: 他会計借入金 | N8: 0 | O8: =N8-P8 -> 0 | P8: 0 | Q8: 0
C9: 未収金 | F9: 32660362972 | G9: =F9-H9 -> 12094569199 | H9: 20565793773 | I9: 21552485203 | M9: その他短期借入金 | N9: 0 | O9: =N9-P9 -> 0 | P9: 0 | Q9: 0
C10: 貸倒引当金 | F10: -12140771271 | G10: =F10-H10 -> -1282692232 | H10: -10858079039 | I10: -11297622768 | L10: 賞与引当金 | N10: 24872511526 | O10: =N10-P10 -> 1562333805 | P10: 23310177721 | Q10: 22309090282
C11: 基金 | F11: 309939913246 | G11: =F11-H11 -> 22990640645 | H11: 286949272601 | I11: 268796272587 | L11: 未払金 | N11: 30154454373 | O11: =N11-P11 -> 26129801679 | P11: 4024652694 | Q11: 3559701386
D12: 財政調整基金 | F12: 309939913246 | G12: =F12-H12 -> 22990640645 | H12: 286949272601 | I12: 268796272587 | L12: 還付未済金 | N12: 0 | O12: =N12-P12 -> 0 | P12: 0 | Q12: 0
D13: 公債償還基金 | F13: 0 | G13: =F13-H13 -> 0 | H13: 0 | I13: 0 | L13: リース債務 | N13: 4475204666 | O13: =N13-P13 -> 803380666 | P13: 3671824000 | Q13: 2417351777
C14: 貸倒引当金 | F14: 0 | G14: =F14-H14 -> 0 | H14: 0 | I14: 0 | L14: その他流動負債 | N14: 34155574819 | O14: =N14-P14 -> -8428948434 | P14: 42584523253 | Q14: 38149989269
C15: 短期貸付金 | F15: 5666890792 | G15: =F15-H15 -> 1042927825 | H15: 4623962967 | I15: 9620967566 | K15: 固定負債 | N15: 1531315133511 | O15: =N15-P15 -> -103633052110 | P15: 1634948185621 | Q15: 1687615521161
C16: 貸倒引当金 | F16: -671526096 | G16: =F16-H16 -> 1403765 | H16: -672929861 | I16: -673473306 | L16: 地方債 | N16: 1220354755991 | O16: =N16-P16 -> -112550264587 | P16: 1332905020578 | Q16: 1385952764992
C17: その他流動資産 | F17: 68128245472 | G17: =F17-H17 -> 859345765 | H17: 67268899707 | I17: 67222440157 | L17: 長期借入金 | N17: 0 | O17: =N17-P17 -> 0 | P17: 0 | Q17: 0
B18: 固定資産 | F18: 14759938466885 | G18: =F18-H18 -> 55072681149 | H18: 14704865785736 | I18: 14725891066350 | M18: 他会計借入金 | N18: 0 | O18: =N18-P18 -> 0 | P18: 0 | Q18: 0
C19: 事業用資産 | F19: 6098254131771 | G19: =F19-H19 -> -45009630932 | H19: 6143263762703 | I19: 6163281831320 | M19: その他長期借入金 | N19: 0 | O19: =N19-P19 -> 0 | P19: 0 | Q19: 0
D20: 有形事業用固定資産 | F20: 6098109461916 | G20: =F20-H20 -> -45009794652 | H20: 6143119256568 | I20: 6163137600949 | L20: 退職手当引当金 | N20: 222918910854 | O20: =N20-P20 -> 11298693852 | P20: 211620217002 | Q20: 209951625567
E21: 土地 | F21: 5147688401694 | G21: =F21-H21 -> -20152374208 | H21: 5167840775902 | I21: 5172779723552 | L21: 損失補償等引当金 | N21: 16842082464 | O21: =N21-P21 -> -1748398276 | P21: 18590480740 | Q21: 20933434923
E22: 建物 | F22: 920129574806 | G22: =F22-H22 -> -25608683148 | H22: 945738257954 | I22: 963284625800 | L22: 長期未払金 | N22: 40971273738 | O22: =N22-P22 -> -1343058860 | P22: 42314332598 | Q22: 46312737486
E23: 工作物 | F23: 27438280639 | G23: =F23-H23 -> 1352325164 | H23: 26085955475 | I23: 25445514386 | L23: リース債務 | N23: 8469403843 | O23: =N23-P23 -> 312312842 | P23: 8157091001 | Q23: 3886792262
E24: 立木竹 | F24: 0 | G24: =F24-H24 -> 0 | H24: 0 | I24: 0 | L24: その他固定負債 | N24: 21758706621 | O24: =N24-P24 -> 397662919 | P24: 21361043702 | Q24: 20578165931
E25: 船舶 | F25: 2358269440 | G25: =F25-H25 -> -179795724 | H25: 2538065164 | I25: 283122065 | J25: 負債の部合計 | N25: 1754810126608 | O25: =N25-P25 -> -83280922054 | P25: 1838091048662 | Q25: 1897871126683
E26: 浮標等 | F26: 348415336 | G26: =F26-H26 -> 18293264 | H26: 330122072 | I26: 318975145 | J26: 純資産の部
E27: 航空機 | F27: 146520001 | G27: =F27-H27 -> -439560000 | H27: 586080001 | I27: 1025640001 | K27: 累積余剰 | N27: 13342815319808 | O27: =N27-P27 -> 121473654526 | P27: 13221341665282 | Q27: 13137980409272
D28: 無形事業用固定資産 | F28: 144669855 | G28: =F28-H28 -> 163720 | H28: 144506135 | I28: 144230371 | K28: 評価・換算差額等 | N28: 144937175410 | O28: =N28-P28 -> 55448946560 | P28: 89488228850 | Q28: 118305292210
E29: 地上権等 | F29: 144093957 | G29: =F29-H29 -> 0 | H29: 144093957 | I29: 144093957 | L29: その他有価証券評価差額金 | N29: 144937175410 | O29: =N29-P29 -> 55448946560 | P29: 89488228850 | Q29: 118305292210
E30: 特許権等 | F30: 575898 | G30: =F30-H30 -> 163720 | H30: 412178 | I30: 136414
C31: インフラ資産 | F31: 6771145524338 | G31: =F31-H31 -> 8531409111 | H31: 6762614115227 | I31: 6781364222302
D32: 有形インフラ固定資産 | F32: 6770290762634 | G32: =F32-H32 -> 8531409111 | H32: 6761759353523 | I32: 6780509460598
E33: 土地 | F33: 6089661163714 | G33: =F33-H33 -> 3776786074 | H33: 6085884377640 | I33: 6092980486590
E34: 建物 | F34: 14414039708 | G34: =F34-H34 -> 3839860283 | H34: 10574179425 | I34: 2158952919
E35: 工作物 | F35: 666215559212 | G35: =F35-H35 -> 914762754 | H35: 665300796458 | I35: 685370021089
D36: 無形インフラ固定資産 | F36: 854761704 | G36: =F36-H36 -> 0 | H36: 854761704 | I36: 854761704
E37: 地上権等 | F37: 854761704 | G37: =F37-H37 -> 0 | H37: 854761704 | I37: 854761704
E38: 特許権等 | F38: 0 | G38: =F38-H38 -> 0 | H38: 0 | I38: 0
C39: 重要物品 | F39: 14050234349 | G39: =F39-H39 -> -630582727 | H39: 14680817076 | I39: 11274385609
C40: リース資産 | F40: 13060671714 | G40: =F40-H40 -> 981582734 | H40: 12079088980 | I40: 6359870226
C41: ソフトウェア | F41: 8840606320 | G41: =F41-H41 -> 2081985354 | H41: 6758620966 | I41: 6311624913
C42: 建設仮勘定 | F42: 435092024807 | G42: =F42-H42 -> 33715271482 | H42: 401376753325 | I42: 376396736267
C43: 出資金 | F43: 1216462243525 | G43: =F43-H43 -> 56857719216 | H43: 1159604524309 | I43: 1179389397795
D44: 有価証券 | F44: 781910296007 | G44: =F44-H44 -> 56636012317 | H44: 725274283690 | I44: 752311647050
D45: 出資による権利 | F45: 294144884390 | G45: =F45-H45 -> -402972614 | H45: 294547857004 | I45: 287757270790
D46: 公営企業会計出資金 | F46: 140407063128 | G46: =F46-H46 -> 624679513 | H46: 139782383615 | I46: 139320479955
C47: 信託受益権 | F47: 0 | G47: =F47-H47 -> 0 | H47: 0 | I47: 0
C48: 基金 | F48: 95115645733 | G48: =F48-H48 -> 1642020358 | H48: 93473625375 | I48: 87994340377
D49: 公債償還基金 | F49: 0 | G49: =F49-H49 -> 0 | H49: 0 | I49: 0
D50: その他基金 | F50: 95115645733 | G50: =F50-H50 -> 1642020358 | H50: 93473625375 | I50: 87994340377
C51: 貸倒引当金 | F51: 0 | G51: =F51-H51 -> 0 | H51: 0 | I51: 0
C52: 長期貸付金 | F52: 131953454330 | G52: =F52-H52 -> -3796501840 | H52: 135749956170 | I52: 139021452024
C53: 貸倒引当金 | F53: -24748532651 | G53: =F53-H53 -> 731553372 | H53: -25480086023 | I53: -26217422747
C54: その他債権 | F54: 8131029585 | G54: =F54-H54 -> -45740676 | H54: 8176770261 | I54: 8095289384
C55: 貸倒引当金 | F55: -7418566936 | G55: =F55-H55 -> 13595697 | H55: -7432162633 | I55: -7380661120 | J55: 純資産の部合計 | N55: 13487752495218 | O55: =N55-P55 -> 176922601086 | P55: 13310829894132 | Q55: 13256285701482
A56: 資産の部合計 | F56: 15242562621826 | G56: =F56-H56 -> 93641679032 | H56: 15148920942794 | I56: 15154156828165 | J56: 負債及び純資産の部合計 | N56: 15242562621826 | O56: =N56-P56 -> 93641679032 | P56: 15148920942794 | Q56: 15154156828165

Sheet 行政コスト計算書（一般会計）
A1: 比較行政コスト計算書（一般会計） | I1: （単位：円）
E2: ='貸借対照表（一般会計）'!F2 -> 令和７年度 | G2: ='貸借対照表（一般会計）'!H2 -> 令和６年度 | H2: ='貸借対照表（一般会計）'!I2 -> 令和５年度
E3: 金額 | F3: 対前年度 増減額 | G3: 金額 | H3: 金額
A4: 経常収益 | E4: 1951473128082 | F4: =E4-G4 -> 61083011801 | G4: 1890390116281 | H4: 1794458384679
B5: 市税 | E5: 898035574770 | F5: =E5-G5 -> 66994013378 | G5: 831041561392 | H5: 805068348563
B6: 地方譲与税 | E6: 6073206333 | F6: =E6-G6 -> 2010888 | G6: 6071195445 | H6: 6112176555
B7: 交付金 | E7: 136662490542 | F7: =E7-G7 -> 10196207704 | G7: 126466282838 | H7: 116360890735
B8: 地方特例交付金 | E8: 2627981000 | F8: =E8-G8 -> -15363341000 | G8: 17991322000 | H8: 3009529000
B9: 地方交付税 | E9: 43540980000 | F9: =E9-G9 -> -2992810000 | G9: 46533790000 | H9: 45700755000
B10: 保険料 | E10: 0 | F10: =E10-G10 -> 0 | G10: 0 | H10: 0
B11: 分担金及び負担金 | E11: 885303622 | F11: =E11-G11 -> -499661439 | G11: 1384965061 | H11: 3971428416
B12: 使用料及び手数料 | E12: 73145960875 | F12: =E12-G12 -> 3672490456 | G12: 69473470419 | H12: 67998164131
B13: 国・府支出金 | E13: 679393888751 | F13: =E13-G13 -> 5918656611 | G13: 673475232140 | H13: 658094935980
B14: 他会計からの繰入金 | E14: 2819369242 | F14: =E14-G14 -> 858673540 | G14: 1960695702 | H14: 2353989546
C15: 一般会計からの繰入金 | E15: 0 | F15: =E15-G15 -> 0 | G15: 0 | H15: 0
C16: 特別会計からの繰入金 | E16: 1933369242 | F16: =E16-G16 -> 717673540 | G16: 1215695702 | H16: 1540989546
C17: 公営企業からの繰入金 | E17: 886000000 | F17: =E17-G17 -> 141000000 | G17: 745000000 | H17: 813000000
B18: 棚卸資産売却収入 | E18: 0 | F18: =E18-G18 -> 0 | G18: 0 | H18: 0
B19: 受取利息及び配当金 | E19: 15044548127 | F19: =E19-G19 -> 3575348327 | G19: 11469199800 | H19: 7369195735
B20: その他経常収益 | E20: 93243824820 | F20: =E20-G20 -> -11278576664 | G20: 104522401484 | H20: 78418971018
A21: 経常費用 | E21: 1816788248049 | F21: =E21-G21 -> 24878112618 | G21: 1791910135431 | H21: 1662939700967
B22: 給与関係費 | E22: 304377177270 | F22: =E22-G22 -> 9698869066 | G22: 294678308204 | H22: 274809574538
B23: 賞与引当金繰入額 | E23: 24418744238 | F23: =E23-G23 -> 1527419826 | G23: 22891324412 | H23: 21741861756
B24: 退職手当引当金繰入額 | E24: 19824739836 | F24: =E24-G24 -> 5574930301 | G24: 14249809535 | H24: 16656911807
B25: 物件費 | E25: 209284447823 | F25: =E25-G25 -> 16803594360 | G25: 192480853463 | H25: 182972670801
B26: 維持補修費 | E26: 71776552256 | F26: =E26-G26 -> -3531748707 | G26: 75308300963 | H26: 66519477614
B27: 減価償却費 | E27: 99870031330 | F27: =E27-G27 -> 1385095857 | G27: 98484935473 | H27: 97755364737
B28: 支払利息及び手数料 | E28: 12558372779 | F28: =E28-G28 -> 2595780502 | G28: 9962592277 | H28: 9991360197
B29: 貸倒損失 | E29: 12502195 | F29: =E29-G29 -> -22762142 | G29: 35264337 | H29: 5068819
B30: 貸倒引当金繰入額 | E30: 2686376100 | F30: =E30-G30 -> 1515461381 | G30: 1170914719 | H30: 1449665873
B31: 損失補償等引当金繰入額 | E31: -1748398276 | F31: =E31-G31 -> 594555907 | G31: -2342954183 | H31: -1151877658
B32: 棚卸資産売却原価 | E32: 0 | F32: =E32-G32 -> 0 | G32: 0 | H32: 0
B33: 扶助費 | E33: 756120784161 | F33: =E33-G33 -> 62476642541 | G33: 693644141620 | H33: 641339572508
... B35: 他会計への繰出金 | E35: 130886951656 | F35: =E35-G35 -> 677996721 | G35: 130208954935 | H35: 126243725663
C36: 一般会計への繰出金 | E36: 0 | F36: =E36-G36 -> 0 | G36: 0 | H36: 0
C37: 特別会計への繰出金 | E37: 106270222086 | F37: =E37-G37 -> 863349033 | G37: 105406873053 | H37: 101685222066
C38: 公営企業への繰出金 | E38: 24616729570 | F38: =E38-G38 -> -185352312 | G38: 24802081882 | H38: 24558503597
B39: その他経常費用 | E39: 0 | F39: =E39-G39 -> -96857000 | G39: 96857000 | H39: 15669000
A40: 経常収支差額 | E40: 134684880033 | F40: =E40-G40 -> 36204899183 | G40: 98479980850 | H40: 131518683712
A41: 特別利益 | E41: 24226570165 | F41: =E41-G41 -> -5837443118 | G41: 30064013283 | H41: 51945097058
B42: 資産売却益 | E42: 7711584139 | F42: =E42-G42 -> -2763304903 | G42: 10474889042 | H42: 21837224162
B43: 資産受贈益 | E43: 585263496 | F43: =E43-G43 -> -4149466515 | G43: 4734730011 | H43: 335171323
B44: 事業再編等に伴う移転損益 | E44: 0 | F44: =E44-G44 -> -2609764691 | G44: 2609764691 | H44: 24043633611
B45: その他特別利益 | E45: 15929722530 | F45: =E45-G45 -> 3685092991 | G45: 12244629539 | H45: 5729067962
A46: 特別損失 | E46: 37437795672 | F46: =E46-G46 -> -7744942451 | G46: 45182738123 | H46: 38921114153
B47: 資産除売却損 | E47: 21019586501 | F47: =E47-G47 -> 135670358 | G47: 20883916143 | H47: 21364709057
B48: 災害による損失 | E48: 0 | F48: =E48-G48 -> 0 | G48: 0 | H48: 42900000
B49: 貸倒損失 | E49: 0 | F49: =E49-G49 -> 0 | G49: 0 | H49: 0
B50: 出資金評価損 | E50: 982421870 | F50: =E50-G50 -> 980615898 | G50: 1805972 | H50: 77488010
B51: 事業再編等に伴う移転損益 | E51: 10000000 | F51: =E51-G51 -> -7625221470 | G51: 7635221470 | H51: 3023342773
B52: その他特別損失 | E52: 15425787301 | F52: =E52-G52 -> -1236007237 | G52: 16661794538 | H52: 14412674313
A53: 特別収支差額 | E53: -13211225507 | F53: =E53-G53 -> 1907499333 | G53: -15118724840 | H53: 13023982905
A54: 当年度収支差額 | E54: 121473654526 | F54: =E54-G54 -> 38112398516 | G54: 83361256010 | H54: 144542666617

Sheet キャッシュ・フロー計算書（一般会計）
A1: 比較キャッシュ・フロー計算書（一般会計） | J1: （単位：円）
F2: ='貸借対照表（一般会計）'!F2 -> 令和７年度 | H2: ='貸借対照表（一般会計）'!H2 -> 令和６年度 | I2: ='貸借対照表（一般会計）'!I2 -> 令和５年度
F3: 金額 | G3: 対前年度 増減額 | H3: 金額 | I3: 金額
A4: 行政サービス活動
B5: 行政サービス活動収入 | F5: 1937634174401 | G5: =F5-H5 -> 47833226594 | H5: 1889800947807 | I5: 1793404925968
C6: 市税収入 | F6: 896737530844 | G6: =F6-H6 -> 66269064853 | H6: 830468465991 | I6: 804353304619
C7: 地方譲与税収入 | F7: 6073206333 | G7: =F7-H7 -> 2010888 | H7: 6071195445 | I7: 6112176555
C8: 交付金収入 | F8: 136662490542 | G8: =F8-H8 -> 10196207704 | H8: 126466282838 | I8: 116360890735
C9: 地方特例交付金収入 | F9: 2627981000 | G9: =F9-H9 -> -15363341000 | H9: 17991322000 | I9: 3009529000
C10: 地方交付税収入 | F10: 43540980000 | G10: =F10-H10 -> -2992810000 | H10: 46533790000 | I10: 45700755000
C11: 保険料収入 | F11: 0 | G11: =F11-H11 -> 0 | H11: 0 | I11: 0
C12: 分担金及び負担金収入 | F12: 885303622 | G12: =F12-H12 -> -499661439 | H12: 1384965061 | I12: 3971428416
C13: 使用料及び手数料収入 | F13: 73112711190 | G13: =F13-H13 -> 3651383039 | H13: 69461328151 | I13: 67965142531
C14: 国・府支出金収入 | F14: 679393888751 | G14: =F14-H14 -> 5918656611 | H14: 673475232140 | I14: 658094935980
C15: 他会計からの繰入金収入 | F15: 2819369242 | G15: =F15-H15 -> 858673540 | H15: 1960695702 | I15: 2353989546
D16: 一般会計からの繰入金収入 | F16: 0 | G16: =F16-H16 -> 0 | H16: 0 | I16: 0
D17: 特別会計からの繰入金収入 | F17: 1933369242 | G17: =F17-H17 -> 717673540 | H17: 1215695702 | I17: 1540989546
D18: 公営企業会計からの繰入金収入 | F18: 886000000 | G18: =F18-H18 -> 141000000 | H18: 745000000 | I18: 813000000
C19: 棚卸資産売却収入 | F19: 0 | G19: =F19-H19 -> -17850416 | H19: 17850416 | I19: 17850416
C20: 受取利息及び配当金収入 | F20: 15045780498 | G20: =F20-H20 -> 3576752071 | H20: 11469028427 | I20: 7369032035
C21: その他行政収入 | F21: 80734932379 | G21: =F21-H21 -> -23765859257 | H21: 104500791636 | I21: 78095891135
B22: 行政サービス活動支出 | F22: 1721251842290 | G22: =F22-H22 -> 6918816769 | H22: 1714333025521 | I22: 1586439861747
C23: 給与関係費支出 | F23: 335759633687 | G23: =F23-H23 -> 6609870410 | H23: 329149763277 | I23: 303646018135
C24: 物件費支出 | F24: 209284447823 | G24: =F24-H24 -> 16803595020 | H24: 192480852803 | I24: 182972670801
C25: 維持補修費支出 | F25: 71772248456 | G25: =F25-H25 -> -3536011807 | H25: 75308260263 | I25: 66519356614
C26: 支払利息及び手数料支出 | F26: 12558372779 | G26: =F26-H26 -> 2595780502 | H26: 9962592277 | I26: 9991360197
C27: 扶助費支出 | F27: 756120784161 | G27: =F27-H27 -> 62476642541 | H27: 693644141620 | I27: 641339572508
C28: 負担金・補助金・交付金等支出 | F28: 195917116242 | G28: =F28-H28 -> -75245675944 | H28: 271162792186 | I28: 244309828833
C29: 他会計への繰出金支出 | F29: 130886951656 | G29: =F29-H29 -> 677996721 | H29: 130208954935 | I29: 126243725663
D30: 一般会計への繰出金支出 | F30: 0 | G30: =F30-H30 -> 0 | H30: 0 | I30: 0
D31: 特別会計への繰出金支出 | F31: 106270222086 | G31: =F31-H31 -> 863349033 | H31: 105406873053 | I31: 101685222066
D32: 公営企業会計への繰出金支出 | F32: 24616729570 | G32: =F32-H32 -> -185352312 | H32: 24802081882 | I32: 24558503597
C33: その他行政支出 | F33: 8952287486 | G33: =F33-H33 -> -3463380674 | H33: 12415668160 | I33: 11417328996
A34: 行政サービス活動収支差額 | F34: 216382332111 | G34: =F34-H34 -> 40914409825 | H34: 175467922286 | I34: 206965064221
A35: 投資活動
B36: 投資活動収入 | F36: 22241601188 | G36: =F36-H36 -> -24429532421 | H36: 46671133609 | I36: 43932827532
C37: 資産売却収入 | F37: 11333383737 | G37: =F37-H37 -> -16536629781 | H37: 27870013518 | I37: 32791019056
C38: 基金繰入金（取崩額） | F38: 3161683028 | G38: =F38-H38 -> -106651024 | H38: 3268334052 | I38: 6243982541
D39: 財政調整基金（取崩額） | F39: 0 | G39: =F39-H39 -> -15409800 | H39: 15409800 | I39: 3036770984
D40: その他の基金（取崩額） | F40: 3161683028 | G40: =F40-H40 -> -91241224 | H40: 3252924252 | I40: 3207211557
C41: 貸付金回収元金収入 | F41: 7692907179 | G41: =F41-H41 -> -7786710714 | H41: 15479617893 | I41: 4830665661
C42: 他会計からの繰入金収入 | F42: 0 | G42: =F42-H42 -> 0 | H42: 0 | I42: 0
D43: 一般会計からの繰入金収入 | F43: 0 | G43: =F43-H43 -> 0 | H43: 0 | I43: 0
D44: 特別会計からの繰入金収入 | F44: 0 | G44: =F44-H44 -> 0 | H44: 0 | I44: 0
D45: 公営企業会計からの繰入金収入 | F45: 0 | G45: =F45-H45 -> 0 | H45: 0 | I45: 0
C46: 保証金等返還収入 | F46: 2437332 | G46: =F46-H46 -> 1784317 | H46: 653015 | I46: 52763040
C47: その他投資活動収入 | F47: 51189912 | G47: =F47-H47 -> -1325219 | H47: 52515131 | I47: 14397234
B48: 投資活動支出 | F48: 115674090270 | G48: =F48-H48 -> -31708685578 | H48: 147382775848 | I48: 139468857978
C49: 固定資産取得支出 | F49: 79690000356 | G49: =F49-H49 -> -31219203718 | H49: 110909204074 | I49: 106383615457
C50: 基金積立金 | F50: 27795582401 | G50: =F50-H50 -> 895127537 | H50: 26900454864 | I50: 29670975629
D51: 財政調整基金積立金 | F51: 22990640645 | G51: =F51-H51 -> 4822230831 | H51: 18168409814 | I51: 26603636667
D52: その他の基金積立金 | F52: 4804941756 | G52: =F52-H52 -> -3927103294 | H52: 8732045050 | I52: 3067338962
C53: 出資金支出 | F53: 3148179513 | G53: =F53-H53 -> 899575853 | H53: 2248603660 | I53: 2031007892
C54: 貸付金支出 | F54: 5002500000 | G54: =F54-H54 -> -2284000000 | H54: 7286500000 | I54: 1344700000
C55: 他会計への繰出金支出 | F55: 0 | G55: =F55-H55 -> 0 | H55: 0 | I55: 0
D56: 一般会計への繰出金支出 | F56: 0 | G56: =F56-H56 -> 0 | H56: 0 | I56: 0
D57: 特別会計への繰出金支出 | F57: 0 | G57: =F57-H57 -> 0 | H57: 0 | I57: 0
D58: 公営企業会計への繰出金支出 | F58: 0 | G58: =F58-H58 -> 0 | H58: 0 | I58: 0
C59: 保証金等支出 | F59: 37828000 | G59: =F59-H59 -> -185250 | H59: 38013250 | I59: 38559000
A60: 投資活動収支差額 | F60: -93432489082 | G60: =F60-H60 -> 7279153157 | H60: -100711642239 | I60: -95536030446
A61: 財務活動
B62: 財務活動収入 | F62: 467190349353 | G62: =F62-H62 -> 9534883722 | H62: 457655465631 | I62: 448852161234
C63: 地方債収入 | F63: 93715500000 | G63: =F63-H63 -> -36692000000 | H63: 130407500000 | I63: 112054500000
C64: 借入金収入 | F64: 0 | G64: =F64-H64 -> 0 | H64: 0 | I64: 0
C65: 他会計からの繰入金収入 | F65: 0 | G65: =F65-H65 -> 0 | H65: 0 | I65: 0
D66: 一般会計からの繰入金収入 | F66: 0 | G66: =F66-H66 -> 0 | H66: 0 | I66: 0
D67: 特別会計からの繰入金収入 | F67: 0 | G67: =F67-H67 -> 0 | H67: 0 | I67: 0
D68: 公営企業会計からの繰入金収入 | F68: 0 | G68: =F68-H68 -> 0 | H68: 0 | I68: 0
C69: その他財務活動収入 | F69: 373474849353 | G69: =F69-H69 -> 46226883722 | H69: 327247965631 | I69: 336797661234
B70: 財務活動支出 | F70: 587277389466 | G70: =F70-H70 -> 57999188322 | H70: 529278201144 | I70: 569266230690
C71: 地方債償還金支出 | F71: 205980153547 | G71: =F71-H71 -> 8263695992 | H71: 197716457555 | I71: 225515005014
C72: 借入金償還金支出 | F72: 0 | G72: =F72-H72 -> 0 | H72: 0 | I72: 0
C73: リース債務償還金支出 | F73: 4804003719 | G73: =F73-H73 -> 1726075616 | H73: 3077928103 | I73: 2433625908
C74: 他会計への繰出金支出 | F74: 0 | G74: =F74-H74 -> 0 | H74: 0 | I74: 0
D75: 一般会計への繰出金支出 | F75: 0 | G75: =F75-H75 -> 0 | H75: 0 | I75: 0
D76: 特別会計への繰出金支出 | F76: 0 | G76: =F76-H76 -> 0 | H76: 0 | I76: 0
D77: 公営企業会計への繰出金支出 | F77: 0 | G77: =F77-H77 -> 0 | H77: 0 | I77: 0
C78: その他財務活動支出 | F78: 376493232200 | G78: =F78-H78 -> 48009416714 | H78: 328483815486 | I78: 341317599768
A79: 財務活動収支差額 | F79: -120087040113 | G79: =F79-H79 -> -48464304600 | H79: -71622735513 | I79: -120414069456
A80: 当年度現金預金増減額 | F80: 2862802916 | G80: =F80-H80 -> -270741618 | H80: 3133544534 | I80: -8985035681
A81: 前年度末現金預金残高 | F81: 76178236910 | G81: =F81-H81 -> 3133544534 | H81: 73044692376 | I81: 82029728057
A82: 当年度末現金預金残高 | F82: 79041039826 | G82: =F82-H82 -> 2862802916 | H82: 76178236910 | I82: 73044692376

Sheet 貸借対照表（食肉市場事業会計）
A1: 比較貸借対照表（食肉市場事業会計） | Q1: （単位：円）
F2: ='貸借対照表（一般会計）'!F2 -> 令和７年度 | H2: ='貸借対照表（一般会計）'!H2 -> 令和６年度 | I2: ='貸借対照表（一般会計）'!I2 -> 令和５年度 | N2: ='貸借対照表（一般会計）'!F2 -> 令和７年度 | P2: ='貸借対照表（一般会計）'!H2 -> 令和６年度 | Q2: ='貸借対照表（一般会計）'!I2 -> 令和５年度
F3: 金額 | G3: 対前年度 増減額 | H3: 金額 | I3: 金額 | N3: 金額 | O3: 対前年度 増減額 | P3: 金額 | Q3: 金額
A4: 資産の部 | J4: 負債の部
B5: 流動資産 | F5: 50121934 | G5: =F5-H5 -> 121934 | H5: 50000000 | I5: 50000000 | K5: 流動負債 | N5: 398880693 | O5: =N5-P5 -> 59881104 | P5: 338999589 | Q5: 136859559
C6: 現金預金 | F6: 0 | G6: =F6-H6 -> 0 | H6: 0 | I6: 0 | L6: 地方債 | N6: 275596503 | O6: =N6-P6 -> 55270336 | P6: 220326167 | Q6: 29771417
D7: 歳計現金 | F7: 0 | G7: =F7-H7 -> 0 | H7: 0 | I7: 0 | L7: 短期借入金 | N7: 51738800 | O7: =N7-P7 -> 0 | P7: 51738800 | Q7: 51738800
D8: 歳入歳出外現金 | F8: 0 | G8: =F8-H8 -> 0 | H8: 0 | I8: 0 | M8: 他会計借入金 | N8: 51738800 | O8: =N8-P8 -> 0 | P8: 51738800 | Q8: 51738800
C9: 未収金 | F9: 121934 | G9: =F9-H9 -> 121934 | H9: 0 | I9: 0 | M9: その他短期借入金 | N9: 0 | O9: =N9-P9 -> 0 | P9: 0 | Q9: 0
C10: 貸倒引当金 | F10: 0 | G10: =F10-H10 -> 0 | H10: 0 | I10: 0 | L10: 賞与引当金 | N10: 71545390 | O10: =N10-P10 -> 4610768 | P10: 66934622 | Q10: 55349342
C11: 基金 | F11: 0 | G11: =F11-H11 -> 0 | H11: 0 | I11: 0 | L11: 未払金 | N11: 0 | O11: =N11-P11 -> 0 | P11: 0 | Q11: 0
D12: 財政調整基金 | F12: 0 | G12: =F12-H12 -> 0 | H12: 0 | I12: 0 | L12: 還付未済金 | N12: 0 | O12: =N12-P12 -> 0 | P12: 0 | Q12: 0
D13: 公債償還基金 | F13: 0 | G13: =F13-H13 -> 0 | H13: 0 | I13: 0 | L13: リース債務 | N13: 0 | O13: =N13-P13 -> 0 | P13: 0 | Q13: 0
C14: 貸倒引当金 | F14: 0 | G14: =F14-H14 -> 0 | H14: 0 | I14: 0 | L14: その他流動負債 | N14: 0 | O14: =N14-P14 -> 0 | P14: 0 | Q14: 0
C15: 短期貸付金 | F15: 50000000 | G15: =F15-H15 -> 0 | H15: 50000000 | I15: 50000000 | K15: 固定負債 | N15: 36512665097 | O15: =N15-P15 -> 2111122209 | P15: 34401542888 | Q15: 24516119385
C16: 貸倒引当金 | F16: 0 | G16: =F16-H16 -> 0 | H16: 0 | I16: 0 | L16: 地方債 | N16: 22516591031 | O16: =N16-P16 -> 2097403497 | P16: 20419187534 | Q16: 10523513701
C17: その他流動資産 | F17: 0 | G17: =F17-H17 -> 0 | H17: 0 | I17: 0 | L17: 長期借入金 | N17: 13284186798 | O17: =N17-P17 -> -51738800 | P17: 13335925598 | Q17: 13387664398
B18: 固定資産 | F18: 39932239314 | G18: =F18-H18 -> 3530071841 | H18: 36402167473 | I18: 24914905949 | M18: 他会計借入金 | N18: 13284186798 | O18: =N18-P18 -> -51738800 | P18: 13335925598 | Q18: 13387664398
C19: 事業用資産 | F19: 9363750034 | G19: =F19-H19 -> -169251172 | H19: 9533001206 | I19: 9702253274 | M19: その他長期借入金 | N19: 0 | O19: =N19-P19 -> 0 | P19: 0 | Q19: 0
D20: 有形事業用固定資産 | F20: 9363750034 | G20: =F20-H20 -> -169251172 | H20: 9533001206 | I20: 9702253274 | L20: 退職手当引当金 | N20: 711887268 | O20: =N20-P20 -> 65457512 | P20: 646429756 | Q20: 604941286
E21: 土地 | F21: 8050071183 | G21: =F21-H21 -> 0 | H21: 8050071183 | I21: 8050071183 | L21: 損失補償等引当金 | N21: 0 | O21: =N21-P21 -> 0 | P21: 0 | Q21: 0
E22: 建物 | F22: 1268465356 | G22: =F22-H22 -> -165578784 | H22: 1434044140 | I22: 1599622924 | L22: 長期未払金 | N22: 0 | O22: =N22-P22 -> 0 | P22: 0 | Q22: 0
E23: 工作物 | F23: 45213495 | G23: =F23-H23 -> -3672388 | H23: 48885883 | I23: 52559167 | L23: リース債務 | N23: 0 | O23: =N23-P23 -> 0 | P23: 0 | Q23: 0
E24: 立木竹 | F24: 0 | G24: =F24-H24 -> 0 | H24: 0 | I24: 0 | L24: その他固定負債 | N24: 0 | O24: =N24-P24 -> 0 | P24: 0 | Q24: 0
E25: 船舶 | F25: 0 | G25: =F25-H25 -> 0 | H25: 0 | I25: 0 | J25: 負債の部合計 | N25: 36911545790 | O25: =N25-P25 -> 2171003313 | P25: 34740542477 | Q25: 24652978944
E26: 浮標等 | F26: 0 | G26: =F26-H26 -> 0 | H26: 0 | I26: 0 | J26: 純資産の部
E27: 航空機 | F27: 0 | G27: =F27-H27 -> 0 | H27: 0 | I27: 0 | K27: 累積余剰 | N27: 3070815458 | O27: =N27-P27 -> 1359190462 | P27: 1711624996 | Q27: 311927005
D28: 無形事業用固定資産 | F28: 0 | G28: =F28-H28 -> 0 | H28: 0 | I28: 0 | K28: 評価・換算差額等 | N28: 0 | O28: =N28-P28 -> 0 | P28: 0 | Q28: 0
E29: 地上権等 | F29: 0 | G29: =F29-H29 -> 0 | H29: 0 | I29: 0 | L29: その他有価証券評価差額金 | N29: 0 | O29: =N29-P29 -> 0 | P29: 0 | Q29: 0
E30: 特許権等 | F30: 0 | G30: =F30-H30 -> 0 | H30: 0 | I30: 0
C31: インフラ資産 | F31: 0 | G31: =F31-H31 -> 0 | H31: 0 | I31: 0
D32: 有形インフラ固定資産 | F32: 0 | G32: =F32-H32 -> 0 | H32: 0 | I32: 0
E33: 土地 | F33: 0 | G33: =F33-H33 -> 0 | H33: 0 | I33: 0
E34: 建物 | F34: 0 | G34: =F34-H34 -> 0 | H34: 0 | I34: 0
E35: 工作物 | F35: 0 | G35: =F35-H35 -> 0 | H35: 0 | I35: 0
D36: 無形インフラ固定資産 | F36: 0 | G36: =F36-H36 -> 0 | H36: 0 | I36: 0
E37: 地上権等 | F37: 0 | G37: =F37-H37 -> 0 | H37: 0 | I37: 0
E38: 特許権等 | F38: 0 | G38: =F38-H38 -> 0 | H38: 0 | I38: 0
C39: 重要物品 | F39: 94883241 | G39: =F39-H39 -> 93086574 | H39: 1796667 | I39: 2412675
C40: リース資産 | F40: 0 | G40: =F40-H40 -> 0 | H40: 0 | I40: 0
C41: ソフトウェア | F41: 0 | G41: =F41-H41 -> 0 | H41: 0 | I41: 0
C42: 建設仮勘定 | F42: 30473606039 | G42: =F42-H42 -> 3656236439 | H42: 26817369600 | I42: 15110240000
C43: 出資金 | F43: 0 | G43: =F43-H43 -> 0 | H43: 0 | I43: 0
D44: 有価証券 | F44: 0 | G44: =F44-H44 -> 0 | H44: 0 | I44: 0
D45: 出資による権利 | F45: 0 | G45: =F45-H45 -> 0 | H45: 0 | I45: 0
D46: 公営企業会計出資金 | F46: 0 | G46: =F46-H46 -> 0 | H46: 0 | I46: 0
C47: 信託受益権 | F47: 0 | G47: =F47-H47 -> 0 | H47: 0 | I47: 0
C48: 基金 | F48: 0 | G48: =F48-H48 -> 0 | H48: 0 | I48: 0
D49: 公債償還基金 | F49: 0 | G49: =F49-H49 -> 0 | H49: 0 | I49: 0
D50: その他基金 | F50: 0 | G50: =F50-H50 -> 0 | H50: 0 | I50: 0
C51: 貸倒引当金 | F51: 0 | G51: =F51-H51 -> 0 | H51: 0 | I51: 0
C52: 長期貸付金 | F52: 0 | G52: =F52-H52 -> -50000000 | H52: 50000000 | I52: 100000000
C53: 貸倒引当金 | F53: 0 | G53: =F53-H53 -> 0 | H53: 0 | I53: 0
C54: その他債権 | F54: 0 | G54: =F54-H54 -> 0 | H54: 0 | I54: 0
C55: 貸倒引当金 | F55: 0 | G55: =F55-H55 -> 0 | H55: 0 | I55: 0 | J55: 純資産の部合計 | N55: 3070815458 | O55: =N55-P55 -> 1359190462 | P55: 1711624996 | Q55: 311927005
A56: 資産の部合計 | F56: 39982361248 | G56: =F56-H56 -> 3530193775 | H56: 36452167473 | I56: 24964905949 | J56: 負債及び純資産の部合計 | N56: 39982361248 | O56: =N56-P56 -> 3530193775 | P56: 36452167473 | Q56: 24964905949

Sheet 行政コスト計算書（食肉市場事業会計）
A1: 比較行政コスト計算書（食肉市場事業会計） | I1: （単位：円）
E2: ='貸借対照表（一般会計）'!F2 -> 令和７年度 | G2: ='貸借対照表（一般会計）'!H2 -> 令和６年度 | H2: ='貸借対照表（一般会計）'!I2 -> 令和５年度
E3: 金額 | F3: 対前年度 増減額 | G3: 金額 | H3: 金額
A4: 経常収益 | E4: 4099390232 | F4: =E4-G4 -> 289290226 | G4: 3810100006 | H4: 4301257589
B5: 市税 | E5: 0 | F5: =E5-G5 -> 0 | G5: 0 | H5: 0
B6: 地方譲与税 | E6: 0 | F6: =E6-G6 -> 0 | G6: 0 | H6: 0
B7: 交付金 | E7: 0 | F7: =E7-G7 -> 0 | G7: 0 | H7: 0
B8: 地方特例交付金 | E8: 0 | F8: =E8-G8 -> 0 | G8: 0 | H8: 0
B9: 地方交付税 | E9: 0 | F9: =E9-G9 -> 0 | G9: 0 | H9: 0
B10: 保険料 | E10: 0 | F10: =E10-G10 -> 0 | G10: 0 | H10: 0
B11: 分担金及び負担金 | E11: 0 | F11: =E11-G11 -> 0 | G11: 0 | H11: 0
B12: 使用料及び手数料 | E12: 397863769 | F12: =E12-G12 -> -11958758 | G12: 409822527 | H12: 433012524
B13: 国・府支出金 | E13: 450262000 | F13: =E13-G13 -> -858991000 | G13: 1309253000 | H13: 2182171000
B14: 他会計からの繰入金 | E14: 2147469020 | F14: =E14-G14 -> 654497974 | G14: 1492971046 | H14: 1052895554
C15: 一般会計からの繰入金 | E15: 2147469020 | F15: =E15-G15 -> 654497974 | G15: 1492971046 | H15: 1052895554
C16: 特別会計からの繰入金 | E16: 0 | F16: =E16-G16 -> 0 | G16: 0 | H16: 0
C17: 公営企業からの繰入金 | E17: 0 | F17: =E17-G17 -> 0 | G17: 0 | H17: 0
B18: 棚卸資産売却収入 | E18: 0 | F18: =E18-G18 -> 0 | G18: 0 | H18: 0
B19: 受取利息及び配当金 | E19: 627039 | F19: =E19-G19 -> -385500 | G19: 1012539 | H19: 2690784
B20: その他経常収益 | E20: 1103168404 | F20: =E20-G20 -> 506127510 | G20: 597040894 | H20: 630487727
A21: 経常費用 | E21: 2740199770 | F21: =E21-G21 -> 329797755 | G21: 2410402015 | H21: 2040456922
B22: 給与関係費 | E22: 757289652 | F22: =E22-G22 -> 14356378 | G22: 742933274 | H22: 638864351
B23: 賞与引当金繰入額 | E23: 71545390 | F23: =E23-G23 -> 4610768 | G23: 66934622 | H23: 55349342
B24: 退職手当引当金繰入額 | E24: 65457512 | F24: =E24-G24 -> 23969042 | G24: 41488470 | H24: 14135271
B25: 物件費 | E25: 1380608527 | F25: =E25-G25 -> 188401183 | G25: 1192207344 | H25: 1103001744
B26: 維持補修費 | E26: 98847980 | F26: =E26-G26 -> 17520113 | G26: 81327867 | H26: 32041697
B27: 減価償却費 | E27: 170654598 | F27: =E27-G27 -> 786522 | G27: 169868076 | H27: 169903025
B28: 支払利息及び手数料 | E28: 192086429 | F28: =E28-G28 -> 109461730 | G28: 82624699 | H28: 26370596
B29: 貸倒損失 | E29: 0 | F29: =E29-G29 -> 0 | G29: 0 | H29: 0
B30: 貸倒引当金繰入額 | E30: 0 | F30: =E30-G30 -> 0 | G30: 0 | H30: 0
B31: 損失補償等引当金繰入額 | E31: 0 | F31: =E31-G31 -> 0 | G31: 0 | H31: 0
B32: 棚卸資産売却原価 | E32: 0 | F32: =E32-G32 -> 0 | G32: 0 | H32: 0
B33: 扶助費 | E33: 0 | F33: =E33-G33 -> 0 | G33: 0 | H33: 0
... B35: 他会計への繰出金 | E35: 1908893 | F35: =E35-G35 -> -29453676 | G35: 31362569 | H35: 364496
C36: 一般会計への繰出金 | E36: 0 | F36: =E36-G36 -> 0 | G36: 0 | H36: 0
C37: 特別会計への繰出金 | E37: 1908893 | F37: =E37-G37 -> -29453676 | G37: 31362569 | H37: 364496
C38: 公営企業への繰出金 | E38: 0 | F38: =E38-G38 -> 0 | G38: 0 | H38: 0
B39: その他経常費用 | E39: 0 | F39: =E39-G39 -> 0 | G39: 0 | H39: 0
A40: 経常収支差額 | E40: 1359190462 | F40: =E40-G40 -> -40507529 | G40: 1399697991 | H40: 2260800667
A41: 特別利益 | E41: 0 | F41: =E41-G41 -> 0 | G41: 0 | H41: 0
B42: 資産売却益 | E42: 0 | F42: =E42-G42 -> 0 | G42: 0 | H42: 0
B43: 資産受贈益 | E43: 0 | F43: =E43-G43 -> 0 | G43: 0 | H43: 0
B44: 事業再編等に伴う移転損益 | E44: 0 | F44: =E44-G44 -> 0 | G44: 0 | H44: 0
B45: その他特別利益 | E45: 0 | F45: =E45-G45 -> 0 | G45: 0 | H45: 0
A46: 特別損失 | E46: 0 | F46: =E46-G46 -> 0 | G46: 0 | H46: 0
B47: 資産除売却損 | E47: 0 | F47: =E47-G47 -> 0 | G47: 0 | H47: 0
B48: 災害による損失 | E48: 0 | F48: =E48-G48 -> 0 | G48: 0 | H48: 0
B49: 貸倒損失 | E49: 0 | F49: =E49-G49 -> 0 | G49: 0 | H49: 0
B50: 出資金評価損 | E50: 0 | F50: =E50-G50 -> 0 | G50: 0 | H50: 0
B51: 事業再編等に伴う移転損益 | E51: 0 | F51: =E51-G51 -> 0 | G51: 0 | H51: 0
B52: その他特別損失 | E52: 0 | F52: =E52-G52 -> 0 | G52: 0 | H52: 0
A53: 特別収支差額 | E53: 0 | F53: =E53-G53 -> 0 | G53: 0 | H53: 0
A54: 当年度収支差額 | E54: 1359190462 | F54: =E54-G54 -> -40507529 | G54: 1399697991 | H54: 2260800667

Sheet キャッシュ・フロー計算書（食肉市場事業会計）
A1: 比較キャッシュ・フロー計算書（食肉市場事業会計） | J1: （単位：円）
F2: ='貸借対照表（一般会計）'!F2 -> 令和７年度 | H2: ='貸借対照表（一般会計）'!H2 -> 令和６年度 | I2: ='貸借対照表（一般会計）'!I2 -> 令和５年度
F3: 金額 | G3: 対前年度 増減額 | H3: 金額 | I3: 金額
A4: 行政サービス活動
B5: 行政サービス活動収入 | F5: 4099268298 | G5: =F5-H5 -> 289168292 | H5: 3810100006 | I5: 4301257589
C6: 市税収入 | F6: 0 | G6: =F6-H6 -> 0 | H6: 0 | I6: 0
C7: 地方譲与税収入 | F7: 0 | G7: =F7-H7 -> 0 | H7: 0 | I7: 0
C8: 交付金収入 | F8: 0 | G8: =F8-H8 -> 0 | H8: 0 | I8: 0
C9: 地方特例交付金収入 | F9: 0 | G9: =F9-H9 -> 0 | H9: 0 | I9: 0
C10: 地方交付税収入 | F10: 0 | G10: =F10-H10 -> 0 | H10: 0 | I10: 0
C11: 保険料収入 | F11: 0 | G11: =F11-H11 -> 0 | H11: 0 | I11: 0
C12: 分担金及び負担金収入 | F12: 0 | G12: =F12-H12 -> 0 | H12: 0 | I12: 0
C13: 使用料及び手数料収入 | F13: 397863769 | G13: =F13-H13 -> -11958758 | H13: 409822527 | I13: 433012524
C14: 国・府支出金収入 | F14: 450262000 | G14: =F14-H14 -> -858991000 | H14: 1309253000 | I14: 2182171000
C15: 他会計からの繰入金収入 | F15: 2147469020 | G15: =F15-H15 -> 654497974 | H15: 1492971046 | I15: 1052895554
D16: 一般会計からの繰入金収入 | F16: 2147469020 | G16: =F16-H16 -> 654497974 | H16: 1492971046 | I16: 1052895554
D17: 特別会計からの繰入金収入 | F17: 0 | G17: =F17-H17 -> 0 | H17: 0 | I17: 0
D18: 公営企業会計からの繰入金収入 | F18: 0 | G18: =F18-H18 -> 0 | H18: 0 | I18: 0
C19: 棚卸資産売却収入 | F19: 0 | G19: =F19-H19 -> 0 | H19: 0 | I19: 0
C20: 受取利息及び配当金収入 | F20: 627039 | G20: =F20-H20 -> -385500 | H20: 1012539 | I20: 2690784
C21: その他行政収入 | F21: 1103046470 | G21: =F21-H21 -> 506005576 | H21: 597040894 | I21: 630487727
B22: 行政サービス活動支出 | F22: 2499476892 | G22: =F22-H22 -> 312016703 | H22: 2187460189 | I22: 1856969747
C23: 給与関係費支出 | F23: 824224274 | G23: =F23-H23 -> 25941658 | H23: 798282616 | I23: 694764814
C24: 物件費支出 | F24: 1380608527 | G24: =F24-H24 -> 188401183 | H24: 1192207344 | I24: 1103001744
C25: 維持補修費支出 | F25: 98847980 | G25: =F25-H25 -> 17520113 | H25: 81327867 | I25: 32041697
C26: 支払利息及び手数料支出 | F26: 192086429 | G26: =F26-H26 -> 109461730 | H26: 82624699 | I26: 26370596
C27: 扶助費支出 | F27: 0 | G27: =F27-H27 -> 0 | H27: 0 | I27: 0
C28: 負担金・補助金・交付金等支出 | F28: 1800789 | G28: =F28-H28 -> 145695 | H28: 1655094 | I28: 426400
C29: 他会計への繰出金支出 | F29: 1908893 | G29: =F29-H29 -> -29453676 | H29: 31362569 | I29: 364496
D30: 一般会計への繰出金支出 | F30: 0 | G30: =F30-H30 -> 0 | H30: 0 | I30: 0
D31: 特別会計への繰出金支出 | F31: 1908893 | G31: =F31-H31 -> -29453676 | H31: 31362569 | I31: 364496
D32: 公営企業会計への繰出金支出 | F32: 0 | G32: =F32-H32 -> 0 | H32: 0 | I32: 0
C33: その他行政支出 | F33: 0 | G33: =F33-H33 -> 0 | H33: 0 | I33: 0
A34: 行政サービス活動収支差額 | F34: 1599791406 | G34: =F34-H34 -> -22848411 | H34: 1622639817 | I34: 2444287842
A35: 投資活動
B36: 投資活動収入 | F36: 50000000 | G36: =F36-H36 -> 0 | H36: 50000000 | I36: 250000000
C37: 資産売却収入 | F37: 0 | G37: =F37-H37 -> 0 | H37: 0 | I37: 0
C38: 基金繰入金（取崩額） | F38: 0 | G38: =F38-H38 -> 0 | H38: 0 | I38: 0
D39: 財政調整基金（取崩額） | F39: 0 | G39: =F39-H39 -> 0 | H39: 0 | I39: 0
D40: その他の基金（取崩額） | F40: 0 | G40: =F40-H40 -> 0 | H40: 0 | I40: 0
C41: 貸付金回収元金収入 | F41: 50000000 | G41: =F41-H41 -> 0 | H41: 50000000 | I41: 250000000
C42: 他会計からの繰入金収入 | F42: 0 | G42: =F42-H42 -> 0 | H42: 0 | I42: 0
D43: 一般会計からの繰入金収入 | F43: 0 | G43: =F43-H43 -> 0 | H43: 0 | I43: 0
D44: 特別会計からの繰入金収入 | F44: 0 | G44: =F44-H44 -> 0 | H44: 0 | I44: 0
D45: 公営企業会計からの繰入金収入 | F45: 0 | G45: =F45-H45 -> 0 | H45: 0 | I45: 0
C46: 保証金等返還収入 | F46: 0 | G46: =F46-H46 -> 0 | H46: 0 | I46: 0
C47: その他投資活動収入 | F47: 0 | G47: =F47-H47 -> 0 | H47: 0 | I47: 0
B48: 投資活動支出 | F48: 3750726439 | G48: =F48-H48 -> -7956403161 | H48: 11707129600 | I48: 6426620000
C49: 固定資産取得支出 | F49: 3750726439 | G49: =F49-H49 -> -7956403161 | H49: 11707129600 | I49: 6426620000
C50: 基金積立金 | F50: 0 | G50: =F50-H50 -> 0 | H50: 0 | I50: 0
D51: 財政調整基金積立金 | F51: 0 | G51: =F51-H51 -> 0 | H51: 0 | I51: 0
D52: その他の基金積立金 | F52: 0 | G52: =F52-H52 -> 0 | H52: 0 | I52: 0
C53: 出資金支出 | F53: 0 | G53: =F53-H53 -> 0 | H53: 0 | I53: 0
C54: 貸付金支出 | F54: 0 | G54: =F54-H54 -> 0 | H54: 0 | I54: 0
C55: 他会計への繰出金支出 | F55: 0 | G55: =F55-H55 -> 0 | H55: 0 | I55: 0
D56: 一般会計への繰出金支出 | F56: 0 | G56: =F56-H56 -> 0 | H56: 0 | I56: 0
D57: 特別会計への繰出金支出 | F57: 0 | G57: =F57-H57 -> 0 | H57: 0 | I57: 0
D58: 公営企業会計への繰出金支出 | F58: 0 | G58: =F58-H58 -> 0 | H58: 0 | I58: 0
C59: 保証金等支出 | F59: 0 | G59: =F59-H59 -> 0 | H59: 0 | I59: 0
A60: 投資活動収支差額 | F60: -3700726439 | G60: =F60-H60 -> 7956403161 | H60: -11657129600 | I60: -6176620000
A61: 財務活動
B62: 財務活動収入 | F62: 2373000000 | G62: =F62-H62 -> -7743000000 | H62: 10116000000 | I62: 4019000000
C63: 地方債収入 | F63: 2373000000 | G63: =F63-H63 -> -7743000000 | H63: 10116000000 | I63: 4019000000
C64: 借入金収入 | F64: 0 | G64: =F64-H64 -> 0 | H64: 0 | I64: 0
C65: 他会計からの繰入金収入 | F65: 0 | G65: =F65-H65 -> 0 | H65: 0 | I65: 0
D66: 一般会計からの繰入金収入 | F66: 0 | G66: =F66-H66 -> 0 | H66: 0 | I66: 0
D67: 特別会計からの繰入金収入 | F67: 0 | G67: =F67-H67 -> 0 | H67: 0 | I67: 0
D68: 公営企業会計からの繰入金収入 | F68: 0 | G68: =F68-H68 -> 0 | H68: 0 | I68: 0
C69: その他財務活動収入 | F69: 0 | G69: =F69-H69 -> 0 | H69: 0 | I69: 0
B70: 財務活動支出 | F70: 272064967 | G70: =F70-H70 -> 190554750 | H70: 81510217 | I70: 286667842
C71: 地方債償還金支出 | F71: 220326167 | G71: =F71-H71 -> 190554750 | H71: 29771417 | I71: 34929042
C72: 借入金償還金支出 | F72: 51738800 | G72: =F72-H72 -> 0 | H72: 51738800 | I72: 251738800
C73: リース債務償還金支出 | F73: 0 | G73: =F73-H73 -> 0 | H73: 0 | I73: 0
C74: 他会計への繰出金支出 | F74: 0 | G74: =F74-H74 -> 0 | H74: 0 | I74: 0
D75: 一般会計への繰出金支出 | F75: 0 | G75: =F75-H75 -> 0 | H75: 0 | I75: 0
D76: 特別会計への繰出金支出 | F76: 0 | G76: =F76-H76 -> 0 | H76: 0 | I76: 0
D77: 公営企業会計への繰出金支出 | F77: 0 | G77: =F77-H77 -> 0 | H77: 0 | I77: 0
C78: その他財務活動支出 | F78: 0 | G78: =F78-H78 -> 0 | H78: 0 | I78: 0
A79: 財務活動収支差額 | F79: 2100935033 | G79: =F79-H79 -> -7933554750 | H79: 10034489783 | I79: 3732332158
A80: 当年度現金預金増減額 | F80: 0 | G80: =F80-H80 -> 0 | H80: 0 | I80: 0
A81: 前年度末現金預金残高 | F81: 0 | G81: =F81-H81 -> 0 | H81: 0 | I81: 0
A82: 当年度末現金預金残高 | F82: 0 | G82: =F82-H82 -> 0 | H82: 0 | I82: 0

Sheet 貸借対照表（駐車場事業会計）
A1: 比較貸借対照表（駐車場事業会計） | Q1: （単位：円）
F2: ='貸借対照表（一般会計）'!F2 -> 令和７年度 | H2: ='貸借対照表（一般会計）'!H2 -> 令和６年度 | I2: ='貸借対照表（一般会計）'!I2 -> 令和５年度 | N2: ='貸借対照表（一般会計）'!F2 -> 令和７年度 | P2: ='貸借対照表（一般会計）'!H2 -> 令和６年度 | Q2: ='貸借対照表（一般会計）'!I2 -> 令和５年度
F3: 金額 | G3: 対前年度 増減額 | H3: 金額 | I3: 金額 | N3: 金額 | O3: 対前年度 増減額 | P3: 金額 | Q3: 金額
A4: 資産の部 | J4: 負債の部
B5: 流動資産 | F5: 280851026 | G5: =F5-H5 -> -136981684 | H5: 417832710 | I5: 422280888 | K5: 流動負債 | N5: 2067408 | O5: =N5-P5 -> 328134 | P5: 1739274 | Q5: 1764369
C6: 現金預金 | F6: 280851026 | G6: =F6-H6 -> -136981684 | H6: 417832710 | I6: 422280888 | L6: 地方債 | N6: 0 | O6: =N6-P6 -> 0 | P6: 0 | Q6: 0
D7: 歳計現金 | F7: 280851026 | G7: =F7-H7 -> -136981684 | H7: 417832710 | I7: 422280888 | L7: 短期借入金 | N7: 0 | O7: =N7-P7 -> 0 | P7: 0 | Q7: 0
D8: 歳入歳出外現金 | F8: 0 | G8: =F8-H8 -> 0 | H8: 0 | I8: 0 | M8: 他会計借入金 | N8: 0 | O8: =N8-P8 -> 0 | P8: 0 | Q8: 0
C9: 未収金 | F9: 0 | G9: =F9-H9 -> 0 | H9: 0 | I9: 0 | M9: その他短期借入金 | N9: 0 | O9: =N9-P9 -> 0 | P9: 0 | Q9: 0
C10: 貸倒引当金 | F10: 0 | G10: =F10-H10 -> 0 | H10: 0 | I10: 0 | L10: 賞与引当金 | N10: 2067408 | O10: =N10-P10 -> 328134 | P10: 1739274 | Q10: 1764369
C11: 基金 | F11: 0 | G11: =F11-H11 -> 0 | H11: 0 | I11: 0 | L11: 未払金 | N11: 0 | O11: =N11-P11 -> 0 | P11: 0 | Q11: 0
D12: 財政調整基金 | F12: 0 | G12: =F12-H12 -> 0 | H12: 0 | I12: 0 | L12: 還付未済金 | N12: 0 | O12: =N12-P12 -> 0 | P12: 0 | Q12: 0
D13: 公債償還基金 | F13: 0 | G13: =F13-H13 -> 0 | H13: 0 | I13: 0 | L13: リース債務 | N13: 0 | O13: =N13-P13 -> 0 | P13: 0 | Q13: 0
C14: 貸倒引当金 | F14: 0 | G14: =F14-H14 -> 0 | H14: 0 | I14: 0 | L14: その他流動負債 | N14: 0 | O14: =N14-P14 -> 0 | P14: 0 | Q14: 0
C15: 短期貸付金 | F15: 0 | G15: =F15-H15 -> 0 | H15: 0 | I15: 0 | K15: 固定負債 | N15: 19634046 | O15: =N15-P15 -> 1321839 | P15: 18312207 | Q15: 15781071
C16: 貸倒引当金 | F16: 0 | G16: =F16-H16 -> 0 | H16: 0 | I16: 0 | L16: 地方債 | N16: 0 | O16: =N16-P16 -> 0 | P16: 0 | Q16: 0
C17: その他流動資産 | F17: 0 | G17: =F17-H17 -> 0 | H17: 0 | I17: 0 | L17: 長期借入金 | N17: 0 | O17: =N17-P17 -> 0 | P17: 0 | Q17: 0
B18: 固定資産 | F18: 21423596030 | G18: =F18-H18 -> -1110938751 | H18: 22534534781 | I18: 23599386431 | M18: 他会計借入金 | N18: 0 | O18: =N18-P18 -> 0 | P18: 0 | Q18: 0
C19: 事業用資産 | F19: 20878303834 | G19: =F19-H19 -> -1274378628 | H19: 22152682462 | I19: 23427061090 | M19: その他長期借入金 | N19: 0 | O19: =N19-P19 -> 0 | P19: 0 | Q19: 0
D20: 有形事業用固定資産 | F20: 20878303834 | G20: =F20-H20 -> -1274378628 | H20: 22152682462 | I20: 23427061090 | L20: 退職手当引当金 | N20: 19634046 | O20: =N20-P20 -> 1321839 | P20: 18312207 | Q20: 15781071
E21: 土地 | F21: 3691035860 | G21: =F21-H21 -> 0 | H21: 3691035860 | I21: 3691035860 | L21: 損失補償等引当金 | N21: 0 | O21: =N21-P21 -> 0 | P21: 0 | Q21: 0
E22: 建物 | F22: 17096305685 | G22: =F22-H22 -> -1252051572 | H22: 18348357257 | I22: 19600408829 | L22: 長期未払金 | N22: 0 | O22: =N22-P22 -> 0 | P22: 0 | Q22: 0
E23: 工作物 | F23: 90962289 | G23: =F23-H23 -> -22327056 | H23: 113289345 | I23: 135616401 | L23: リース債務 | N23: 0 | O23: =N23-P23 -> 0 | P23: 0 | Q23: 0
E24: 立木竹 | F24: 0 | G24: =F24-H24 -> 0 | H24: 0 | I24: 0 | L24: その他固定負債 | N24: 0 | O24: =N24-P24 -> 0 | P24: 0 | Q24: 0
E25: 船舶 | F25: 0 | G25: =F25-H25 -> 0 | H25: 0 | I25: 0 | J25: 負債の部合計 | N25: 21701454 | O25: =N25-P25 -> 1649973 | P25: 20051481 | Q25: 17545440
E26: 浮標等 | F26: 0 | G26: =F26-H26 -> 0 | H26: 0 | I26: 0 | J26: 純資産の部
E27: 航空機 | F27: 0 | G27: =F27-H27 -> 0 | H27: 0 | I27: 0 | K27: 累積余剰 | N27: 21682745602 | O27: =N27-P27 -> -1249570408 | P27: 22932316010 | Q27: 24004121879
D28: 無形事業用固定資産 | F28: 0 | G28: =F28-H28 -> 0 | H28: 0 | I28: 0 | K28: 評価・換算差額等 | N28: 0 | O28: =N28-P28 -> 0 | P28: 0 | Q28: 0
E29: 地上権等 | F29: 0 | G29: =F29-H29 -> 0 | H29: 0 | I29: 0 | L29: その他有価証券評価差額金 | N29: 0 | O29: =N29-P29 -> 0 | P29: 0 | Q29: 0
E30: 特許権等 | F30: 0 | G30: =F30-H30 -> 0 | H30: 0 | I30: 0
C31: インフラ資産 | F31: 0 | G31: =F31-H31 -> 0 | H31: 0 | I31: 0
D32: 有形インフラ固定資産 | F32: 0 | G32: =F32-H32 -> 0 | H32: 0 | I32: 0
E33: 土地 | F33: 0 | G33: =F33-H33 -> 0 | H33: 0 | I33: 0
E34: 建物 | F34: 0 | G34: =F34-H34 -> 0 | H34: 0 | I34: 0
E35: 工作物 | F35: 0 | G35: =F35-H35 -> 0 | H35: 0 | I35: 0
D36: 無形インフラ固定資産 | F36: 0 | G36: =F36-H36 -> 0 | H36: 0 | I36: 0
E37: 地上権等 | F37: 0 | G37: =F37-H37 -> 0 | H37: 0 | I37: 0
E38: 特許権等 | F38: 0 | G38: =F38-H38 -> 0 | H38: 0 | I38: 0
C39: 重要物品 | F39: 522514 | G39: =F39-H39 -> -714706 | H39: 1237220 | I39: 3122135
C40: リース資産 | F40: 0 | G40: =F40-H40 -> 0 | H40: 0 | I40: 0
C41: ソフトウェア | F41: 0 | G41: =F41-H41 -> 0 | H41: 0 | I41: 0
C42: 建設仮勘定 | F42: 0 | G42: =F42-H42 -> 0 | H42: 0 | I42: 0
C43: 出資金 | F43: 0 | G43: =F43-H43 -> 0 | H43: 0 | I43: 0
D44: 有価証券 | F44: 0 | G44: =F44-H44 -> 0 | H44: 0 | I44: 0
D45: 出資による権利 | F45: 0 | G45: =F45-H45 -> 0 | H45: 0 | I45: 0
D46: 公営企業会計出資金 | F46: 0 | G46: =F46-H46 -> 0 | H46: 0 | I46: 0
C47: 信託受益権 | F47: 0 | G47: =F47-H47 -> 0 | H47: 0 | I47: 0
C48: 基金 | F48: 544769682 | G48: =F48-H48 -> 164154583 | H48: 380615099 | I48: 169203206
D49: 公債償還基金 | F49: 0 | G49: =F49-H49 -> 0 | H49: 0 | I49: 0
D50: その他基金 | F50: 544769682 | G50: =F50-H50 -> 164154583 | H50: 380615099 | I50: 169203206
C51: 貸倒引当金 | F51: 0 | G51: =F51-H51 -> 0 | H51: 0 | I51: 0
C52: 長期貸付金 | F52: 0 | G52: =F52-H52 -> 0 | H52: 0 | I52: 0
C53: 貸倒引当金 | F53: 0 | G53: =F53-H53 -> 0 | H53: 0 | I53: 0
C54: その他債権 | F54: 0 | G54: =F54-H54 -> 0 | H54: 0 | I54: 0
C55: 貸倒引当金 | F55: 0 | G55: =F55-H55 -> 0 | H55: 0 | I55: 0 | J55: 純資産の部合計 | N55: 21682745602 | O55: =N55-P55 -> -1249570408 | P55: 22932316010 | Q55: 24004121879
A56: 資産の部合計 | F56: 21704447056 | G56: =F56-H56 -> -1247920435 | H56: 22952367491 | I56: 24021667319 | J56: 負債及び純資産の部合計 | N56: 21704447056 | O56: =N56-P56 -> -1247920435 | P56: 22952367491 | Q56: 24021667319

Sheet 行政コスト計算書（駐車場事業会計）
A1: 比較行政コスト計算書（駐車場事業会計） | I1: （単位：円）
E2: ='貸借対照表（一般会計）'!F2 -> 令和７年度 | G2: ='貸借対照表（一般会計）'!H2 -> 令和６年度 | H2: ='貸借対照表（一般会計）'!I2 -> 令和５年度
E3: 金額 | F3: 対前年度 増減額 | G3: 金額 | H3: 金額
A4: 経常収益 | E4: 2826243390 | F4: =E4-G4 -> 47980614 | G4: 2778262776 | H4: 2796557951
B5: 市税 | E5: 0 | F5: =E5-G5 -> 0 | G5: 0 | H5: 0
B6: 地方譲与税 | E6: 0 | F6: =E6-G6 -> 0 | G6: 0 | H6: 0
B7: 交付金 | E7: 0 | F7: =E7-G7 -> 0 | G7: 0 | H7: 0
B8: 地方特例交付金 | E8: 0 | F8: =E8-G8 -> 0 | G8: 0 | H8: 0
B9: 地方交付税 | E9: 0 | F9: =E9-G9 -> 0 | G9: 0 | H9: 0
B10: 保険料 | E10: 0 | F10: =E10-G10 -> 0 | G10: 0 | H10: 0
B11: 分担金及び負担金 | E11: 0 | F11: =E11-G11 -> 0 | G11: 0 | H11: 0
B12: 使用料及び手数料 | E12: 264214384 | F12: =E12-G12 -> -9778469 | G12: 273992853 | H12: 288293406
B13: 国・府支出金 | E13: 0 | F13: =E13-G13 -> 0 | G13: 0 | H13: 0
B14: 他会計からの繰入金 | E14: 0 | F14: =E14-G14 -> 0 | G14: 0 | H14: 0
C15: 一般会計からの繰入金 | E15: 0 | F15: =E15-G15 -> 0 | G15: 0 | H15: 0
C16: 特別会計からの繰入金 | E16: 0 | F16: =E16-G16 -> 0 | G16: 0 | H16: 0
C17: 公営企業からの繰入金 | E17: 0 | F17: =E17-G17 -> 0 | G17: 0 | H17: 0
B18: 棚卸資産売却収入 | E18: 0 | F18: =E18-G18 -> 0 | G18: 0 | H18: 0
B19: 受取利息及び配当金 | E19: 2144778 | F19: =E19-G19 -> 1873329 | G19: 271449 | H19: 7120
B20: その他経常収益 | E20: 2559884228 | F20: =E20-G20 -> 55885754 | G20: 2503998474 | H20: 2508257425
A21: 経常費用 | E21: 4075813798 | F21: =E21-G21 -> 225745153 | G21: 3850068645 | H21: 3866058849
B22: 給与関係費 | E22: 24882739 | F22: =E22-G22 -> 552476 | G22: 24330263 | H22: 24777066
B23: 賞与引当金繰入額 | E23: 2067408 | F23: =E23-G23 -> 328134 | G23: 1739274 | H23: 1764369
B24: 退職手当引当金繰入額 | E24: 1321839 | F24: =E24-G24 -> -1209297 | G24: 2531136 | H24: -477807
B25: 物件費 | E25: 66983672 | F25: =E25-G25 -> -191393221 | G25: 258376893 | H25: 156104041
B26: 維持補修費 | E26: 366812310 | F26: =E26-G26 -> -153068000 | G26: 519880310 | H26: 348179300
B27: 減価償却費 | E27: 1275093334 | F27: =E27-G27 -> -1170209 | G27: 1276263543 | H27: 1276709214
B28: 支払利息及び手数料 | E28: 0 | F28: =E28-G28 -> 0 | G28: 0 | H28: 0
B29: 貸倒損失 | E29: 0 | F29: =E29-G29 -> 0 | G29: 0 | H29: 0
B30: 貸倒引当金繰入額 | E30: 0 | F30: =E30-G30 -> 0 | G30: 0 | H30: 0
B31: 損失補償等引当金繰入額 | E31: 0 | F31: =E31-G31 -> 0 | G31: 0 | H31: 0
B32: 棚卸資産売却原価 | E32: 0 | F32: =E32-G32 -> 0 | G32: 0 | H32: 0
B33: 扶助費 | E33: 0 | F33: =E33-G33 -> 0 | G33: 0 | H33: 0
... B35: 他会計への繰出金 | E35: 1832026015 | F35: =E35-G35 -> 670967055 | G35: 1161058960 | H35: 1541041055
C36: 一般会計への繰出金 | E36: 1831973805 | F36: =E36-G36 -> 670966361 | G36: 1161007444 | H36: 1540989546
C37: 特別会計への繰出金 | E37: 52210 | F37: =E37-G37 -> 694 | G37: 51516 | H37: 51509
C38: 公営企業への繰出金 | E38: 0 | F38: =E38-G38 -> 0 | G38: 0 | H38: 0
B39: その他経常費用 | E39: 0 | F39: =E39-G39 -> 0 | G39: 0 | H39: 0
A40: 経常収支差額 | E40: -1249570408 | F40: =E40-G40 -> -177764539 | G40: -1071805869 | H40: -1069500898
A41: 特別利益 | E41: 0 | F41: =E41-G41 -> 0 | G41: 0 | H41: 0
B42: 資産売却益 | E42: 0 | F42: =E42-G42 -> 0 | G42: 0 | H42: 0
B43: 資産受贈益 | E43: 0 | F43: =E43-G43 -> 0 | G43: 0 | H43: 0
B44: 事業再編等に伴う移転損益 | E44: 0 | F44: =E44-G44 -> 0 | G44: 0 | H44: 0
B45: その他特別利益 | E45: 0 | F45: =E45-G45 -> 0 | G45: 0 | H45: 0
A46: 特別損失 | E46: 0 | F46: =E46-G46 -> 0 | G46: 0 | H46: 0
B47: 資産除売却損 | E47: 0 | F47: =E47-G47 -> 0 | G47: 0 | H47: 0
B48: 災害による損失 | E48: 0 | F48: =E48-G48 -> 0 | G48: 0 | H48: 0
B49: 貸倒損失 | E49: 0 | F49: =E49-G49 -> 0 | G49: 0 | H49: 0
B50: 出資金評価損 | E50: 0 | F50: =E50-G50 -> 0 | G50: 0 | H50: 0
B51: 事業再編等に伴う移転損益 | E51: 0 | F51: =E51-G51 -> 0 | G51: 0 | H51: 0
B52: その他特別損失 | E52: 0 | F52: =E52-G52 -> 0 | G52: 0 | H52: 0
A53: 特別収支差額 | E53: 0 | F53: =E53-G53 -> 0 | G53: 0 | H53: 0
A54: 当年度収支差額 | E54: -1249570408 | F54: =E54-G54 -> -177764539 | G54: -1071805869 | H54: -1069500898

Sheet キャッシュ・フロー計算書（駐車場事業会計）
A1: 比較キャッシュ・フロー計算書（駐車場事業会計） | J1: （単位：円）
F2: ='貸借対照表（一般会計）'!F2 -> 令和７年度 | H2: ='貸借対照表（一般会計）'!H2 -> 令和６年度 | I2: ='貸借対照表（一般会計）'!I2 -> 令和５年度
F3: 金額 | G3: 対前年度 増減額 | H3: 金額 | I3: 金額
A4: 行政サービス活動
B5: 行政サービス活動収入 | F5: 2826243390 | G5: =F5-H5 -> 47980614 | H5: 2778262776 | I5: 2796557951
C6: 市税収入 | F6: 0 | G6: =F6-H6 -> 0 | H6: 0 | I6: 0
C7: 地方譲与税収入 | F7: 0 | G7: =F7-H7 -> 0 | H7: 0 | I7: 0
C8: 交付金収入 | F8: 0 | G8: =F8-H8 -> 0 | H8: 0 | I8: 0
C9: 地方特例交付金収入 | F9: 0 | G9: =F9-H9 -> 0 | H9: 0 | I9: 0
C10: 地方交付税収入 | F10: 0 | G10: =F10-H10 -> 0 | H10: 0 | I10: 0
C11: 保険料収入 | F11: 0 | G11: =F11-H11 -> 0 | H11: 0 | I11: 0
C12: 分担金及び負担金収入 | F12: 0 | G12: =F12-H12 -> 0 | H12: 0 | I12: 0
C13: 使用料及び手数料収入 | F13: 264214384 | G13: =F13-H13 -> -9778469 | H13: 273992853 | I13: 288293406
C14: 国・府支出金収入 | F14: 0 | G14: =F14-H14 -> 0 | H14: 0 | I14: 0
C15: 他会計からの繰入金収入 | F15: 0 | G15: =F15-H15 -> 0 | H15: 0 | I15: 0
D16: 一般会計からの繰入金収入 | F16: 0 | G16: =F16-H16 -> 0 | H16: 0 | I16: 0
D17: 特別会計からの繰入金収入 | F17: 0 | G17: =F17-H17 -> 0 | H17: 0 | I17: 0
D18: 公営企業会計からの繰入金収入 | F18: 0 | G18: =F18-H18 -> 0 | H18: 0 | I18: 0
C19: 棚卸資産売却収入 | F19: 0 | G19: =F19-H19 -> 0 | H19: 0 | I19: 0
C20: 受取利息及び配当金収入 | F20: 2144778 | G20: =F20-H20 -> 1873329 | H20: 271449 | I20: 7120
C21: その他行政収入 | F21: 2559884228 | G21: =F21-H21 -> 55885754 | H21: 2503998474 | I21: 2508257425
B22: 行政サービス活動支出 | F22: 967096686 | G22: =F22-H22 -> -443194931 | H22: 1410291617 | I22: 1048679943
C23: 給与関係費支出 | F23: 26622013 | G23: =F23-H23 -> 527381 | H23: 26094632 | I23: 26383482
C24: 物件費支出 | F24: 66983672 | G24: =F24-H24 -> -191393221 | H24: 258376893 | I24: 156104041
C25: 維持補修費支出 | F25: 366812310 | G25: =F25-H25 -> -153068000 | H25: 519880310 | I25: 348179300
C26: 支払利息及び手数料支出 | F26: 0 | G26: =F26-H26 -> 0 | H26: 0 | I26: 0
C27: 扶助費支出 | F27: 0 | G27: =F27-H27 -> 0 | H27: 0 | I27: 0
C28: 負担金・補助金・交付金等支出 | F28: 506626481 | G28: =F28-H28 -> -99261785 | H28: 605888266 | I28: 517961611
C29: 他会計への繰出金支出 | F29: 52210 | G29: =F29-H29 -> 694 | H29: 51516 | I29: 51509
D30: 一般会計への繰出金支出 | F30: 0 | G30: =F30-H30 -> 0 | H30: 0 | I30: 0
D31: 特別会計への繰出金支出 | F31: 52210 | G31: =F31-H31 -> 694 | H31: 51516 | I31: 51509
D32: 公営企業会計への繰出金支出 | F32: 0 | G32: =F32-H32 -> 0 | H32: 0 | I32: 0
C33: その他行政支出 | F33: 0 | G33: =F33-H33 -> 0 | H33: 0 | I33: 0
A34: 行政サービス活動収支差額 | F34: 1859146704 | G34: =F34-H34 -> 491175545 | H34: 1367971159 | I34: 1747878008
A35: 投資活動
B36: 投資活動収入 | F36: 0 | G36: =F36-H36 -> 0 | H36: 0 | I36: 0
C37: 資産売却収入 | F37: 0 | G37: =F37-H37 -> 0 | H37: 0 | I37: 0
C38: 基金繰入金（取崩額） | F38: 0 | G38: =F38-H38 -> 0 | H38: 0 | I38: 0
D39: 財政調整基金（取崩額） | F39: 0 | G39: =F39-H39 -> 0 | H39: 0 | I39: 0
D40: その他の基金（取崩額） | F40: 0 | G40: =F40-H40 -> 0 | H40: 0 | I40: 0
C41: 貸付金回収元金収入 | F41: 0 | G41: =F41-H41 -> 0 | H41: 0 | I41: 0
C42: 他会計からの繰入金収入 | F42: 0 | G42: =F42-H42 -> 0 | H42: 0 | I42: 0
D43: 一般会計からの繰入金収入 | F43: 0 | G43: =F43-H43 -> 0 | H43: 0 | I43: 0
D44: 特別会計からの繰入金収入 | F44: 0 | G44: =F44-H44 -> 0 | H44: 0 | I44: 0
D45: 公営企業会計からの繰入金収入 | F45: 0 | G45: =F45-H45 -> 0 | H45: 0 | I45: 0
C46: 保証金等返還収入 | F46: 0 | G46: =F46-H46 -> 0 | H46: 0 | I46: 0
C47: その他投資活動収入 | F47: 0 | G47: =F47-H47 -> 0 | H47: 0 | I47: 0
B48: 投資活動支出 | F48: 164154583 | G48: =F48-H48 -> -47257310 | H48: 211411893 | I48: 26803667
C49: 固定資産取得支出 | F49: 0 | G49: =F49-H49 -> 0 | H49: 0 | I49: 0
C50: 基金積立金 | F50: 164154583 | G50: =F50-H50 -> -47257310 | H50: 211411893 | I50: 26803667
D51: 財政調整基金積立金 | F51: 0 | G51: =F51-H51 -> 0 | H51: 0 | I51: 0
D52: その他の基金積立金 | F52: 164154583 | G52: =F52-H52 -> -47257310 | H52: 211411893 | I52: 26803667
C53: 出資金支出 | F53: 0 | G53: =F53-H53 -> 0 | H53: 0 | I53: 0
C54: 貸付金支出 | F54: 0 | G54: =F54-H54 -> 0 | H54: 0 | I54: 0
C55: 他会計への繰出金支出 | F55: 0 | G55: =F55-H55 -> 0 | H55: 0 | I55: 0
D56: 一般会計への繰出金支出 | F56: 0 | G56: =F56-H56 -> 0 | H56: 0 | I56: 0
D57: 特別会計への繰出金支出 | F57: 0 | G57: =F57-H57 -> 0 | H57: 0 | I57: 0
D58: 公営企業会計への繰出金支出 | F58: 0 | G58: =F58-H58 -> 0 | H58: 0 | I58: 0
C59: 保証金等支出 | F59: 0 | G59: =F59-H59 -> 0 | H59: 0 | I59: 0
A60: 投資活動収支差額 | F60: -164154583 | G60: =F60-H60 -> 47257310 | H60: -211411893 | I60: -26803667
A61: 財務活動
B62: 財務活動収入 | F62: 0 | G62: =F62-H62 -> 0 | H62: 0 | I62: 0
C63: 地方債収入 | F63: 0 | G63: =F63-H63 -> 0 | H63: 0 | I63: 0
C64: 借入金収入 | F64: 0 | G64: =F64-H64 -> 0 | H64: 0 | I64: 0
C65: 他会計からの繰入金収入 | F65: 0 | G65: =F65-H65 -> 0 | H65: 0 | I65: 0
D66: 一般会計からの繰入金収入 | F66: 0 | G66: =F66-H66 -> 0 | H66: 0 | I66: 0
D67: 特別会計からの繰入金収入 | F67: 0 | G67: =F67-H67 -> 0 | H67: 0 | I67: 0
D68: 公営企業会計からの繰入金収入 | F68: 0 | G68: =F68-H68 -> 0 | H68: 0 | I68: 0
C69: その他財務活動収入 | F69: 0 | G69: =F69-H69 -> 0 | H69: 0 | I69: 0
B70: 財務活動支出 | F70: 1831973805 | G70: =F70-H70 -> 670966361 | H70: 1161007444 | I70: 1540989546
C71: 地方債償還金支出 | F71: 0 | G71: =F71-H71 -> 0 | H71: 0 | I71: 0
C72: 借入金償還金支出 | F72: 0 | G72: =F72-H72 -> 0 | H72: 0 | I72: 0
C73: リース債務償還金支出 | F73: 0 | G73: =F73-H73 -> 0 | H73: 0 | I73: 0
C74: 他会計への繰出金支出 | F74: 1831973805 | G74: =F74-H74 -> 670966361 | H74: 1161007444 | I74: 1540989546
D75: 一般会計への繰出金支出 | F75: 1831973805 | G75: =F75-H75 -> 670966361 | H75: 1161007444 | I75: 1540989546
D76: 特別会計への繰出金支出 | F76: 0 | G76: =F76-H76 -> 0 | H76: 0 | I76: 0
D77: 公営企業会計への繰出金支出 | F77: 0 | G77: =F77-H77 -> 0 | H77: 0 | I77: 0
C78: その他財務活動支出 | F78: 0 | G78: =F78-H78 -> 0 | H78: 0 | I78: 0
A79: 財務活動収支差額 | F79: -1831973805 | G79: =F79-H79 -> -670966361 | H79: -1161007444 | I79: -1540989546
A80: 当年度現金預金増減額 | F80: -136981684 | G80: =F80-H80 -> -132533506 | H80: -4448178 | I80: 180084795
A81: 前年度末現金預金残高 | F81: 417832710 | G81: =F81-H81 -> -4448178 | H81: 422280888 | I81: 242196093
A82: 当年度末現金預金残高 | F82: 280851026 | G82: =F82-H82 -> -136981684 | H82: 417832710 | I82: 422280888

Sheet 貸借対照表（母子父子寡婦福祉貸付資金会計）
A1: 比較貸借対照表（母子父子寡婦福祉貸付資金会計） | Q1: （単位：円）
F2: ='貸借対照表（一般会計）'!F2 -> 令和７年度 | H2: ='貸借対照表（一般会計）'!H2 -> 令和６年度 | I2: ='貸借対照表（一般会計）'!I2 -> 令和５年度 | N2: ='貸借対照表（一般会計）'!F2 -> 令和７年度 | P2: ='貸借対照表（一般会計）'!H2 -> 令和６年度 | Q2: ='貸借対照表（一般会計）'!I2 -> 令和５年度
F3: 金額 | G3: 対前年度 増減額 | H3: 金額 | I3: 金額 | N3: 金額 | O3: 対前年度 増減額 | P3: 金額 | Q3: 金額
A4: 資産の部 | J4: 負債の部
B5: 流動資産 | F5: 678576590 | G5: =F5-H5 -> 64062612 | H5: 614513978 | I5: 639216363 | K5: 流動負債 | N5: 177548691 | O5: =N5-P5 -> -25242184 | P5: 202790875 | Q5: 109376515
C6: 現金預金 | F6: 259390362 | G6: =F6-H6 -> -201845864 | H6: 461236226 | I6: 513594688 | L6: 地方債 | N6: 177548691 | O6: =N6-P6 -> -25242184 | P6: 202790875 | Q6: 109376515
D7: 歳計現金 | F7: 259390362 | G7: =F7-H7 -> -201845864 | H7: 461236226 | I7: 513594688 | L7: 短期借入金 | N7: 0 | O7: =N7-P7 -> 0 | P7: 0 | Q7: 0
D8: 歳入歳出外現金 | F8: 0 | G8: =F8-H8 -> 0 | H8: 0 | I8: 0 | M8: 他会計借入金 | N8: 0 | O8: =N8-P8 -> 0 | P8: 0 | Q8: 0
C9: 未収金 | F9: 556195193 | G9: =F9-H9 -> -17195361 | H9: 573390554 | I9: 595645582 | M9: その他短期借入金 | N9: 0 | O9: =N9-P9 -> 0 | P9: 0 | Q9: 0
C10: 貸倒引当金 | F10: -298783897 | G10: =F10-H10 -> 262259161 | H10: -561043058 | I10: -584255389 | L10: 賞与引当金 | N10: 0 | O10: =N10-P10 -> 0 | P10: 0 | Q10: 0
C11: 基金 | F11: 0 | G11: =F11-H11 -> 0 | H11: 0 | I11: 0 | L11: 未払金 | N11: 0 | O11: =N11-P11 -> 0 | P11: 0 | Q11: 0
D12: 財政調整基金 | F12: 0 | G12: =F12-H12 -> 0 | H12: 0 | I12: 0 | L12: 還付未済金 | N12: 0 | O12: =N12-P12 -> 0 | P12: 0 | Q12: 0
D13: 公債償還基金 | F13: 0 | G13: =F13-H13 -> 0 | H13: 0 | I13: 0 | L13: リース債務 | N13: 0 | O13: =N13-P13 -> 0 | P13: 0 | Q13: 0
C14: 貸倒引当金 | F14: 0 | G14: =F14-H14 -> 0 | H14: 0 | I14: 0 | L14: その他流動負債 | N14: 0 | O14: =N14-P14 -> 0 | P14: 0 | Q14: 0
C15: 短期貸付金 | F15: 177748164 | G15: =F15-H15 -> -33192429 | H15: 210940593 | I15: 184272064 | K15: 固定負債 | N15: 1498758656 | O15: =N15-P15 -> -177548691 | P15: 1676307347 | Q15: 1879098222
C16: 貸倒引当金 | F16: -15973232 | G16: =F16-H16 -> 54037105 | H16: -70010337 | I16: -70040582 | L16: 地方債 | N16: 1498758656 | O16: =N16-P16 -> -177548691 | P16: 1676307347 | Q16: 1879098222
C17: その他流動資産 | F17: 0 | G17: =F17-H17 -> 0 | H17: 0 | I17: 0 | L17: 長期借入金 | N17: 0 | O17: =N17-P17 -> 0 | P17: 0 | Q17: 0
B18: 固定資産 | F18: 1555495741 | G18: =F18-H18 -> -39181613 | H18: 1594677354 | I18: 1653699870 | M18: 他会計借入金 | N18: 0 | O18: =N18-P18 -> 0 | P18: 0 | Q18: 0
C19: 事業用資産 | F19: 0 | G19: =F19-H19 -> 0 | H19: 0 | I19: 0 | M19: その他長期借入金 | N19: 0 | O19: =N19-P19 -> 0 | P19: 0 | Q19: 0
D20: 有形事業用固定資産 | F20: 0 | G20: =F20-H20 -> 0 | H20: 0 | I20: 0 | L20: 退職手当引当金 | N20: 0 | O20: =N20-P20 -> 0 | P20: 0 | Q20: 0
E21: 土地 | F21: 0 | G21: =F21-H21 -> 0 | H21: 0 | I21: 0 | L21: 損失補償等引当金 | N21: 0 | O21: =N21-P21 -> 0 | P21: 0 | Q21: 0
E22: 建物 | F22: 0 | G22: =F22-H22 -> 0 | H22: 0 | I22: 0 | L22: 長期未払金 | N22: 0 | O22: =N22-P22 -> 0 | P22: 0 | Q22: 0
E23: 工作物 | F23: 0 | G23: =F23-H23 -> 0 | H23: 0 | I23: 0 | L23: リース債務 | N23: 0 | O23: =N23-P23 -> 0 | P23: 0 | Q23: 0
E24: 立木竹 | F24: 0 | G24: =F24-H24 -> 0 | H24: 0 | I24: 0 | L24: その他固定負債 | N24: 0 | O24: =N24-P24 -> 0 | P24: 0 | Q24: 0
E25: 船舶 | F25: 0 | G25: =F25-H25 -> 0 | H25: 0 | I25: 0 | J25: 負債の部合計 | N25: 1676307347 | O25: =N25-P25 -> -202790875 | P25: 1879098222 | Q25: 1988474737
E26: 浮標等 | F26: 0 | G26: =F26-H26 -> 0 | H26: 0 | I26: 0 | J26: 純資産の部
E27: 航空機 | F27: 0 | G27: =F27-H27 -> 0 | H27: 0 | I27: 0 | K27: 累積余剰 | N27: 557764984 | O27: =N27-P27 -> 227671874 | P27: 330093110 | Q27: 304441496
D28: 無形事業用固定資産 | F28: 0 | G28: =F28-H28 -> 0 | H28: 0 | I28: 0 | K28: 評価・換算差額等 | N28: 0 | O28: =N28-P28 -> 0 | P28: 0 | Q28: 0
E29: 地上権等 | F29: 0 | G29: =F29-H29 -> 0 | H29: 0 | I29: 0 | L29: その他有価証券評価差額金 | N29: 0 | O29: =N29-P29 -> 0 | P29: 0 | Q29: 0
E30: 特許権等 | F30: 0 | G30: =F30-H30 -> 0 | H30: 0 | I30: 0
C31: インフラ資産 | F31: 0 | G31: =F31-H31 -> 0 | H31: 0 | I31: 0
D32: 有形インフラ固定資産 | F32: 0 | G32: =F32-H32 -> 0 | H32: 0 | I32: 0
E33: 土地 | F33: 0 | G33: =F33-H33 -> 0 | H33: 0 | I33: 0
E34: 建物 | F34: 0 | G34: =F34-H34 -> 0 | H34: 0 | I34: 0
E35: 工作物 | F35: 0 | G35: =F35-H35 -> 0 | H35: 0 | I35: 0
D36: 無形インフラ固定資産 | F36: 0 | G36: =F36-H36 -> 0 | H36: 0 | I36: 0
E37: 地上権等 | F37: 0 | G37: =F37-H37 -> 0 | H37: 0 | I37: 0
E38: 特許権等 | F38: 0 | G38: =F38-H38 -> 0 | H38: 0 | I38: 0
C39: 重要物品 | F39: 0 | G39: =F39-H39 -> 0 | H39: 0 | I39: 0
C40: リース資産 | F40: 0 | G40: =F40-H40 -> 0 | H40: 0 | I40: 0
C41: ソフトウェア | F41: 0 | G41: =F41-H41 -> 0 | H41: 0 | I41: 0
C42: 建設仮勘定 | F42: 0 | G42: =F42-H42 -> 0 | H42: 0 | I42: 0
C43: 出資金 | F43: 0 | G43: =F43-H43 -> 0 | H43: 0 | I43: 0
D44: 有価証券 | F44: 0 | G44: =F44-H44 -> 0 | H44: 0 | I44: 0
D45: 出資による権利 | F45: 0 | G45: =F45-H45 -> 0 | H45: 0 | I45: 0
D46: 公営企業会計出資金 | F46: 0 | G46: =F46-H46 -> 0 | H46: 0 | I46: 0
C47: 信託受益権 | F47: 0 | G47: =F47-H47 -> 0 | H47: 0 | I47: 0
C48: 基金 | F48: 0 | G48: =F48-H48 -> 0 | H48: 0 | I48: 0
D49: 公債償還基金 | F49: 0 | G49: =F49-H49 -> 0 | H49: 0 | I49: 0
D50: その他基金 | F50: 0 | G50: =F50-H50 -> 0 | H50: 0 | I50: 0
C51: 貸倒引当金 | F51: 0 | G51: =F51-H51 -> 0 | H51: 0 | I51: 0
C52: 長期貸付金 | F52: 1573066296 | G52: =F52-H52 -> -53557522 | H52: 1626623818 | I52: 1750801585
C53: 貸倒引当金 | F53: -17570555 | G53: =F53-H53 -> 14375909 | H53: -31946464 | I53: -97101715
C54: その他債権 | F54: 0 | G54: =F54-H54 -> 0 | H54: 0 | I54: 0
C55: 貸倒引当金 | F55: 0 | G55: =F55-H55 -> 0 | H55: 0 | I55: 0 | J55: 純資産の部合計 | N55: 557764984 | O55: =N55-P55 -> 227671874 | P55: 330093110 | Q55: 304441496
A56: 資産の部合計 | F56: 2234072331 | G56: =F56-H56 -> 24880999 | H56: 2209191332 | I56: 2292916233 | J56: 負債及び純資産の部合計 | N56: 2234072331 | O56: =N56-P56 -> 24880999 | P56: 2209191332 | Q56: 2292916233

Sheet 行政コスト計算書（母子父子寡婦福祉貸付資金会計）
A1: 比較行政コスト計算書（母子父子寡婦福祉貸付資金会計） | I1: （単位：円）
E2: ='貸借対照表（一般会計）'!F2 -> 令和７年度 | G2: ='貸借対照表（一般会計）'!H2 -> 令和６年度 | H2: ='貸借対照表（一般会計）'!I2 -> 令和５年度
E3: 金額 | F3: 対前年度 増減額 | G3: 金額 | H3: 金額
A4: 経常収益 | E4: 15768131 | F4: =E4-G4 -> 2619432 | G4: 13148699 | H4: 10615717
B5: 市税 | E5: 0 | F5: =E5-G5 -> 0 | G5: 0 | H5: 0
B6: 地方譲与税 | E6: 0 | F6: =E6-G6 -> 0 | G6: 0 | H6: 0
B7: 交付金 | E7: 0 | F7: =E7-G7 -> 0 | G7: 0 | H7: 0
B8: 地方特例交付金 | E8: 0 | F8: =E8-G8 -> 0 | G8: 0 | H8: 0
B9: 地方交付税 | E9: 0 | F9: =E9-G9 -> 0 | G9: 0 | H9: 0
B10: 保険料 | E10: 0 | F10: =E10-G10 -> 0 | G10: 0 | H10: 0
B11: 分担金及び負担金 | E11: 0 | F11: =E11-G11 -> 0 | G11: 0 | H11: 0
B12: 使用料及び手数料 | E12: 0 | F12: =E12-G12 -> 0 | G12: 0 | H12: 0
B13: 国・府支出金 | E13: 0 | F13: =E13-G13 -> 0 | G13: 0 | H13: 0
B14: 他会計からの繰入金 | E14: 9088957 | F14: =E14-G14 -> 965067 | G14: 8123890 | H14: 6542769
C15: 一般会計からの繰入金 | E15: 9088957 | F15: =E15-G15 -> 965067 | G15: 8123890 | H15: 6542769
C16: 特別会計からの繰入金 | E16: 0 | F16: =E16-G16 -> 0 | G16: 0 | H16: 0
C17: 公営企業からの繰入金 | E17: 0 | F17: =E17-G17 -> 0 | G17: 0 | H17: 0
B18: 棚卸資産売却収入 | E18: 0 | F18: =E18-G18 -> 0 | G18: 0 | H18: 0
B19: 受取利息及び配当金 | E19: 61619 | F19: =E19-G19 -> 6510 | G19: 55109 | H19: 61846
B20: その他経常収益 | E20: 6617555 | F20: =E20-G20 -> 1647855 | G20: 4969700 | H20: 4011102
A21: 経常費用 | E21: -211903743 | F21: =E21-G21 -> -199400828 | G21: -12502915 | H21: -30623756
B22: 給与関係費 | E22: 6204572 | F22: =E22-G22 -> 1317854 | G22: 4886718 | H22: 4271607
B23: 賞与引当金繰入額 | E23: 0 | F23: =E23-G23 -> 0 | G23: 0 | H23: 0
B24: 退職手当引当金繰入額 | E24: 0 | F24: =E24-G24 -> 0 | G24: 0 | H24: 0
B25: 物件費 | E25: 9497064 | F25: =E25-G25 -> 1325693 | G25: 8171371 | H25: 6266527
B26: 維持補修費 | E26: 0 | F26: =E26-G26 -> 0 | G26: 0 | H26: 0
B27: 減価償却費 | E27: 0 | F27: =E27-G27 -> 0 | G27: 0 | H27: 0
B28: 支払利息及び手数料 | E28: 0 | F28: =E28-G28 -> 0 | G28: 0 | H28: 0
B29: 貸倒損失 | E29: 0 | F29: =E29-G29 -> 0 | G29: 0 | H29: 0
B30: 貸倒引当金繰入額 | E30: -329158400 | F30: =E30-G30 -> -248768251 | G30: -80390149 | H30: -41304169
B31: 損失補償等引当金繰入額 | E31: 0 | F31: =E31-G31 -> 0 | G31: 0 | H31: 0
B32: 棚卸資産売却原価 | E32: 0 | F32: =E32-G32 -> 0 | G32: 0 | H32: 0
B33: 扶助費 | E33: 0 | F33: =E33-G33 -> 0 | G33: 0 | H33: 0
... B35: 他会計への繰出金 | E35: 101553021 | F35: =E35-G35 -> 46723876 | G35: 54829145 | H35: 142279
C36: 一般会計への繰出金 | E36: 101395437 | F36: =E36-G36 -> 46707179 | G36: 54688258 | H36: 0
C37: 特別会計への繰出金 | E37: 157584 | F37: =E37-G37 -> 16697 | G37: 140887 | H37: 142279
C38: 公営企業への繰出金 | E38: 0 | F38: =E38-G38 -> 0 | G38: 0 | H38: 0
B39: その他経常費用 | E39: 0 | F39: =E39-G39 -> 0 | G39: 0 | H39: 0
A40: 経常収支差額 | E40: 227671874 | F40: =E40-G40 -> 202020260 | G40: 25651614 | H40: 41239473
A41: 特別利益 | E41: 0 | F41: =E41-G41 -> 0 | G41: 0 | H41: 0
B42: 資産売却益 | E42: 0 | F42: =E42-G42 -> 0 | G42: 0 | H42: 0
B43: 資産受贈益 | E43: 0 | F43: =E43-G43 -> 0 | G43: 0 | H43: 0
B44: 事業再編等に伴う移転損益 | E44: 0 | F44: =E44-G44 -> 0 | G44: 0 | H44: 0
B45: その他特別利益 | E45: 0 | F45: =E45-G45 -> 0 | G45: 0 | H45: 0
A46: 特別損失 | E46: 0 | F46: =E46-G46 -> 0 | G46: 0 | H46: 0
B47: 資産除売却損 | E47: 0 | F47: =E47-G47 -> 0 | G47: 0 | H47: 0
B48: 災害による損失 | E48: 0 | F48: =E48-G48 -> 0 | G48: 0 | H48: 0
B49: 貸倒損失 | E49: 0 | F49: =E49-G49 -> 0 | G49: 0 | H49: 0
B50: 出資金評価損 | E50: 0 | F50: =E50-G50 -> 0 | G50: 0 | H50: 0
B51: 事業再編等に伴う移転損益 | E51: 0 | F51: =E51-G51 -> 0 | G51: 0 | H51: 0
B52: その他特別損失 | E52: 0 | F52: =E52-G52 -> 0 | G52: 0 | H52: 0
A53: 特別収支差額 | E53: 0 | F53: =E53-G53 -> 0 | G53: 0 | H53: 0
A54: 当年度収支差額 | E54: 227671874 | F54: =E54-G54 -> 202020260 | G54: 25651614 | H54: 41239473

Sheet キャッシュ・フロー計算書（母子父子寡婦福祉貸付資金会計)
A1: 比較キャッシュ・フロー計算書（母子父子寡婦福祉貸付資金会計） | J1: （単位：円）
F2: ='貸借対照表（一般会計）'!F2 -> 令和７年度 | H2: ='貸借対照表（一般会計）'!H2 -> 令和６年度 | I2: ='貸借対照表（一般会計）'!I2 -> 令和５年度
F3: 金額 | G3: 対前年度 増減額 | H3: 金額 | I3: 金額
A4: 行政サービス活動
B5: 行政サービス活動収入 | F5: 15859220 | G5: =F5-H5 -> 2660244 | H5: 13198976 | I5: 10680413
C6: 市税収入 | F6: 0 | G6: =F6-H6 -> 0 | H6: 0 | I6: 0
C7: 地方譲与税収入 | F7: 0 | G7: =F7-H7 -> 0 | H7: 0 | I7: 0
C8: 交付金収入 | F8: 0 | G8: =F8-H8 -> 0 | H8: 0 | I8: 0
C9: 地方特例交付金収入 | F9: 0 | G9: =F9-H9 -> 0 | H9: 0 | I9: 0
C10: 地方交付税収入 | F10: 0 | G10: =F10-H10 -> 0 | H10: 0 | I10: 0
C11: 保険料収入 | F11: 0 | G11: =F11-H11 -> 0 | H11: 0 | I11: 0
C12: 分担金及び負担金収入 | F12: 0 | G12: =F12-H12 -> 0 | H12: 0 | I12: 0
C13: 使用料及び手数料収入 | F13: 0 | G13: =F13-H13 -> 0 | H13: 0 | I13: 0
C14: 国・府支出金収入 | F14: 0 | G14: =F14-H14 -> 0 | H14: 0 | I14: 0
C15: 他会計からの繰入金収入 | F15: 9088957 | G15: =F15-H15 -> 965067 | H15: 8123890 | I15: 6542769
D16: 一般会計からの繰入金収入 | F16: 9088957 | G16: =F16-H16 -> 965067 | H16: 8123890 | I16: 6542769
D17: 特別会計からの繰入金収入 | F17: 0 | G17: =F17-H17 -> 0 | H17: 0 | I17: 0
D18: 公営企業会計からの繰入金収入 | F18: 0 | G18: =F18-H18 -> 0 | H18: 0 | I18: 0
C19: 棚卸資産売却収入 | F19: 0 | G19: =F19-H19 -> 0 | H19: 0 | I19: 0
C20: 受取利息及び配当金収入 | F20: 152708 | G20: =F20-H20 -> 47322 | H20: 105386 | I20: 126542
C21: その他行政収入 | F21: 6617555 | G21: =F21-H21 -> 1647855 | H21: 4969700 | I21: 4011102
B22: 行政サービス活動支出 | F22: 15859220 | G22: =F22-H22 -> 2660244 | H22: 13198976 | I22: 10680413
C23: 給与関係費支出 | F23: 6204572 | G23: =F23-H23 -> 1317854 | H23: 4886718 | I23: 4271607
C24: 物件費支出 | F24: 9497064 | G24: =F24-H24 -> 1325693 | H24: 8171371 | I24: 6266527
C25: 維持補修費支出 | F25: 0 | G25: =F25-H25 -> 0 | H25: 0 | I25: 0
C26: 支払利息及び手数料支出 | F26: 0 | G26: =F26-H26 -> 0 | H26: 0 | I26: 0
C27: 扶助費支出 | F27: 0 | G27: =F27-H27 -> 0 | H27: 0 | I27: 0
C28: 負担金・補助金・交付金等支出 | F28: 0 | G28: =F28-H28 -> 0 | H28: 0 | I28: 0
C29: 他会計への繰出金支出 | F29: 157584 | G29: =F29-H29 -> 16697 | H29: 140887 | I29: 142279
D30: 一般会計への繰出金支出 | F30: 0 | G30: =F30-H30 -> 0 | H30: 0 | I30: 0
D31: 特別会計への繰出金支出 | F31: 157584 | G31: =F31-H31 -> 16697 | H31: 140887 | I31: 142279
D32: 公営企業会計への繰出金支出 | F32: 0 | G32: =F32-H32 -> 0 | H32: 0 | I32: 0
C33: その他行政支出 | F33: 0 | G33: =F33-H33 -> 0 | H33: 0 | I33: 0
A34: 行政サービス活動収支差額 | F34: 0 | G34: =F34-H34 -> 0 | H34: 0 | I34: 0
A35: 投資活動
B36: 投資活動収入 | F36: 208169592 | G36: =F36-H36 -> -4534627 | H36: 212704219 | I36: 236331272
C37: 資産売却収入 | F37: 0 | G37: =F37-H37 -> 0 | H37: 0 | I37: 0
C38: 基金繰入金（取崩額） | F38: 0 | G38: =F38-H38 -> 0 | H38: 0 | I38: 0
D39: 財政調整基金（取崩額） | F39: 0 | G39: =F39-H39 -> 0 | H39: 0 | I39: 0
D40: その他の基金（取崩額） | F40: 0 | G40: =F40-H40 -> 0 | H40: 0 | I40: 0
C41: 貸付金回収元金収入 | F41: 208169592 | G41: =F41-H41 -> -4534627 | H41: 212704219 | I41: 236331272
C42: 他会計からの繰入金収入 | F42: 0 | G42: =F42-H42 -> 0 | H42: 0 | I42: 0
D43: 一般会計からの繰入金収入 | F43: 0 | G43: =F43-H43 -> 0 | H43: 0 | I43: 0
D44: 特別会計からの繰入金収入 | F44: 0 | G44: =F44-H44 -> 0 | H44: 0 | I44: 0
D45: 公営企業会計からの繰入金収入 | F45: 0 | G45: =F45-H45 -> 0 | H45: 0 | I45: 0
C46: 保証金等返還収入 | F46: 0 | G46: =F46-H46 -> 0 | H46: 0 | I46: 0
C47: その他投資活動収入 | F47: 0 | G47: =F47-H47 -> 0 | H47: 0 | I47: 0
B48: 投資活動支出 | F48: 105829144 | G48: =F48-H48 -> 4831236 | H48: 100997908 | I48: 124855205
C49: 固定資産取得支出 | F49: 0 | G49: =F49-H49 -> 0 | H49: 0 | I49: 0
C50: 基金積立金 | F50: 0 | G50: =F50-H50 -> 0 | H50: 0 | I50: 0
D51: 財政調整基金積立金 | F51: 0 | G51: =F51-H51 -> 0 | H51: 0 | I51: 0
D52: その他の基金積立金 | F52: 0 | G52: =F52-H52 -> 0 | H52: 0 | I52: 0
C53: 出資金支出 | F53: 0 | G53: =F53-H53 -> 0 | H53: 0 | I53: 0
C54: 貸付金支出 | F54: 105829144 | G54: =F54-H54 -> 4831236 | H54: 100997908 | I54: 124855205
C55: 他会計への繰出金支出 | F55: 0 | G55: =F55-H55 -> 0 | H55: 0 | I55: 0
D56: 一般会計への繰出金支出 | F56: 0 | G56: =F56-H56 -> 0 | H56: 0 | I56: 0
D57: 特別会計への繰出金支出 | F57: 0 | G57: =F57-H57 -> 0 | H57: 0 | I57: 0
D58: 公営企業会計への繰出金支出 | F58: 0 | G58: =F58-H58 -> 0 | H58: 0 | I58: 0
C59: 保証金等支出 | F59: 0 | G59: =F59-H59 -> 0 | H59: 0 | I59: 0
A60: 投資活動収支差額 | F60: 102340448 | G60: =F60-H60 -> -9365863 | H60: 111706311 | I60: 111476067
A61: 財務活動
B62: 財務活動収入 | F62: 0 | G62: =F62-H62 -> 0 | H62: 0 | I62: 0
C63: 地方債収入 | F63: 0 | G63: =F63-H63 -> 0 | H63: 0 | I63: 0
C64: 借入金収入 | F64: 0 | G64: =F64-H64 -> 0 | H64: 0 | I64: 0
C65: 他会計からの繰入金収入 | F65: 0 | G65: =F65-H65 -> 0 | H65: 0 | I65: 0
D66: 一般会計からの繰入金収入 | F66: 0 | G66: =F66-H66 -> 0 | H66: 0 | I66: 0
D67: 特別会計からの繰入金収入 | F67: 0 | G67: =F67-H67 -> 0 | H67: 0 | I67: 0
D68: 公営企業会計からの繰入金収入 | F68: 0 | G68: =F68-H68 -> 0 | H68: 0 | I68: 0
C69: その他財務活動収入 | F69: 0 | G69: =F69-H69 -> 0 | H69: 0 | I69: 0
B70: 財務活動支出 | F70: 304186312 | G70: =F70-H70 -> 140121539 | H70: 164064773 | I70: 0
C71: 地方債償還金支出 | F71: 202790875 | G71: =F71-H71 -> 93414360 | H71: 109376515 | I71: 0
C72: 借入金償還金支出 | F72: 0 | G72: =F72-H72 -> 0 | H72: 0 | I72: 0
C73: リース債務償還金支出 | F73: 0 | G73: =F73-H73 -> 0 | H73: 0 | I73: 0
C74: 他会計への繰出金支出 | F74: 101395437 | G74: =F74-H74 -> 46707179 | H74: 54688258 | I74: 0
D75: 一般会計への繰出金支出 | F75: 101395437 | G75: =F75-H75 -> 46707179 | H75: 54688258 | I75: 0
D76: 特別会計への繰出金支出 | F76: 0 | G76: =F76-H76 -> 0 | H76: 0 | I76: 0
D77: 公営企業会計への繰出金支出 | F77: 0 | G77: =F77-H77 -> 0 | H77: 0 | I77: 0
C78: その他財務活動支出 | F78: 0 | G78: =F78-H78 -> 0 | H78: 0 | I78: 0
A79: 財務活動収支差額 | F79: -304186312 | G79: =F79-H79 -> -140121539 | H79: -164064773 | I79: 0
A80: 当年度現金預金増減額 | F80: -201845864 | G80: =F80-H80 -> -149487402 | H80: -52358462 | I80: 111476067
A81: 前年度末現金預金残高 | F81: 461236226 | G81: =F81-H81 -> -52358462 | H81: 513594688 | I81: 402118621
A82: 当年度末現金預金残高 | F82: 259390362 | G82: =F82-H82 -> -201845864 | H82: 461236226 | I82: 513594688

Sheet 貸借対照表（国民健康保険事業会計）
A1: 比較貸借対照表（国民健康保険事業会計） | Q1: （単位：円）
F2: ='貸借対照表（一般会計）'!F2 -> 令和７年度 | H2: ='貸借対照表（一般会計）'!H2 -> 令和６年度 | I2: ='貸借対照表（一般会計）'!I2 -> 令和５年度 | N2: ='貸借対照表（一般会計）'!F2 -> 令和７年度 | P2: ='貸借対照表（一般会計）'!H2 -> 令和６年度 | Q2: ='貸借対照表（一般会計）'!I2 -> 令和５年度
F3: 金額 | G3: 対前年度 増減額 | H3: 金額 | I3: 金額 | N3: 金額 | O3: 対前年度 増減額 | P3: 金額 | Q3: 金額
A4: 資産の部 | J4: 負債の部
B5: 流動資産 | F5: 6373914386 | G5: =F5-H5 -> 1389092052 | H5: 4984822334 | I5: 6089120486 | K5: 流動負債 | N5: 279610554 | O5: =N5-P5 -> 51067911 | P5: 228542643 | Q5: 225313620
C6: 現金預金 | F6: 993042860 | G6: =F6-H6 -> 993042860 | H6: 0 | I6: 0 | L6: 地方債 | N6: 0 | O6: =N6-P6 -> 0 | P6: 0 | Q6: 0
D7: 歳計現金 | F7: 993042860 | G7: =F7-H7 -> 993042860 | H7: 0 | I7: 0 | L7: 短期借入金 | N7: 0 | O7: =N7-P7 -> 0 | P7: 0 | Q7: 0
D8: 歳入歳出外現金 | F8: 0 | G8: =F8-H8 -> 0 | H8: 0 | I8: 0 | M8: 他会計借入金 | N8: 0 | O8: =N8-P8 -> 0 | P8: 0 | Q8: 0
C9: 未収金 | F9: 12608056333 | G9: =F9-H9 -> 531692491 | H9: 12076363842 | I9: 10654223984 | M9: その他短期借入金 | N9: 0 | O9: =N9-P9 -> 0 | P9: 0 | Q9: 0
C10: 貸倒引当金 | F10: -7227184807 | G10: =F10-H10 -> -135643299 | H10: -7091541508 | I10: -4565103498 | L10: 賞与引当金 | N10: 231704862 | O10: =N10-P10 -> 7046574 | P10: 224658288 | Q10: 220134480
C11: 基金 | F11: 0 | G11: =F11-H11 -> 0 | H11: 0 | I11: 0 | L11: 未払金 | N11: 0 | O11: =N11-P11 -> 0 | P11: 0 | Q11: 0
D12: 財政調整基金 | F12: 0 | G12: =F12-H12 -> 0 | H12: 0 | I12: 0 | L12: 還付未済金 | N12: 0 | O12: =N12-P12 -> 0 | P12: 0 | Q12: 0
D13: 公債償還基金 | F13: 0 | G13: =F13-H13 -> 0 | H13: 0 | I13: 0 | L13: リース債務 | N13: 47905692 | O13: =N13-P13 -> 44021337 | P13: 3884355 | Q13: 5179140
C14: 貸倒引当金 | F14: 0 | G14: =F14-H14 -> 0 | H14: 0 | I14: 0 | L14: その他流動負債 | N14: 0 | O14: =N14-P14 -> 0 | P14: 0 | Q14: 0
C15: 短期貸付金 | F15: 0 | G15: =F15-H15 -> 0 | H15: 0 | I15: 0 | K15: 固定負債 | N15: 2577819351 | O15: =N15-P15 -> 187027379 | P15: 2390791972 | Q15: 2495228691
C16: 貸倒引当金 | F16: 0 | G16: =F16-H16 -> 0 | H16: 0 | I16: 0 | L16: 地方債 | N16: 0 | O16: =N16-P16 -> 0 | P16: 0 | Q16: 0
C17: その他流動資産 | F17: 0 | G17: =F17-H17 -> 0 | H17: 0 | I17: 0 | L17: 長期借入金 | N17: 0 | O17: =N17-P17 -> 0 | P17: 0 | Q17: 0
B18: 固定資産 | F18: 11306521227 | G18: =F18-H18 -> -610452765 | H18: 11916973992 | I18: 12685854590 | M18: 他会計借入金 | N18: 0 | O18: =N18-P18 -> 0 | P18: 0 | Q18: 0
C19: 事業用資産 | F19: 995097813 | G19: =F19-H19 -> -4615572 | H19: 999713385 | I19: 1004328957 | M19: その他長期借入金 | N19: 0 | O19: =N19-P19 -> 0 | P19: 0 | Q19: 0
D20: 有形事業用固定資産 | F20: 995097813 | G20: =F20-H20 -> -4615572 | H20: 999713385 | I20: 1004328957 | L20: 退職手当引当金 | N20: 2493984390 | O20: =N20-P20 -> 103192418 | P20: 2390791972 | Q20: 2491344336
E21: 土地 | F21: 792781972 | G21: =F21-H21 -> 0 | H21: 792781972 | I21: 792781972 | L21: 損失補償等引当金 | N21: 0 | O21: =N21-P21 -> 0 | P21: 0 | Q21: 0
E22: 建物 | F22: 202315841 | G22: =F22-H22 -> -4615572 | H22: 206931413 | I22: 211546985 | L22: 長期未払金 | N22: 0 | O22: =N22-P22 -> 0 | P22: 0 | Q22: 0
E23: 工作物 | F23: 0 | G23: =F23-H23 -> 0 | H23: 0 | I23: 0 | L23: リース債務 | N23: 83834961 | O23: =N23-P23 -> 83834961 | P23: 0 | Q23: 3884355
E24: 立木竹 | F24: 0 | G24: =F24-H24 -> 0 | H24: 0 | I24: 0 | L24: その他固定負債 | N24: 0 | O24: =N24-P24 -> 0 | P24: 0 | Q24: 0
E25: 船舶 | F25: 0 | G25: =F25-H25 -> 0 | H25: 0 | I25: 0 | J25: 負債の部合計 | N25: 2857429905 | O25: =N25-P25 -> 238095290 | P25: 2619334615 | Q25: 2720542311
E26: 浮標等 | F26: 0 | G26: =F26-H26 -> 0 | H26: 0 | I26: 0 | J26: 純資産の部
E27: 航空機 | F27: 0 | G27: =F27-H27 -> 0 | H27: 0 | I27: 0 | K27: 累積余剰 | N27: 14823005708 | O27: =N27-P27 -> 540543997 | P27: 14282461711 | Q27: 16054432765
D28: 無形事業用固定資産 | F28: 0 | G28: =F28-H28 -> 0 | H28: 0 | I28: 0 | K28: 評価・換算差額等 | N28: 0 | O28: =N28-P28 -> 0 | P28: 0 | Q28: 0
E29: 地上権等 | F29: 0 | G29: =F29-H29 -> 0 | H29: 0 | I29: 0 | L29: その他有価証券評価差額金 | N29: 0 | O29: =N29-P29 -> 0 | P29: 0 | Q29: 0
E30: 特許権等 | F30: 0 | G30: =F30-H30 -> 0 | H30: 0 | I30: 0
C31: インフラ資産 | F31: 0 | G31: =F31-H31 -> 0 | H31: 0 | I31: 0
D32: 有形インフラ固定資産 | F32: 0 | G32: =F32-H32 -> 0 | H32: 0 | I32: 0
E33: 土地 | F33: 0 | G33: =F33-H33 -> 0 | H33: 0 | I33: 0
E34: 建物 | F34: 0 | G34: =F34-H34 -> 0 | H34: 0 | I34: 0
E35: 工作物 | F35: 0 | G35: =F35-H35 -> 0 | H35: 0 | I35: 0
D36: 無形インフラ固定資産 | F36: 0 | G36: =F36-H36 -> 0 | H36: 0 | I36: 0
E37: 地上権等 | F37: 0 | G37: =F37-H37 -> 0 | H37: 0 | I37: 0
E38: 特許権等 | F38: 0 | G38: =F38-H38 -> 0 | H38: 0 | I38: 0
C39: 重要物品 | F39: 549389 | G39: =F39-H39 -> -286656 | H39: 836045 | I39: 1122702
C40: リース資産 | F40: 123506850 | G40: =F40-H40 -> 119453374 | H40: 4053476 | I40: 9458132
C41: ソフトウェア | F41: 1871597489 | G41: =F41-H41 -> 1085556376 | H41: 786041113 | I41: 1297873156
C42: 建設仮勘定 | F42: 373180390 | G42: =F42-H42 -> -847510190 | H42: 1220690580 | I42: 206259037
C43: 出資金 | F43: 0 | G43: =F43-H43 -> 0 | H43: 0 | I43: 0
D44: 有価証券 | F44: 0 | G44: =F44-H44 -> 0 | H44: 0 | I44: 0
D45: 出資による権利 | F45: 0 | G45: =F45-H45 -> 0 | H45: 0 | I45: 0
D46: 公営企業会計出資金 | F46: 0 | G46: =F46-H46 -> 0 | H46: 0 | I46: 0
C47: 信託受益権 | F47: 0 | G47: =F47-H47 -> 0 | H47: 0 | I47: 0
C48: 基金 | F48: 7942589296 | G48: =F48-H48 -> -963050097 | H48: 8905639393 | I48: 10166812606
D49: 公債償還基金 | F49: 0 | G49: =F49-H49 -> 0 | H49: 0 | I49: 0
D50: その他基金 | F50: 7942589296 | G50: =F50-H50 -> -963050097 | H50: 8905639393 | I50: 10166812606
C51: 貸倒引当金 | F51: 0 | G51: =F51-H51 -> 0 | H51: 0 | I51: 0
C52: 長期貸付金 | F52: 0 | G52: =F52-H52 -> 0 | H52: 0 | I52: 0
C53: 貸倒引当金 | F53: 0 | G53: =F53-H53 -> 0 | H53: 0 | I53: 0
C54: その他債権 | F54: 0 | G54: =F54-H54 -> 0 | H54: 0 | I54: 0
C55: 貸倒引当金 | F55: 0 | G55: =F55-H55 -> 0 | H55: 0 | I55: 0 | J55: 純資産の部合計 | N55: 14823005708 | O55: =N55-P55 -> 540543997 | P55: 14282461711 | Q55: 16054432765
A56: 資産の部合計 | F56: 17680435613 | G56: =F56-H56 -> 778639287 | H56: 16901796326 | I56: 18774975076 | J56: 負債及び純資産の部合計 | N56: 17680435613 | O56: =N56-P56 -> 778639287 | P56: 16901796326 | Q56: 18774975076

Sheet 行政コスト計算書（国民健康保険事業会計）
A1: 比較行政コスト計算書（国民健康保険事業会計） | I1: （単位：円）
E2: ='貸借対照表（一般会計）'!F2 -> 令和７年度 | G2: ='貸借対照表（一般会計）'!H2 -> 令和６年度 | H2: ='貸借対照表（一般会計）'!I2 -> 令和５年度
E3: 金額 | F3: 対前年度 増減額 | G3: 金額 | H3: 金額
A4: 経常収益 | E4: 287435901225 | F4: =E4-G4 -> -4959649162 | G4: 292395550387 | H4: 295903844870
B5: 市税 | E5: 0 | F5: =E5-G5 -> 0 | G5: 0 | H5: 0
B6: 地方譲与税 | E6: 0 | F6: =E6-G6 -> 0 | G6: 0 | H6: 0
B7: 交付金 | E7: 0 | F7: =E7-G7 -> 0 | G7: 0 | H7: 0
B8: 地方特例交付金 | E8: 0 | F8: =E8-G8 -> 0 | G8: 0 | H8: 0
B9: 地方交付税 | E9: 0 | F9: =E9-G9 -> 0 | G9: 0 | H9: 0
B10: 保険料 | E10: 59845419874 | F10: =E10-G10 -> -822449972 | G10: 60667869846 | H10: 56988162715
B11: 分担金及び負担金 | E11: 0 | F11: =E11-G11 -> 0 | G11: 0 | H11: 0
B12: 使用料及び手数料 | E12: 501910 | F12: =E12-G12 -> 60310 | G12: 441600 | H12: 474120
B13: 国・府支出金 | E13: 189921251423 | F13: =E13-G13 -> -3694586875 | G13: 193615838298 | H13: 202378132943
B14: 他会計からの繰入金 | E14: 36845770754 | F14: =E14-G14 -> -435027920 | G14: 37280798674 | H14: 35761626901
C15: 一般会計からの繰入金 | E15: 36845770754 | F15: =E15-G15 -> -435027920 | G15: 37280798674 | H15: 35761626901
C16: 特別会計からの繰入金 | E16: 0 | F16: =E16-G16 -> 0 | G16: 0 | H16: 0
C17: 公営企業からの繰入金 | E17: 0 | F17: =E17-G17 -> 0 | G17: 0 | H17: 0
B18: 棚卸資産売却収入 | E18: 0 | F18: =E18-G18 -> 0 | G18: 0 | H18: 0
B19: 受取利息及び配当金 | E19: 58314623 | F19: =E19-G19 -> 41591829 | G19: 16722794 | H19: 400416
B20: その他経常収益 | E20: 764642641 | F20: =E20-G20 -> -49236534 | G20: 813879175 | H20: 775047775
A21: 経常費用 | E21: 285306018428 | F21: =E21-G21 -> -8207332502 | G21: 293513350930 | H21: 298021929498
B22: 給与関係費 | E22: 3119487511 | F22: =E22-G22 -> 77257438 | G22: 3042230073 | H22: 2873371301
B23: 賞与引当金繰入額 | E23: 231704862 | F23: =E23-G23 -> 7635606 | G23: 224069256 | H23: 220134480
B24: 退職手当引当金繰入額 | E24: 103192418 | F24: =E24-G24 -> 203744782 | G24: -100552364 | H24: 8038026
B25: 物件費 | E25: 3611551338 | F25: =E25-G25 -> 186641786 | G25: 3424909552 | H25: 3433055481
B26: 維持補修費 | E26: 6408270 | F26: =E26-G26 -> 3924246 | G26: 2484024 | H26: 270330
B27: 減価償却費 | E27: 512521551 | F27: =E27-G27 -> -115092746 | G27: 627614297 | H27: 665046097
B28: 支払利息及び手数料 | E28: 0 | F28: =E28-G28 -> 0 | G28: 0 | H28: 0
B29: 貸倒損失 | E29: 0 | F29: =E29-G29 -> 0 | G29: 0 | H29: 0
B30: 貸倒引当金繰入額 | E30: 2942686921 | F30: =E30-G30 -> -1987853899 | G30: 4930540820 | H30: 1827891221
B31: 損失補償等引当金繰入額 | E31: 0 | F31: =E31-G31 -> 0 | G31: 0 | H31: 0
B32: 棚卸資産売却原価 | E32: 0 | F32: =E32-G32 -> 0 | G32: 0 | H32: 0
B33: 扶助費 | E33: 0 | F33: =E33-G33 -> 0 | G33: 0 | H33: 0
... B35: 他会計への繰出金 | E35: 0 | F35: =E35-G35 -> 0 | G35: 0 | H35: 0
C36: 一般会計への繰出金 | E36: 0 | F36: =E36-G36 -> 0 | G36: 0 | H36: 0
C37: 特別会計への繰出金 | E37: 0 | F37: =E37-G37 -> 0 | G37: 0 | H37: 0
C38: 公営企業への繰出金 | E38: 0 | F38: =E38-G38 -> 0 | G38: 0 | H38: 0
B39: その他経常費用 | E39: 0 | F39: =E39-G39 -> 0 | G39: 0 | H39: 0
A40: 経常収支差額 | E40: 2129882797 | F40: =E40-G40 -> 3247683340 | G40: -1117800543 | H40: -2118084628
A41: 特別利益 | E41: 0 | F41: =E41-G41 -> 0 | G41: 0 | H41: 0
B42: 資産売却益 | E42: 0 | F42: =E42-G42 -> 0 | G42: 0 | H42: 0
B43: 資産受贈益 | E43: 0 | F43: =E43-G43 -> 0 | G43: 0 | H43: 0
B44: 事業再編等に伴う移転損益 | E44: 0 | F44: =E44-G44 -> 0 | G44: 0 | H44: 0
B45: その他特別利益 | E45: 0 | F45: =E45-G45 -> 0 | G45: 0 | H45: 0
A46: 特別損失 | E46: 1589338800 | F46: =E46-G46 -> 935168289 | G46: 654170511 | H46: 798882671
B47: 資産除売却損 | E47: 0 | F47: =E47-G47 -> -1 | G47: 1 | H47: 0
B48: 災害による損失 | E48: 0 | F48: =E48-G48 -> 0 | G48: 0 | H48: 0
B49: 貸倒損失 | E49: 0 | F49: =E49-G49 -> 0 | G49: 0 | H49: 0
B50: 出資金評価損 | E50: 0 | F50: =E50-G50 -> 0 | G50: 0 | H50: 0
B51: 事業再編等に伴う移転損益 | E51: 0 | F51: =E51-G51 -> 0 | G51: 0 | H51: 0
B52: その他特別損失 | E52: 1589338800 | F52: =E52-G52 -> 935168290 | G52: 654170510 | H52: 798882671
A53: 特別収支差額 | E53: -1589338800 | F53: =E53-G53 -> -935168289 | G53: -654170511 | H53: -798882671
A54: 当年度収支差額 | E54: 540543997 | F54: =E54-G54 -> 2312515051 | G54: -1771971054 | H54: -2916967299

Sheet キャッシュ・フロー計算書（国民健康保険事業会計）
A1: 比較キャッシュ・フロー計算書（国民健康保険事業会計） | J1: （単位：円）
F2: ='貸借対照表（一般会計）'!F2 -> 令和７年度 | H2: ='貸借対照表（一般会計）'!H2 -> 令和６年度 | I2: ='貸借対照表（一般会計）'!I2 -> 令和５年度
F3: 金額 | G3: 対前年度 増減額 | H3: 金額 | I3: 金額
A4: 行政サービス活動
B5: 行政サービス活動収入 | F5: 283691560482 | G5: =F5-H5 -> -4577607305 | H5: 288269167787 | I5: 292979585261
C6: 市税収入 | F6: 0 | G6: =F6-H6 -> 0 | H6: 0 | I6: 0
C7: 地方譲与税収入 | F7: 0 | G7: =F7-H7 -> 0 | H7: 0 | I7: 0
C8: 交付金収入 | F8: 0 | G8: =F8-H8 -> 0 | H8: 0 | I8: 0
C9: 地方特例交付金収入 | F9: 0 | G9: =F9-H9 -> 0 | H9: 0 | I9: 0
C10: 地方交付税収入 | F10: 0 | G10: =F10-H10 -> 0 | H10: 0 | I10: 0
C11: 保険料収入 | F11: 56252606419 | G11: =F11-H11 -> -437991086 | H11: 56690597505 | I11: 54208967292
C12: 分担金及び負担金収入 | F12: 0 | G12: =F12-H12 -> 0 | H12: 0 | I12: 0
C13: 使用料及び手数料収入 | F13: 496970 | G13: =F13-H13 -> 66730 | H13: 430240 | I13: 437040
C14: 国・府支出金収入 | F14: 189921251423 | G14: =F14-H14 -> -3694586875 | H14: 193615838298 | I14: 202378132943
C15: 他会計からの繰入金収入 | F15: 36845770754 | G15: =F15-H15 -> -435027920 | H15: 37280798674 | I15: 35761626901
D16: 一般会計からの繰入金収入 | F16: 36845770754 | G16: =F16-H16 -> -435027920 | H16: 37280798674 | I16: 35761626901
D17: 特別会計からの繰入金収入 | F17: 0 | G17: =F17-H17 -> 0 | H17: 0 | I17: 0
D18: 公営企業会計からの繰入金収入 | F18: 0 | G18: =F18-H18 -> 0 | H18: 0 | I18: 0
C19: 棚卸資産売却収入 | F19: 0 | G19: =F19-H19 -> 0 | H19: 0 | I19: 0
C20: 受取利息及び配当金収入 | F20: 58314623 | G20: =F20-H20 -> 41591829 | H20: 16722794 | I20: 400416
C21: その他行政収入 | F21: 613120293 | G21: =F21-H21 -> -51659983 | H21: 664780276 | I21: 630020669
B22: 行政サービス活動支出 | F22: 282719894190 | G22: =F22-H22 -> -5685360757 | H22: 288405254947 | I22: 295989063151
C23: 給与関係費支出 | F23: 3344145799 | G23: =F23-H23 -> 82370278 | H23: 3261775521 | I23: 3083953678
C24: 物件費支出 | F24: 3611551338 | G24: =F24-H24 -> 186641786 | H24: 3424909552 | I24: 3433055481
C25: 維持補修費支出 | F25: 6408270 | G25: =F25-H25 -> 3924246 | H25: 2484024 | I25: 270330
C26: 支払利息及び手数料支出 | F26: 0 | G26: =F26-H26 -> 0 | H26: 0 | I26: 0
C27: 扶助費支出 | F27: 0 | G27: =F27-H27 -> 0 | H27: 0 | I27: 0
C28: 負担金・補助金・交付金等支出 | F28: 275757788783 | G28: =F28-H28 -> -5958297067 | H28: 281716085850 | I28: 289471783662
C29: 他会計への繰出金支出 | F29: 0 | G29: =F29-H29 -> 0 | H29: 0 | I29: 0
D30: 一般会計への繰出金支出 | F30: 0 | G30: =F30-H30 -> 0 | H30: 0 | I30: 0
D31: 特別会計への繰出金支出 | F31: 0 | G31: =F31-H31 -> 0 | H31: 0 | I31: 0
D32: 公営企業会計への繰出金支出 | F32: 0 | G32: =F32-H32 -> 0 | H32: 0 | I32: 0
C33: その他行政支出 | F33: 0 | G33: =F33-H33 -> 0 | H33: 0 | I33: 0
A34: 行政サービス活動収支差額 | F34: 971666292 | G34: =F34-H34 -> 1107753452 | H34: -136087160 | I34: -3009477890
A35: 投資活動
B36: 投資活動収入 | F36: 1021364720 | G36: =F36-H36 -> -256531287 | H36: 1277896007 | I36: 3339497182
C37: 資産売却収入 | F37: 0 | G37: =F37-H37 -> 0 | H37: 0 | I37: 0
C38: 基金繰入金（取崩額） | F38: 1021364720 | G38: =F38-H38 -> -256531287 | H38: 1277896007 | I38: 3339497182
D39: 財政調整基金（取崩額） | F39: 0 | G39: =F39-H39 -> 0 | H39: 0 | I39: 0
D40: その他の基金（取崩額） | F40: 1021364720 | G40: =F40-H40 -> -256531287 | H40: 1277896007 | I40: 3339497182
C41: 貸付金回収元金収入 | F41: 0 | G41: =F41-H41 -> 0 | H41: 0 | I41: 0
C42: 他会計からの繰入金収入 | F42: 0 | G42: =F42-H42 -> 0 | H42: 0 | I42: 0
D43: 一般会計からの繰入金収入 | F43: 0 | G43: =F43-H43 -> 0 | H43: 0 | I43: 0
D44: 特別会計からの繰入金収入 | F44: 0 | G44: =F44-H44 -> 0 | H44: 0 | I44: 0
D45: 公営企業会計からの繰入金収入 | F45: 0 | G45: =F45-H45 -> 0 | H45: 0 | I45: 0
C46: 保証金等返還収入 | F46: 0 | G46: =F46-H46 -> 0 | H46: 0 | I46: 0
C47: その他投資活動収入 | F47: 0 | G47: =F47-H47 -> 0 | H47: 0 | I47: 0
B48: 投資活動支出 | F48: 948198105 | G48: =F48-H48 -> -188431602 | H48: 1136629707 | I48: 5514175760
C49: 固定資産取得支出 | F49: 889883482 | G49: =F49-H49 -> -230023431 | H49: 1119906913 | I49: 324439736
C50: 基金積立金 | F50: 58314623 | G50: =F50-H50 -> 41591829 | H50: 16722794 | I50: 5189736024
D51: 財政調整基金積立金 | F51: 0 | G51: =F51-H51 -> 0 | H51: 0 | I51: 0
D52: その他の基金積立金 | F52: 58314623 | G52: =F52-H52 -> 41591829 | H52: 16722794 | I52: 5189736024
C53: 出資金支出 | F53: 0 | G53: =F53-H53 -> 0 | H53: 0 | I53: 0
C54: 貸付金支出 | F54: 0 | G54: =F54-H54 -> 0 | H54: 0 | I54: 0
C55: 他会計への繰出金支出 | F55: 0 | G55: =F55-H55 -> 0 | H55: 0 | I55: 0
D56: 一般会計への繰出金支出 | F56: 0 | G56: =F56-H56 -> 0 | H56: 0 | I56: 0
D57: 特別会計への繰出金支出 | F57: 0 | G57: =F57-H57 -> 0 | H57: 0 | I57: 0
D58: 公営企業会計への繰出金支出 | F58: 0 | G58: =F58-H58 -> 0 | H58: 0 | I58: 0
C59: 保証金等支出 | F59: 0 | G59: =F59-H59 -> 0 | H59: 0 | I59: 0
A60: 投資活動収支差額 | F60: 73166615 | G60: =F60-H60 -> -68099685 | H60: 141266300 | I60: -2174678578
A61: 財務活動
B62: 財務活動収入 | F62: 0 | G62: =F62-H62 -> 0 | H62: 0 | I62: 0
C63: 地方債収入 | F63: 0 | G63: =F63-H63 -> 0 | H63: 0 | I63: 0
C64: 借入金収入 | F64: 0 | G64: =F64-H64 -> 0 | H64: 0 | I64: 0
C65: 他会計からの繰入金収入 | F65: 0 | G65: =F65-H65 -> 0 | H65: 0 | I65: 0
D66: 一般会計からの繰入金収入 | F66: 0 | G66: =F66-H66 -> 0 | H66: 0 | I66: 0
D67: 特別会計からの繰入金収入 | F67: 0 | G67: =F67-H67 -> 0 | H67: 0 | I67: 0
D68: 公営企業会計からの繰入金収入 | F68: 0 | G68: =F68-H68 -> 0 | H68: 0 | I68: 0
C69: その他財務活動収入 | F69: 0 | G69: =F69-H69 -> 0 | H69: 0 | I69: 0
B70: 財務活動支出 | F70: 51790047 | G70: =F70-H70 -> 46610907 | H70: 5179140 | I70: 5179140
C71: 地方債償還金支出 | F71: 0 | G71: =F71-H71 -> 0 | H71: 0 | I71: 0
C72: 借入金償還金支出 | F72: 0 | G72: =F72-H72 -> 0 | H72: 0 | I72: 0
C73: リース債務償還金支出 | F73: 51790047 | G73: =F73-H73 -> 46610907 | H73: 5179140 | I73: 5179140
C74: 他会計への繰出金支出 | F74: 0 | G74: =F74-H74 -> 0 | H74: 0 | I74: 0
D75: 一般会計への繰出金支出 | F75: 0 | G75: =F75-H75 -> 0 | H75: 0 | I75: 0
D76: 特別会計への繰出金支出 | F76: 0 | G76: =F76-H76 -> 0 | H76: 0 | I76: 0
D77: 公営企業会計への繰出金支出 | F77: 0 | G77: =F77-H77 -> 0 | H77: 0 | I77: 0
C78: その他財務活動支出 | F78: 0 | G78: =F78-H78 -> 0 | H78: 0 | I78: 0
A79: 財務活動収支差額 | F79: -51790047 | G79: =F79-H79 -> -46610907 | H79: -5179140 | I79: -5179140
A80: 当年度現金預金増減額 | F80: 993042860 | G80: =F80-H80 -> 993042860 | H80: 0 | I80: -5189335608
A81: 前年度末現金預金残高 | F81: 0 | G81: =F81-H81 -> 0 | H81: 0 | I81: 5189335608
A82: 当年度末現金預金残高 | F82: 993042860 | G82: =F82-H82 -> 993042860 | H82: 0 | I82: 0

Sheet 貸借対照表（心身障害者扶養共済事業会計）
A1: 比較貸借対照表（心身障害者扶養共済事業会計） | Q1: （単位：円）
F2: ='貸借対照表（一般会計）'!F2 -> 令和７年度 | H2: ='貸借対照表（一般会計）'!H2 -> 令和６年度 | I2: ='貸借対照表（一般会計）'!I2 -> 令和５年度 | N2: ='貸借対照表（一般会計）'!F2 -> 令和７年度 | P2: ='貸借対照表（一般会計）'!H2 -> 令和６年度 | Q2: ='貸借対照表（一般会計）'!I2 -> 令和５年度
F3: 金額 | G3: 対前年度 増減額 | H3: 金額 | I3: 金額 | N3: 金額 | O3: 対前年度 増減額 | P3: 金額 | Q3: 金額
A4: 資産の部 | J4: 負債の部
B5: 流動資産 | F5: 1120890 | G5: =F5-H5 -> -150341 | H5: 1271231 | I5: 1201228 | K5: 流動負債 | N5: 0 | O5: =N5-P5 -> 0 | P5: 0 | Q5: 0
C6: 現金預金 | F6: 0 | G6: =F6-H6 -> 0 | H6: 0 | I6: 0 | L6: 地方債 | N6: 0 | O6: =N6-P6 -> 0 | P6: 0 | Q6: 0
D7: 歳計現金 | F7: 0 | G7: =F7-H7 -> 0 | H7: 0 | I7: 0 | L7: 短期借入金 | N7: 0 | O7: =N7-P7 -> 0 | P7: 0 | Q7: 0
D8: 歳入歳出外現金 | F8: 0 | G8: =F8-H8 -> 0 | H8: 0 | I8: 0 | M8: 他会計借入金 | N8: 0 | O8: =N8-P8 -> 0 | P8: 0 | Q8: 0
C9: 未収金 | F9: 3081810 | G9: =F9-H9 -> -259130 | H9: 3340940 | I9: 3223120 | M9: その他短期借入金 | N9: 0 | O9: =N9-P9 -> 0 | P9: 0 | Q9: 0
C10: 貸倒引当金 | F10: -1960920 | G10: =F10-H10 -> 108789 | H10: -2069709 | I10: -2021892 | L10: 賞与引当金 | N10: 0 | O10: =N10-P10 -> 0 | P10: 0 | Q10: 0
C11: 基金 | F11: 0 | G11: =F11-H11 -> 0 | H11: 0 | I11: 0 | L11: 未払金 | N11: 0 | O11: =N11-P11 -> 0 | P11: 0 | Q11: 0
D12: 財政調整基金 | F12: 0 | G12: =F12-H12 -> 0 | H12: 0 | I12: 0 | L12: 還付未済金 | N12: 0 | O12: =N12-P12 -> 0 | P12: 0 | Q12: 0
D13: 公債償還基金 | F13: 0 | G13: =F13-H13 -> 0 | H13: 0 | I13: 0 | L13: リース債務 | N13: 0 | O13: =N13-P13 -> 0 | P13: 0 | Q13: 0
C14: 貸倒引当金 | F14: 0 | G14: =F14-H14 -> 0 | H14: 0 | I14: 0 | L14: その他流動負債 | N14: 0 | O14: =N14-P14 -> 0 | P14: 0 | Q14: 0
C15: 短期貸付金 | F15: 0 | G15: =F15-H15 -> 0 | H15: 0 | I15: 0 | K15: 固定負債 | N15: 0 | O15: =N15-P15 -> 0 | P15: 0 | Q15: 0
C16: 貸倒引当金 | F16: 0 | G16: =F16-H16 -> 0 | H16: 0 | I16: 0 | L16: 地方債 | N16: 0 | O16: =N16-P16 -> 0 | P16: 0 | Q16: 0
C17: その他流動資産 | F17: 0 | G17: =F17-H17 -> 0 | H17: 0 | I17: 0 | L17: 長期借入金 | N17: 0 | O17: =N17-P17 -> 0 | P17: 0 | Q17: 0
B18: 固定資産 | F18: 23735244 | G18: =F18-H18 -> 3490605 | H18: 20244639 | I18: 18337524 | M18: 他会計借入金 | N18: 0 | O18: =N18-P18 -> 0 | P18: 0 | Q18: 0
C19: 事業用資産 | F19: 0 | G19: =F19-H19 -> 0 | H19: 0 | I19: 0 | M19: その他長期借入金 | N19: 0 | O19: =N19-P19 -> 0 | P19: 0 | Q19: 0
D20: 有形事業用固定資産 | F20: 0 | G20: =F20-H20 -> 0 | H20: 0 | I20: 0 | L20: 退職手当引当金 | N20: 0 | O20: =N20-P20 -> 0 | P20: 0 | Q20: 0
E21: 土地 | F21: 0 | G21: =F21-H21 -> 0 | H21: 0 | I21: 0 | L21: 損失補償等引当金 | N21: 0 | O21: =N21-P21 -> 0 | P21: 0 | Q21: 0
E22: 建物 | F22: 0 | G22: =F22-H22 -> 0 | H22: 0 | I22: 0 | L22: 長期未払金 | N22: 0 | O22: =N22-P22 -> 0 | P22: 0 | Q22: 0
E23: 工作物 | F23: 0 | G23: =F23-H23 -> 0 | H23: 0 | I23: 0 | L23: リース債務 | N23: 0 | O23: =N23-P23 -> 0 | P23: 0 | Q23: 0
E24: 立木竹 | F24: 0 | G24: =F24-H24 -> 0 | H24: 0 | I24: 0 | L24: その他固定負債 | N24: 0 | O24: =N24-P24 -> 0 | P24: 0 | Q24: 0
E25: 船舶 | F25: 0 | G25: =F25-H25 -> 0 | H25: 0 | I25: 0 | J25: 負債の部合計 | N25: 0 | O25: =N25-P25 -> 0 | P25: 0 | Q25: 0
E26: 浮標等 | F26: 0 | G26: =F26-H26 -> 0 | H26: 0 | I26: 0 | J26: 純資産の部
E27: 航空機 | F27: 0 | G27: =F27-H27 -> 0 | H27: 0 | I27: 0 | K27: 累積余剰 | N27: 24856134 | O27: =N27-P27 -> 3340264 | P27: 21515870 | Q27: 19538752
D28: 無形事業用固定資産 | F28: 0 | G28: =F28-H28 -> 0 | H28: 0 | I28: 0 | K28: 評価・換算差額等 | N28: 0 | O28: =N28-P28 -> 0 | P28: 0 | Q28: 0
E29: 地上権等 | F29: 0 | G29: =F29-H29 -> 0 | H29: 0 | I29: 0 | L29: その他有価証券評価差額金 | N29: 0 | O29: =N29-P29 -> 0 | P29: 0 | Q29: 0
E30: 特許権等 | F30: 0 | G30: =F30-H30 -> 0 | H30: 0 | I30: 0
C31: インフラ資産 | F31: 0 | G31: =F31-H31 -> 0 | H31: 0 | I31: 0
D32: 有形インフラ固定資産 | F32: 0 | G32: =F32-H32 -> 0 | H32: 0 | I32: 0
E33: 土地 | F33: 0 | G33: =F33-H33 -> 0 | H33: 0 | I33: 0
E34: 建物 | F34: 0 | G34: =F34-H34 -> 0 | H34: 0 | I34: 0
E35: 工作物 | F35: 0 | G35: =F35-H35 -> 0 | H35: 0 | I35: 0
D36: 無形インフラ固定資産 | F36: 0 | G36: =F36-H36 -> 0 | H36: 0 | I36: 0
E37: 地上権等 | F37: 0 | G37: =F37-H37 -> 0 | H37: 0 | I37: 0
E38: 特許権等 | F38: 0 | G38: =F38-H38 -> 0 | H38: 0 | I38: 0
C39: 重要物品 | F39: 0 | G39: =F39-H39 -> 0 | H39: 0 | I39: 0
C40: リース資産 | F40: 0 | G40: =F40-H40 -> 0 | H40: 0 | I40: 0
C41: ソフトウェア | F41: 0 | G41: =F41-H41 -> 0 | H41: 0 | I41: 0
C42: 建設仮勘定 | F42: 0 | G42: =F42-H42 -> 0 | H42: 0 | I42: 0
C43: 出資金 | F43: 0 | G43: =F43-H43 -> 0 | H43: 0 | I43: 0
D44: 有価証券 | F44: 0 | G44: =F44-H44 -> 0 | H44: 0 | I44: 0
D45: 出資による権利 | F45: 0 | G45: =F45-H45 -> 0 | H45: 0 | I45: 0
D46: 公営企業会計出資金 | F46: 0 | G46: =F46-H46 -> 0 | H46: 0 | I46: 0
C47: 信託受益権 | F47: 0 | G47: =F47-H47 -> 0 | H47: 0 | I47: 0
C48: 基金 | F48: 23735244 | G48: =F48-H48 -> 3490605 | H48: 20244639 | I48: 18337524
D49: 公債償還基金 | F49: 0 | G49: =F49-H49 -> 0 | H49: 0 | I49: 0
D50: その他基金 | F50: 23735244 | G50: =F50-H50 -> 3490605 | H50: 20244639 | I50: 18337524
C51: 貸倒引当金 | F51: 0 | G51: =F51-H51 -> 0 | H51: 0 | I51: 0
C52: 長期貸付金 | F52: 0 | G52: =F52-H52 -> 0 | H52: 0 | I52: 0
C53: 貸倒引当金 | F53: 0 | G53: =F53-H53 -> 0 | H53: 0 | I53: 0
C54: その他債権 | F54: 0 | G54: =F54-H54 -> 0 | H54: 0 | I54: 0
C55: 貸倒引当金 | F55: 0 | G55: =F55-H55 -> 0 | H55: 0 | I55: 0 | J55: 純資産の部合計 | N55: 24856134 | O55: =N55-P55 -> 3340264 | P55: 21515870 | Q55: 19538752
A56: 資産の部合計 | F56: 24856134 | G56: =F56-H56 -> 3340264 | H56: 21515870 | I56: 19538752 | J56: 負債及び純資産の部合計 | N56: 24856134 | O56: =N56-P56 -> 3340264 | P56: 21515870 | Q56: 19538752

Sheet 行政コスト計算書（心身障害者扶養共済事業会計）
A1: 比較行政コスト計算書（心身障害者扶養共済事業会計） | I1: （単位：円）
E2: ='貸借対照表（一般会計）'!F2 -> 令和７年度 | G2: ='貸借対照表（一般会計）'!H2 -> 令和６年度 | H2: ='貸借対照表（一般会計）'!I2 -> 令和５年度
E3: 金額 | F3: 対前年度 増減額 | G3: 金額 | H3: 金額
A4: 経常収益 | E4: 513653930 | F4: =E4-G4 -> -8501050 | G4: 522154980 | H4: 518329046
B5: 市税 | E5: 0 | F5: =E5-G5 -> 0 | G5: 0 | H5: 0
B6: 地方譲与税 | E6: 0 | F6: =E6-G6 -> 0 | G6: 0 | H6: 0
B7: 交付金 | E7: 0 | F7: =E7-G7 -> 0 | G7: 0 | H7: 0
B8: 地方特例交付金 | E8: 0 | F8: =E8-G8 -> 0 | G8: 0 | H8: 0
B9: 地方交付税 | E9: 0 | F9: =E9-G9 -> 0 | G9: 0 | H9: 0
B10: 保険料 | E10: 52437730 | F10: =E10-G10 -> 2039390 | G10: 50398340 | H10: 49496200
B11: 分担金及び負担金 | E11: 0 | F11: =E11-G11 -> 0 | G11: 0 | H11: 0
B12: 使用料及び手数料 | E12: 0 | F12: =E12-G12 -> 0 | G12: 0 | H12: 0
B13: 国・府支出金 | E13: 87000000 | F13: =E13-G13 -> 0 | G13: 87000000 | H13: 87085000
B14: 他会計からの繰入金 | E14: 92004725 | F14: =E14-G14 -> 258020 | G14: 91746705 | H14: 91682326
C15: 一般会計からの繰入金 | E15: 92004725 | F15: =E15-G15 -> 258020 | G15: 91746705 | H15: 91682326
C16: 特別会計からの繰入金 | E16: 0 | F16: =E16-G16 -> 0 | G16: 0 | H16: 0
C17: 公営企業からの繰入金 | E17: 0 | F17: =E17-G17 -> 0 | G17: 0 | H17: 0
B18: 棚卸資産売却収入 | E18: 0 | F18: =E18-G18 -> 0 | G18: 0 | H18: 0
B19: 受取利息及び配当金 | E19: 131475 | F19: =E19-G19 -> 86540 | G19: 44935 | H19: 1620
B20: その他経常収益 | E20: 282080000 | F20: =E20-G20 -> -10885000 | G20: 292965000 | H20: 290063900
A21: 経常費用 | E21: 510310246 | F21: =E21-G21 -> -9867616 | G21: 520177862 | H21: 519402288
B22: 給与関係費 | E22: 0 | F22: =E22-G22 -> 0 | G22: 0 | H22: 0
B23: 賞与引当金繰入額 | E23: 0 | F23: =E23-G23 -> 0 | G23: 0 | H23: 0
B24: 退職手当引当金繰入額 | E24: 0 | F24: =E24-G24 -> 0 | G24: 0 | H24: 0
B25: 物件費 | E25: 231427035 | F25: =E25-G25 -> 2281990 | G25: 229145045 | H25: 228205526
B26: 維持補修費 | E26: 0 | F26: =E26-G26 -> 0 | G26: 0 | H26: 0
B27: 減価償却費 | E27: 0 | F27: =E27-G27 -> 0 | G27: 0 | H27: 0
B28: 支払利息及び手数料 | E28: 0 | F28: =E28-G28 -> 0 | G28: 0 | H28: 0
B29: 貸倒損失 | E29: 0 | F29: =E29-G29 -> 0 | G29: 0 | H29: 0
B30: 貸倒引当金繰入額 | E30: -108789 | F30: =E30-G30 -> -156606 | G30: 47817 | H30: 12862
B31: 損失補償等引当金繰入額 | E31: 0 | F31: =E31-G31 -> 0 | G31: 0 | H31: 0
B32: 棚卸資産売却原価 | E32: 0 | F32: =E32-G32 -> 0 | G32: 0 | H32: 0
B33: 扶助費 | E33: 0 | F33: =E33-G33 -> 0 | G33: 0 | H33: 0
... B35: 他会計への繰出金 | E35: 0 | F35: =E35-G35 -> 0 | G35: 0 | H35: 0
C36: 一般会計への繰出金 | E36: 0 | F36: =E36-G36 -> 0 | G36: 0 | H36: 0
C37: 特別会計への繰出金 | E37: 0 | F37: =E37-G37 -> 0 | G37: 0 | H37: 0
C38: 公営企業への繰出金 | E38: 0 | F38: =E38-G38 -> 0 | G38: 0 | H38: 0
B39: その他経常費用 | E39: 0 | F39: =E39-G39 -> 0 | G39: 0 | H39: 0
A40: 経常収支差額 | E40: 3343684 | F40: =E40-G40 -> 1366566 | G40: 1977118 | H40: -1073242
A41: 特別利益 | E41: 0 | F41: =E41-G41 -> 0 | G41: 0 | H41: 0
B42: 資産売却益 | E42: 0 | F42: =E42-G42 -> 0 | G42: 0 | H42: 0
B43: 資産受贈益 | E43: 0 | F43: =E43-G43 -> 0 | G43: 0 | H43: 0
B44: 事業再編等に伴う移転損益 | E44: 0 | F44: =E44-G44 -> 0 | G44: 0 | H44: 0
B45: その他特別利益 | E45: 0 | F45: =E45-G45 -> 0 | G45: 0 | H45: 0
A46: 特別損失 | E46: 3420 | F46: =E46-G46 -> 3420 | G46: 0 | H46: 0
B47: 資産除売却損 | E47: 0 | F47: =E47-G47 -> 0 | G47: 0 | H47: 0
B48: 災害による損失 | E48: 0 | F48: =E48-G48 -> 0 | G48: 0 | H48: 0
B49: 貸倒損失 | E49: 0 | F49: =E49-G49 -> 0 | G49: 0 | H49: 0
B50: 出資金評価損 | E50: 0 | F50: =E50-G50 -> 0 | G50: 0 | H50: 0
B51: 事業再編等に伴う移転損益 | E51: 0 | F51: =E51-G51 -> 0 | G51: 0 | H51: 0
B52: その他特別損失 | E52: 3420 | F52: =E52-G52 -> 3420 | G52: 0 | H52: 0
A53: 特別収支差額 | E53: -3420 | F53: =E53-G53 -> -3420 | G53: 0 | H53: 0
A54: 当年度収支差額 | E54: 3340264 | F54: =E54-G54 -> 1363146 | G54: 1977118 | H54: -1073242

Sheet キャッシュ・フロー計算書（心身障害者扶養共済事業会計)
A1: 比較キャッシュ・フロー計算書（心身障害者扶養共済事業会計） | J1: （単位：円）
F2: ='貸借対照表（一般会計）'!F2 -> 令和７年度 | H2: ='貸借対照表（一般会計）'!H2 -> 令和６年度 | I2: ='貸借対照表（一般会計）'!I2 -> 令和５年度
F3: 金額 | G3: 対前年度 増減額 | H3: 金額 | I3: 金額
A4: 行政サービス活動
B5: 行政サービス活動収入 | F5: 513909640 | G5: =F5-H5 -> -8127520 | H5: 522037160 | I5: 518306446
C6: 市税収入 | F6: 0 | G6: =F6-H6 -> 0 | H6: 0 | I6: 0
C7: 地方譲与税収入 | F7: 0 | G7: =F7-H7 -> 0 | H7: 0 | I7: 0
C8: 交付金収入 | F8: 0 | G8: =F8-H8 -> 0 | H8: 0 | I8: 0
C9: 地方特例交付金収入 | F9: 0 | G9: =F9-H9 -> 0 | H9: 0 | I9: 0
C10: 地方交付税収入 | F10: 0 | G10: =F10-H10 -> 0 | H10: 0 | I10: 0
C11: 保険料収入 | F11: 52693440 | G11: =F11-H11 -> 2412920 | H11: 50280520 | I11: 49473600
C12: 分担金及び負担金収入 | F12: 0 | G12: =F12-H12 -> 0 | H12: 0 | I12: 0
C13: 使用料及び手数料収入 | F13: 0 | G13: =F13-H13 -> 0 | H13: 0 | I13: 0
C14: 国・府支出金収入 | F14: 87000000 | G14: =F14-H14 -> 0 | H14: 87000000 | I14: 87085000
C15: 他会計からの繰入金収入 | F15: 92004725 | G15: =F15-H15 -> 258020 | H15: 91746705 | I15: 91682326
D16: 一般会計からの繰入金収入 | F16: 92004725 | G16: =F16-H16 -> 258020 | H16: 91746705 | I16: 91682326
D17: 特別会計からの繰入金収入 | F17: 0 | G17: =F17-H17 -> 0 | H17: 0 | I17: 0
D18: 公営企業会計からの繰入金収入 | F18: 0 | G18: =F18-H18 -> 0 | H18: 0 | I18: 0
C19: 棚卸資産売却収入 | F19: 0 | G19: =F19-H19 -> 0 | H19: 0 | I19: 0
C20: 受取利息及び配当金収入 | F20: 131475 | G20: =F20-H20 -> 86540 | H20: 44935 | I20: 1620
C21: その他行政収入 | F21: 282080000 | G21: =F21-H21 -> -10885000 | H21: 292965000 | I21: 290063900
B22: 行政サービス活動支出 | F22: 510419035 | G22: =F22-H22 -> -9711010 | H22: 520130045 | I22: 519389426
C23: 給与関係費支出 | F23: 0 | G23: =F23-H23 -> 0 | H23: 0 | I23: 0
C24: 物件費支出 | F24: 231427035 | G24: =F24-H24 -> 2281990 | H24: 229145045 | I24: 228205526
C25: 維持補修費支出 | F25: 0 | G25: =F25-H25 -> 0 | H25: 0 | I25: 0
C26: 支払利息及び手数料支出 | F26: 0 | G26: =F26-H26 -> 0 | H26: 0 | I26: 0
C27: 扶助費支出 | F27: 0 | G27: =F27-H27 -> 0 | H27: 0 | I27: 0
C28: 負担金・補助金・交付金等支出 | F28: 278992000 | G28: =F28-H28 -> -11993000 | H28: 290985000 | I28: 291183900
C29: 他会計への繰出金支出 | F29: 0 | G29: =F29-H29 -> 0 | H29: 0 | I29: 0
D30: 一般会計への繰出金支出 | F30: 0 | G30: =F30-H30 -> 0 | H30: 0 | I30: 0
D31: 特別会計への繰出金支出 | F31: 0 | G31: =F31-H31 -> 0 | H31: 0 | I31: 0
D32: 公営企業会計への繰出金支出 | F32: 0 | G32: =F32-H32 -> 0 | H32: 0 | I32: 0
C33: その他行政支出 | F33: 0 | G33: =F33-H33 -> 0 | H33: 0 | I33: 0
A34: 行政サービス活動収支差額 | F34: 3490605 | G34: =F34-H34 -> 1583490 | H34: 1907115 | I34: -1082980
A35: 投資活動
B36: 投資活動収入 | F36: 904290 | G36: =F36-H36 -> 486470 | H36: 417820 | I36: 1477200
C37: 資産売却収入 | F37: 0 | G37: =F37-H37 -> 0 | H37: 0 | I37: 0
C38: 基金繰入金（取崩額） | F38: 904290 | G38: =F38-H38 -> 486470 | H38: 417820 | I38: 1477200
D39: 財政調整基金（取崩額） | F39: 0 | G39: =F39-H39 -> 0 | H39: 0 | I39: 0
D40: その他の基金（取崩額） | F40: 904290 | G40: =F40-H40 -> 486470 | H40: 417820 | I40: 1477200
C41: 貸付金回収元金収入 | F41: 0 | G41: =F41-H41 -> 0 | H41: 0 | I41: 0
C42: 他会計からの繰入金収入 | F42: 0 | G42: =F42-H42 -> 0 | H42: 0 | I42: 0
D43: 一般会計からの繰入金収入 | F43: 0 | G43: =F43-H43 -> 0 | H43: 0 | I43: 0
D44: 特別会計からの繰入金収入 | F44: 0 | G44: =F44-H44 -> 0 | H44: 0 | I44: 0
D45: 公営企業会計からの繰入金収入 | F45: 0 | G45: =F45-H45 -> 0 | H45: 0 | I45: 0
C46: 保証金等返還収入 | F46: 0 | G46: =F46-H46 -> 0 | H46: 0 | I46: 0
C47: その他投資活動収入 | F47: 0 | G47: =F47-H47 -> 0 | H47: 0 | I47: 0
B48: 投資活動支出 | F48: 4394895 | G48: =F48-H48 -> 2069960 | H48: 2324935 | I48: 394220
C49: 固定資産取得支出 | F49: 0 | G49: =F49-H49 -> 0 | H49: 0 | I49: 0
C50: 基金積立金 | F50: 4394895 | G50: =F50-H50 -> 2069960 | H50: 2324935 | I50: 394220
D51: 財政調整基金積立金 | F51: 0 | G51: =F51-H51 -> 0 | H51: 0 | I51: 0
D52: その他の基金積立金 | F52: 4394895 | G52: =F52-H52 -> 2069960 | H52: 2324935 | I52: 394220
C53: 出資金支出 | F53: 0 | G53: =F53-H53 -> 0 | H53: 0 | I53: 0
C54: 貸付金支出 | F54: 0 | G54: =F54-H54 -> 0 | H54: 0 | I54: 0
C55: 他会計への繰出金支出 | F55: 0 | G55: =F55-H55 -> 0 | H55: 0 | I55: 0
D56: 一般会計への繰出金支出 | F56: 0 | G56: =F56-H56 -> 0 | H56: 0 | I56: 0
D57: 特別会計への繰出金支出 | F57: 0 | G57: =F57-H57 -> 0 | H57: 0 | I57: 0
D58: 公営企業会計への繰出金支出 | F58: 0 | G58: =F58-H58 -> 0 | H58: 0 | I58: 0
C59: 保証金等支出 | F59: 0 | G59: =F59-H59 -> 0 | H59: 0 | I59: 0
A60: 投資活動収支差額 | F60: -3490605 | G60: =F60-H60 -> -1583490 | H60: -1907115 | I60: 1082980
A61: 財務活動
B62: 財務活動収入 | F62: 0 | G62: =F62-H62 -> 0 | H62: 0 | I62: 0
C63: 地方債収入 | F63: 0 | G63: =F63-H63 -> 0 | H63: 0 | I63: 0
C64: 借入金収入 | F64: 0 | G64: =F64-H64 -> 0 | H64: 0 | I64: 0
C65: 他会計からの繰入金収入 | F65: 0 | G65: =F65-H65 -> 0 | H65: 0 | I65: 0
D66: 一般会計からの繰入金収入 | F66: 0 | G66: =F66-H66 -> 0 | H66: 0 | I66: 0
D67: 特別会計からの繰入金収入 | F67: 0 | G67: =F67-H67 -> 0 | H67: 0 | I67: 0
D68: 公営企業会計からの繰入金収入 | F68: 0 | G68: =F68-H68 -> 0 | H68: 0 | I68: 0
C69: その他財務活動収入 | F69: 0 | G69: =F69-H69 -> 0 | H69: 0 | I69: 0
B70: 財務活動支出 | F70: 0 | G70: =F70-H70 -> 0 | H70: 0 | I70: 0
C71: 地方債償還金支出 | F71: 0 | G71: =F71-H71 -> 0 | H71: 0 | I71: 0
C72: 借入金償還金支出 | F72: 0 | G72: =F72-H72 -> 0 | H72: 0 | I72: 0
C73: リース債務償還金支出 | F73: 0 | G73: =F73-H73 -> 0 | H73: 0 | I73: 0
C74: 他会計への繰出金支出 | F74: 0 | G74: =F74-H74 -> 0 | H74: 0 | I74: 0
D75: 一般会計への繰出金支出 | F75: 0 | G75: =F75-H75 -> 0 | H75: 0 | I75: 0
D76: 特別会計への繰出金支出 | F76: 0 | G76: =F76-H76 -> 0 | H76: 0 | I76: 0
D77: 公営企業会計への繰出金支出 | F77: 0 | G77: =F77-H77 -> 0 | H77: 0 | I77: 0
C78: その他財務活動支出 | F78: 0 | G78: =F78-H78 -> 0 | H78: 0 | I78: 0
A79: 財務活動収支差額 | F79: 0 | G79: =F79-H79 -> 0 | H79: 0 | I79: 0
A80: 当年度現金預金増減額 | F80: 0 | G80: =F80-H80 -> 0 | H80: 0 | I80: 0
A81: 前年度末現金預金残高 | F81: 0 | G81: =F81-H81 -> 0 | H81: 0 | I81: 0
A82: 当年度末現金預金残高 | F82: 0 | G82: =F82-H82 -> 0 | H82: 0 | I82: 0

Sheet 貸借対照表（介護保険事業会計）
A1: 比較貸借対照表（介護保険事業会計） | Q1: （単位：円）
F2: ='貸借対照表（一般会計）'!F2 -> 令和７年度 | H2: ='貸借対照表（一般会計）'!H2 -> 令和６年度 | I2: ='貸借対照表（一般会計）'!I2 -> 令和５年度 | N2: ='貸借対照表（一般会計）'!F2 -> 令和７年度 | P2: ='貸借対照表（一般会計）'!H2 -> 令和６年度 | Q2: ='貸借対照表（一般会計）'!I2 -> 令和５年度
F3: 金額 | G3: 対前年度 増減額 | H3: 金額 | I3: 金額 | N3: 金額 | O3: 対前年度 増減額 | P3: 金額 | Q3: 金額
A4: 資産の部 | J4: 負債の部
B5: 流動資産 | F5: 2435288336 | G5: =F5-H5 -> -3559822026 | H5: 5995110362 | I5: 921593089 | K5: 流動負債 | N5: 231951270 | O5: =N5-P5 -> 70407363 | P5: 161543907 | Q5: 164359908
C6: 現金預金 | F6: 1651620469 | G6: =F6-H6 -> -3570489063 | H6: 5222109532 | I6: 219380307 | L6: 地方債 | N6: 0 | O6: =N6-P6 -> 0 | P6: 0 | Q6: 0
D7: 歳計現金 | F7: 1651620469 | G7: =F7-H7 -> -3570489063 | H7: 5222109532 | I7: 219380307 | L7: 短期借入金 | N7: 0 | O7: =N7-P7 -> 0 | P7: 0 | Q7: 0
D8: 歳入歳出外現金 | F8: 0 | G8: =F8-H8 -> 0 | H8: 0 | I8: 0 | M8: 他会計借入金 | N8: 0 | O8: =N8-P8 -> 0 | P8: 0 | Q8: 0
C9: 未収金 | F9: 1614334298 | G9: =F9-H9 -> 9353267 | H9: 1604981031 | I9: 1469790581 | M9: その他短期借入金 | N9: 0 | O9: =N9-P9 -> 0 | P9: 0 | Q9: 0
C10: 貸倒引当金 | F10: -830666431 | G10: =F10-H10 -> 1313770 | H10: -831980201 | I10: -767577799 | L10: 賞与引当金 | N10: 168077017 | O10: =N10-P10 -> 11909413 | P10: 156167604 | Q10: 157191504
C11: 基金 | F11: 0 | G11: =F11-H11 -> 0 | H11: 0 | I11: 0 | L11: 未払金 | N11: 0 | O11: =N11-P11 -> 0 | P11: 0 | Q11: 0
D12: 財政調整基金 | F12: 0 | G12: =F12-H12 -> 0 | H12: 0 | I12: 0 | L12: 還付未済金 | N12: 0 | O12: =N12-P12 -> 0 | P12: 0 | Q12: 0
D13: 公債償還基金 | F13: 0 | G13: =F13-H13 -> 0 | H13: 0 | I13: 0 | L13: リース債務 | N13: 63874253 | O13: =N13-P13 -> 58497950 | P13: 5376303 | Q13: 7168404
C14: 貸倒引当金 | F14: 0 | G14: =F14-H14 -> 0 | H14: 0 | I14: 0 | L14: その他流動負債 | N14: 0 | O14: =N14-P14 -> 0 | P14: 0 | Q14: 0
C15: 短期貸付金 | F15: 0 | G15: =F15-H15 -> 0 | H15: 0 | I15: 0 | K15: 固定負債 | N15: 2178914802 | O15: =N15-P15 -> 259768152 | P15: 1919146650 | Q15: 1991960562
C16: 貸倒引当金 | F16: 0 | G16: =F16-H16 -> 0 | H16: 0 | I16: 0 | L16: 地方債 | N16: 0 | O16: =N16-P16 -> 0 | P16: 0 | Q16: 0
C17: その他流動資産 | F17: 0 | G17: =F17-H17 -> 0 | H17: 0 | I17: 0 | L17: 長期借入金 | N17: 0 | O17: =N17-P17 -> 0 | P17: 0 | Q17: 0
B18: 固定資産 | F18: 15345150707 | G18: =F18-H18 -> 4625246649 | H18: 10719904058 | I18: 10361059691 | M18: 他会計借入金 | N18: 0 | O18: =N18-P18 -> 0 | P18: 0 | Q18: 0
C19: 事業用資産 | F19: 0 | G19: =F19-H19 -> 0 | H19: 0 | I19: 0 | M19: その他長期借入金 | N19: 0 | O19: =N19-P19 -> 0 | P19: 0 | Q19: 0
D20: 有形事業用固定資産 | F20: 0 | G20: =F20-H20 -> 0 | H20: 0 | I20: 0 | L20: 退職手当引当金 | N20: 2067134868 | O20: =N20-P20 -> 147988218 | P20: 1919146650 | Q20: 1986584259
E21: 土地 | F21: 0 | G21: =F21-H21 -> 0 | H21: 0 | I21: 0 | L21: 損失補償等引当金 | N21: 0 | O21: =N21-P21 -> 0 | P21: 0 | Q21: 0
E22: 建物 | F22: 0 | G22: =F22-H22 -> 0 | H22: 0 | I22: 0 | L22: 長期未払金 | N22: 0 | O22: =N22-P22 -> 0 | P22: 0 | Q22: 0
E23: 工作物 | F23: 0 | G23: =F23-H23 -> 0 | H23: 0 | I23: 0 | L23: リース債務 | N23: 111779934 | O23: =N23-P23 -> 111779934 | P23: 0 | Q23: 5376303
E24: 立木竹 | F24: 0 | G24: =F24-H24 -> 0 | H24: 0 | I24: 0 | L24: その他固定負債 | N24: 0 | O24: =N24-P24 -> 0 | P24: 0 | Q24: 0
E25: 船舶 | F25: 0 | G25: =F25-H25 -> 0 | H25: 0 | I25: 0 | J25: 負債の部合計 | N25: 2410866072 | O25: =N25-P25 -> 330175515 | P25: 2080690557 | Q25: 2156320470
E26: 浮標等 | F26: 0 | G26: =F26-H26 -> 0 | H26: 0 | I26: 0 | J26: 純資産の部
E27: 航空機 | F27: 0 | G27: =F27-H27 -> 0 | H27: 0 | I27: 0 | K27: 累積余剰 | N27: 15369572971 | O27: =N27-P27 -> 735249108 | P27: 14634323863 | Q27: 9126332310
D28: 無形事業用固定資産 | F28: 0 | G28: =F28-H28 -> 0 | H28: 0 | I28: 0 | K28: 評価・換算差額等 | N28: 0 | O28: =N28-P28 -> 0 | P28: 0 | Q28: 0
E29: 地上権等 | F29: 0 | G29: =F29-H29 -> 0 | H29: 0 | I29: 0 | L29: その他有価証券評価差額金 | N29: 0 | O29: =N29-P29 -> 0 | P29: 0 | Q29: 0
E30: 特許権等 | F30: 0 | G30: =F30-H30 -> 0 | H30: 0 | I30: 0
C31: インフラ資産 | F31: 0 | G31: =F31-H31 -> 0 | H31: 0 | I31: 0
D32: 有形インフラ固定資産 | F32: 0 | G32: =F32-H32 -> 0 | H32: 0 | I32: 0
E33: 土地 | F33: 0 | G33: =F33-H33 -> 0 | H33: 0 | I33: 0
E34: 建物 | F34: 0 | G34: =F34-H34 -> 0 | H34: 0 | I34: 0
E35: 工作物 | F35: 0 | G35: =F35-H35 -> 0 | H35: 0 | I35: 0
D36: 無形インフラ固定資産 | F36: 0 | G36: =F36-H36 -> 0 | H36: 0 | I36: 0
E37: 地上権等 | F37: 0 | G37: =F37-H37 -> 0 | H37: 0 | I37: 0
E38: 特許権等 | F38: 0 | G38: =F38-H38 -> 0 | H38: 0 | I38: 0
C39: 重要物品 | F39: 0 | G39: =F39-H39 -> 0 | H39: 0 | I39: 0
C40: リース資産 | F40: 164675807 | G40: =F40-H40 -> 159299504 | H40: 5376303 | I40: 12544707
C41: ソフトウェア | F41: 1380495857 | G41: =F41-H41 -> 840494169 | H41: 540001688 | I41: 830931330
C42: 建設仮勘定 | F42: 0 | G42: =F42-H42 -> -880116479 | H42: 880116479 | I42: 238990127
C43: 出資金 | F43: 0 | G43: =F43-H43 -> 0 | H43: 0 | I43: 0
D44: 有価証券 | F44: 0 | G44: =F44-H44 -> 0 | H44: 0 | I44: 0
D45: 出資による権利 | F45: 0 | G45: =F45-H45 -> 0 | H45: 0 | I45: 0
D46: 公営企業会計出資金 | F46: 0 | G46: =F46-H46 -> 0 | H46: 0 | I46: 0
C47: 信託受益権 | F47: 0 | G47: =F47-H47 -> 0 | H47: 0 | I47: 0
C48: 基金 | F48: 13799979043 | G48: =F48-H48 -> 4505569455 | H48: 9294409588 | I48: 9278593527
D49: 公債償還基金 | F49: 0 | G49: =F49-H49 -> 0 | H49: 0 | I49: 0
D50: その他基金 | F50: 13799979043 | G50: =F50-H50 -> 4505569455 | H50: 9294409588 | I50: 9278593527
C51: 貸倒引当金 | F51: 0 | G51: =F51-H51 -> 0 | H51: 0 | I51: 0
C52: 長期貸付金 | F52: 0 | G52: =F52-H52 -> 0 | H52: 0 | I52: 0
C53: 貸倒引当金 | F53: 0 | G53: =F53-H53 -> 0 | H53: 0 | I53: 0
C54: その他債権 | F54: 0 | G54: =F54-H54 -> 0 | H54: 0 | I54: 0
C55: 貸倒引当金 | F55: 0 | G55: =F55-H55 -> 0 | H55: 0 | I55: 0 | J55: 純資産の部合計 | N55: 15369572971 | O55: =N55-P55 -> 735249108 | P55: 14634323863 | Q55: 9126332310
A56: 資産の部合計 | F56: 17780439043 | G56: =F56-H56 -> 1065424623 | H56: 16715014420 | I56: 11282652780 | J56: 負債及び純資産の部合計 | N56: 17780439043 | O56: =N56-P56 -> 1065424623 | P56: 16715014420 | Q56: 11282652780

Sheet 行政コスト計算書（介護保険事業会計）
A1: 比較行政コスト計算書（介護保険事業会計） | I1: （単位：円）
E2: ='貸借対照表（一般会計）'!F2 -> 令和７年度 | G2: ='貸借対照表（一般会計）'!H2 -> 令和６年度 | H2: ='貸借対照表（一般会計）'!I2 -> 令和５年度
E3: 金額 | F3: 対前年度 増減額 | G3: 金額 | H3: 金額
A4: 経常収益 | E4: 341948859667 | F4: =E4-G4 -> 8650470964 | G4: 333298388703 | H4: 311484361000
B5: 市税 | E5: 0 | F5: =E5-G5 -> 0 | G5: 0 | H5: 0
B6: 地方譲与税 | E6: 0 | F6: =E6-G6 -> 0 | G6: 0 | H6: 0
B7: 交付金 | E7: 88018590769 | F7: =E7-G7 -> 2483484099 | G7: 85535106670 | H7: 81774557366
B8: 地方特例交付金 | E8: 0 | F8: =E8-G8 -> 0 | G8: 0 | H8: 0
B9: 地方交付税 | E9: 0 | F9: =E9-G9 -> 0 | G9: 0 | H9: 0
B10: 保険料 | E10: 66074688030 | F10: =E10-G10 -> 1196140879 | G10: 64878547151 | H10: 54541290215
B11: 分担金及び負担金 | E11: 0 | F11: =E11-G11 -> 0 | G11: 0 | H11: 0
B12: 使用料及び手数料 | E12: 51371500 | F12: =E12-G12 -> 4256500 | G12: 47115000 | H12: 49276500
B13: 国・府支出金 | E13: 133813540884 | F13: =E13-G13 -> 3532921534 | G13: 130280619350 | H13: 124402104894
B14: 他会計からの繰入金 | E14: 53831669339 | F14: =E14-G14 -> 1481537972 | G14: 52350131367 | H14: 50651434347
C15: 一般会計からの繰入金 | E15: 53831669339 | F15: =E15-G15 -> 1481537972 | G15: 52350131367 | H15: 50651434347
C16: 特別会計からの繰入金 | E16: 0 | F16: =E16-G16 -> 0 | G16: 0 | H16: 0
C17: 公営企業からの繰入金 | E17: 0 | F17: =E17-G17 -> 0 | G17: 0 | H17: 0
B18: 棚卸資産売却収入 | E18: 0 | F18: =E18-G18 -> 0 | G18: 0 | H18: 0
B19: 受取利息及び配当金 | E19: 60984203 | F19: =E19-G19 -> 45168142 | G19: 15816061 | H19: 1062368
B20: その他経常収益 | E20: 98014942 | F20: =E20-G20 -> -93038162 | G20: 191053104 | H20: 64635310
A21: 経常費用 | E21: 340840657904 | F21: =E21-G21 -> 13155415002 | G21: 327685242902 | H21: 314751496555
B22: 給与関係費 | E22: 2322704822 | F22: =E22-G22 -> 62454704 | G22: 2260250118 | H22: 2216747121
B23: 賞与引当金繰入額 | E23: 167257652 | F23: =E23-G23 -> 11881982 | G23: 155375670 | H23: 156421046
B24: 退職手当引当金繰入額 | E24: 147988218 | F24: =E24-G24 -> 215425827 | G24: -67437609 | H24: -50325331
B25: 物件費 | E25: 10199998799 | F25: =E25-G25 -> 360810705 | G25: 9839188094 | H25: 9631340040
B26: 維持補修費 | E26: 7223057 | F26: =E26-G26 -> 2221002 | G26: 5002055 | H26: 9355033
B27: 減価償却費 | E27: 369715700 | F27: =E27-G27 -> -7306631 | G27: 377022331 | H27: 371664385
B28: 支払利息及び手数料 | E28: 0 | F28: =E28-G28 -> 0 | G28: 0 | H28: 0
B29: 貸倒損失 | E29: 56150 | F29: =E29-G29 -> 56150 | G29: 0 | H29: 0
B30: 貸倒引当金繰入額 | E30: 391125600 | F30: =E30-G30 -> -107617377 | G30: 498742977 | H30: 409643971
B31: 損失補償等引当金繰入額 | E31: 0 | F31: =E31-G31 -> 0 | G31: 0 | H31: 0
B32: 棚卸資産売却原価 | E32: 0 | F32: =E32-G32 -> 0 | G32: 0 | H32: 0
B33: 扶助費 | E33: 266570408 | F33: =E33-G33 -> 14131115 | G33: 252439293 | H33: 241736903
... B35: 他会計への繰出金 | E35: 0 | F35: =E35-G35 -> 0 | G35: 0 | H35: 0
C36: 一般会計への繰出金 | E36: 0 | F36: =E36-G36 -> 0 | G36: 0 | H36: 0
C37: 特別会計への繰出金 | E37: 0 | F37: =E37-G37 -> 0 | G37: 0 | H37: 0
C38: 公営企業への繰出金 | E38: 0 | F38: =E38-G38 -> 0 | G38: 0 | H38: 0
B39: その他経常費用 | E39: 0 | F39: =E39-G39 -> 0 | G39: 0 | H39: 0
A40: 経常収支差額 | E40: 1108201763 | F40: =E40-G40 -> -4504944038 | G40: 5613145801 | H40: -3267135555
A41: 特別利益 | E41: 0 | F41: =E41-G41 -> 0 | G41: 0 | H41: 0
B42: 資産売却益 | E42: 0 | F42: =E42-G42 -> 0 | G42: 0 | H42: 0
B43: 資産受贈益 | E43: 0 | F43: =E43-G43 -> 0 | G43: 0 | H43: 0
B44: 事業再編等に伴う移転損益 | E44: 0 | F44: =E44-G44 -> 0 | G44: 0 | H44: 0
B45: その他特別利益 | E45: 0 | F45: =E45-G45 -> 0 | G45: 0 | H45: 0
A46: 特別損失 | E46: 372952655 | F46: =E46-G46 -> 267798407 | G46: 105154248 | H46: 114345856
B47: 資産除売却損 | E47: 0 | F47: =E47-G47 -> 0 | G47: 0 | H47: 0
B48: 災害による損失 | E48: 0 | F48: =E48-G48 -> 0 | G48: 0 | H48: 0
B49: 貸倒損失 | E49: 0 | F49: =E49-G49 -> 0 | G49: 0 | H49: 0
B50: 出資金評価損 | E50: 0 | F50: =E50-G50 -> 0 | G50: 0 | H50: 0
B51: 事業再編等に伴う移転損益 | E51: 0 | F51: =E51-G51 -> 0 | G51: 0 | H51: 0
B52: その他特別損失 | E52: 372952655 | F52: =E52-G52 -> 267798407 | G52: 105154248 | H52: 114345856
A53: 特別収支差額 | E53: -372952655 | F53: =E53-G53 -> -267798407 | G53: -105154248 | H53: -114345856
A54: 当年度収支差額 | E54: 735249108 | F54: =E54-G54 -> -4772742445 | G54: 5507991553 | H54: -3381481411

Sheet キャッシュ・フロー計算書（介護保険事業会計）
A1: 比較キャッシュ・フロー計算書（介護保険事業会計） | J1: （単位：円）
F2: ='貸借対照表（一般会計）'!F2 -> 令和７年度 | H2: ='貸借対照表（一般会計）'!H2 -> 令和６年度 | I2: ='貸借対照表（一般会計）'!I2 -> 令和５年度
F3: 金額 | G3: 対前年度 増減額 | H3: 金額 | I3: 金額
A4: 行政サービス活動
B5: 行政サービス活動収入 | F5: 341544616371 | G5: =F5-H5 -> 8819378914 | H5: 332725237457 | I5: 311123821198
C6: 市税収入 | F6: 0 | G6: =F6-H6 -> 0 | H6: 0 | I6: 0
C7: 地方譲与税収入 | F7: 0 | G7: =F7-H7 -> 0 | H7: 0 | I7: 0
C8: 交付金収入 | F8: 88018590769 | G8: =F8-H8 -> 2483484099 | H8: 85535106670 | I8: 81774557366
C9: 地方特例交付金収入 | F9: 0 | G9: =F9-H9 -> 0 | H9: 0 | I9: 0
C10: 地方交付税収入 | F10: 0 | G10: =F10-H10 -> 0 | H10: 0 | I10: 0
C11: 保険料収入 | F11: 65621848895 | G11: =F11-H11 -> 1232053574 | H11: 64389795321 | I11: 54173036352
C12: 分担金及び負担金収入 | F12: 0 | G12: =F12-H12 -> 0 | H12: 0 | I12: 0
C13: 使用料及び手数料収入 | F13: 51371500 | G13: =F13-H13 -> 5096500 | H13: 46275000 | I13: 49276500
C14: 国・府支出金収入 | F14: 133813540884 | G14: =F14-H14 -> 3532921534 | H14: 130280619350 | I14: 124402104894
C15: 他会計からの繰入金収入 | F15: 53831669339 | G15: =F15-H15 -> 1481537972 | H15: 52350131367 | I15: 50651434347
D16: 一般会計からの繰入金収入 | F16: 53831669339 | G16: =F16-H16 -> 1481537972 | H16: 52350131367 | I16: 50651434347
D17: 特別会計からの繰入金収入 | F17: 0 | G17: =F17-H17 -> 0 | H17: 0 | I17: 0
D18: 公営企業会計からの繰入金収入 | F18: 0 | G18: =F18-H18 -> 0 | H18: 0 | I18: 0
C19: 棚卸資産売却収入 | F19: 0 | G19: =F19-H19 -> 0 | H19: 0 | I19: 0
C20: 受取利息及び配当金収入 | F20: 60984203 | G20: =F20-H20 -> 45168142 | H20: 15816061 | I20: 1062368
C21: その他行政収入 | F21: 146610781 | G21: =F21-H21 -> 39117093 | H21: 107493688 | I21: 72349371
B22: 行政サービス活動支出 | F22: 340055258601 | G22: =F22-H22 -> 13075785471 | H22: 326979473130 | I22: 314133017519
C23: 給与関係費支出 | F23: 2478053061 | G23: =F23-H23 -> 61403373 | H23: 2416649688 | I23: 2374387200
C24: 物件費支出 | F24: 10199998799 | G24: =F24-H24 -> 360810705 | H24: 9839188094 | I24: 9631340040
C25: 維持補修費支出 | F25: 7223057 | G25: =F25-H25 -> 2221002 | H25: 5002055 | I25: 9355033
C26: 支払利息及び手数料支出 | F26: 0 | G26: =F26-H26 -> 0 | H26: 0 | I26: 0
C27: 扶助費支出 | F27: 266570408 | G27: =F27-H27 -> 14131115 | H27: 252439293 | I27: 241736903
C28: 負担金・補助金・交付金等支出 | F28: 327103413276 | G28: =F28-H28 -> 12637219276 | H28: 314466194000 | I28: 301876198343
C29: 他会計への繰出金支出 | F29: 0 | G29: =F29-H29 -> 0 | H29: 0 | I29: 0
D30: 一般会計への繰出金支出 | F30: 0 | G30: =F30-H30 -> 0 | H30: 0 | I30: 0
D31: 特別会計への繰出金支出 | F31: 0 | G31: =F31-H31 -> 0 | H31: 0 | I31: 0
D32: 公営企業会計への繰出金支出 | F32: 0 | G32: =F32-H32 -> 0 | H32: 0 | I32: 0
C33: その他行政支出 | F33: 0 | G33: =F33-H33 -> 0 | H33: 0 | I33: 0
A34: 行政サービス活動収支差額 | F34: 1489357770 | G34: =F34-H34 -> -4256406557 | H34: 5745764327 | I34: -3009196321
A35: 投資活動
B36: 投資活動収入 | F36: 0 | G36: =F36-H36 -> 0 | H36: 0 | I36: 3155544471
C37: 資産売却収入 | F37: 0 | G37: =F37-H37 -> 0 | H37: 0 | I37: 0
C38: 基金繰入金（取崩額） | F38: 0 | G38: =F38-H38 -> 0 | H38: 0 | I38: 3155544471
D39: 財政調整基金（取崩額） | F39: 0 | G39: =F39-H39 -> 0 | H39: 0 | I39: 0
D40: その他の基金（取崩額） | F40: 0 | G40: =F40-H40 -> 0 | H40: 0 | I40: 3155544471
C41: 貸付金回収元金収入 | F41: 0 | G41: =F41-H41 -> 0 | H41: 0 | I41: 0
C42: 他会計からの繰入金収入 | F42: 0 | G42: =F42-H42 -> 0 | H42: 0 | I42: 0
D43: 一般会計からの繰入金収入 | F43: 0 | G43: =F43-H43 -> 0 | H43: 0 | I43: 0
D44: 特別会計からの繰入金収入 | F44: 0 | G44: =F44-H44 -> 0 | H44: 0 | I44: 0
D45: 公営企業会計からの繰入金収入 | F45: 0 | G45: =F45-H45 -> 0 | H45: 0 | I45: 0
C46: 保証金等返還収入 | F46: 0 | G46: =F46-H46 -> 0 | H46: 0 | I46: 0
C47: その他投資活動収入 | F47: 0 | G47: =F47-H47 -> 0 | H47: 0 | I47: 0
B48: 投資活動支出 | F48: 4990596270 | G48: =F48-H48 -> 4254729572 | H48: 735866698 | I48: 465190446
C49: 固定資産取得支出 | F49: 485026815 | G49: =F49-H49 -> -235023822 | H49: 720050637 | I49: 291900171
C50: 基金積立金 | F50: 4505569455 | G50: =F50-H50 -> 4489753394 | H50: 15816061 | I50: 173290275
D51: 財政調整基金積立金 | F51: 0 | G51: =F51-H51 -> 0 | H51: 0 | I51: 0
D52: その他の基金積立金 | F52: 4505569455 | G52: =F52-H52 -> 4489753394 | H52: 15816061 | I52: 173290275
C53: 出資金支出 | F53: 0 | G53: =F53-H53 -> 0 | H53: 0 | I53: 0
C54: 貸付金支出 | F54: 0 | G54: =F54-H54 -> 0 | H54: 0 | I54: 0
C55: 他会計への繰出金支出 | F55: 0 | G55: =F55-H55 -> 0 | H55: 0 | I55: 0
D56: 一般会計への繰出金支出 | F56: 0 | G56: =F56-H56 -> 0 | H56: 0 | I56: 0
D57: 特別会計への繰出金支出 | F57: 0 | G57: =F57-H57 -> 0 | H57: 0 | I57: 0
D58: 公営企業会計への繰出金支出 | F58: 0 | G58: =F58-H58 -> 0 | H58: 0 | I58: 0
C59: 保証金等支出 | F59: 0 | G59: =F59-H59 -> 0 | H59: 0 | I59: 0
A60: 投資活動収支差額 | F60: -4990596270 | G60: =F60-H60 -> -4254729572 | H60: -735866698 | I60: 2690354025
A61: 財務活動
B62: 財務活動収入 | F62: 0 | G62: =F62-H62 -> 0 | H62: 0 | I62: 0
C63: 地方債収入 | F63: 0 | G63: =F63-H63 -> 0 | H63: 0 | I63: 0
C64: 借入金収入 | F64: 0 | G64: =F64-H64 -> 0 | H64: 0 | I64: 0
C65: 他会計からの繰入金収入 | F65: 0 | G65: =F65-H65 -> 0 | H65: 0 | I65: 0
D66: 一般会計からの繰入金収入 | F66: 0 | G66: =F66-H66 -> 0 | H66: 0 | I66: 0
D67: 特別会計からの繰入金収入 | F67: 0 | G67: =F67-H67 -> 0 | H67: 0 | I67: 0
D68: 公営企業会計からの繰入金収入 | F68: 0 | G68: =F68-H68 -> 0 | H68: 0 | I68: 0
C69: その他財務活動収入 | F69: 0 | G69: =F69-H69 -> 0 | H69: 0 | I69: 0
B70: 財務活動支出 | F70: 69250563 | G70: =F70-H70 -> 62082159 | H70: 7168404 | I70: 7168404
C71: 地方債償還金支出 | F71: 0 | G71: =F71-H71 -> 0 | H71: 0 | I71: 0
C72: 借入金償還金支出 | F72: 0 | G72: =F72-H72 -> 0 | H72: 0 | I72: 0
C73: リース債務償還金支出 | F73: 69250563 | G73: =F73-H73 -> 62082159 | H73: 7168404 | I73: 7168404
C74: 他会計への繰出金支出 | F74: 0 | G74: =F74-H74 -> 0 | H74: 0 | I74: 0
D75: 一般会計への繰出金支出 | F75: 0 | G75: =F75-H75 -> 0 | H75: 0 | I75: 0
D76: 特別会計への繰出金支出 | F76: 0 | G76: =F76-H76 -> 0 | H76: 0 | I76: 0
D77: 公営企業会計への繰出金支出 | F77: 0 | G77: =F77-H77 -> 0 | H77: 0 | I77: 0
C78: その他財務活動支出 | F78: 0 | G78: =F78-H78 -> 0 | H78: 0 | I78: 0
A79: 財務活動収支差額 | F79: -69250563 | G79: =F79-H79 -> -62082159 | H79: -7168404 | I79: -7168404
A80: 当年度現金預金増減額 | F80: -3570489063 | G80: =F80-H80 -> -8573218288 | H80: 5002729225 | I80: -326010700
A81: 前年度末現金預金残高 | F81: 5222109532 | G81: =F81-H81 -> 5002729225 | H81: 219380307 | I81: 545391007
A82: 当年度末現金預金残高 | F82: 1651620469 | G82: =F82-H82 -> -3570489063 | H82: 5222109532 | I82: 219380307

Sheet 貸借対照表（後期高齢者医療事業会計）
A1: 比較貸借対照表（後期高齢者医療事業会計） | Q1: （単位：円）
F2: ='貸借対照表（一般会計）'!F2 -> 令和７年度 | H2: ='貸借対照表（一般会計）'!H2 -> 令和６年度 | I2: ='貸借対照表（一般会計）'!I2 -> 令和５年度 | N2: ='貸借対照表（一般会計）'!F2 -> 令和７年度 | P2: ='貸借対照表（一般会計）'!H2 -> 令和６年度 | Q2: ='貸借対照表（一般会計）'!I2 -> 令和５年度
F3: 金額 | G3: 対前年度 増減額 | H3: 金額 | I3: 金額 | N3: 金額 | O3: 対前年度 増減額 | P3: 金額 | Q3: 金額
A4: 資産の部 | J4: 負債の部
B5: 流動資産 | F5: 2788171006 | G5: =F5-H5 -> 107655940 | H5: 2680515066 | I5: 3202888736 | K5: 流動負債 | N5: 60435472 | O5: =N5-P5 -> 18885983 | P5: 41549489 | Q5: 44360107
C6: 現金預金 | F6: 2395134280 | G6: =F6-H6 -> 39332768 | H6: 2355801512 | I6: 2916156775 | L6: 地方債 | N6: 0 | O6: =N6-P6 -> 0 | P6: 0 | Q6: 0
D7: 歳計現金 | F7: 2395134280 | G7: =F7-H7 -> 39332768 | H7: 2355801512 | I7: 2916156775 | L7: 短期借入金 | N7: 0 | O7: =N7-P7 -> 0 | P7: 0 | Q7: 0
D8: 歳入歳出外現金 | F8: 0 | G8: =F8-H8 -> 0 | H8: 0 | I8: 0 | M8: 他会計借入金 | N8: 0 | O8: =N8-P8 -> 0 | P8: 0 | Q8: 0
C9: 未収金 | F9: 571218838 | G9: =F9-H9 -> 60625919 | H9: 510592919 | I9: 456555898 | M9: その他短期借入金 | N9: 0 | O9: =N9-P9 -> 0 | P9: 0 | Q9: 0
C10: 貸倒引当金 | F10: -178182112 | G10: =F10-H10 -> 7697253 | H10: -185879365 | I10: -169823937 | L10: 賞与引当金 | N10: 45376268 | O10: =N10-P10 -> 5817072 | P10: 39559196 | Q10: 41981383
C11: 基金 | F11: 0 | G11: =F11-H11 -> 0 | H11: 0 | I11: 0 | L11: 未払金 | N11: 0 | O11: =N11-P11 -> 0 | P11: 0 | Q11: 0
D12: 財政調整基金 | F12: 0 | G12: =F12-H12 -> 0 | H12: 0 | I12: 0 | L12: 還付未済金 | N12: 0 | O12: =N12-P12 -> 0 | P12: 0 | Q12: 0
D13: 公債償還基金 | F13: 0 | G13: =F13-H13 -> 0 | H13: 0 | I13: 0 | L13: リース債務 | N13: 15059204 | O13: =N13-P13 -> 13068911 | P13: 1990293 | Q13: 2378724
C14: 貸倒引当金 | F14: 0 | G14: =F14-H14 -> 0 | H14: 0 | I14: 0 | L14: その他流動負債 | N14: 0 | O14: =N14-P14 -> 0 | P14: 0 | Q14: 0
C15: 短期貸付金 | F15: 0 | G15: =F15-H15 -> 0 | H15: 0 | I15: 0 | K15: 固定負債 | N15: 567012466 | O15: =N15-P15 -> 74610582 | P15: 492401884 | Q15: 588826165
C16: 貸倒引当金 | F16: 0 | G16: =F16-H16 -> 0 | H16: 0 | I16: 0 | L16: 地方債 | N16: 0 | O16: =N16-P16 -> 0 | P16: 0 | Q16: 0
C17: その他流動資産 | F17: 0 | G17: =F17-H17 -> 0 | H17: 0 | I17: 0 | L17: 長期借入金 | N17: 0 | O17: =N17-P17 -> 0 | P17: 0 | Q17: 0
B18: 固定資産 | F18: 409572170 | G18: =F18-H18 -> 28610229 | H18: 380961941 | I18: 282357580 | M18: 他会計借入金 | N18: 0 | O18: =N18-P18 -> 0 | P18: 0 | Q18: 0
C19: 事業用資産 | F19: 0 | G19: =F19-H19 -> 0 | H19: 0 | I19: 0 | M19: その他長期借入金 | N19: 0 | O19: =N19-P19 -> 0 | P19: 0 | Q19: 0
D20: 有形事業用固定資産 | F20: 0 | G20: =F20-H20 -> 0 | H20: 0 | I20: 0 | L20: 退職手当引当金 | N20: 541861984 | O20: =N20-P20 -> 50147600 | P20: 491714384 | Q20: 586148372
E21: 土地 | F21: 0 | G21: =F21-H21 -> 0 | H21: 0 | I21: 0 | L21: 損失補償等引当金 | N21: 0 | O21: =N21-P21 -> 0 | P21: 0 | Q21: 0
E22: 建物 | F22: 0 | G22: =F22-H22 -> 0 | H22: 0 | I22: 0 | L22: 長期未払金 | N22: 0 | O22: =N22-P22 -> 0 | P22: 0 | Q22: 0
E23: 工作物 | F23: 0 | G23: =F23-H23 -> 0 | H23: 0 | I23: 0 | L23: リース債務 | N23: 25150482 | O23: =N23-P23 -> 24462982 | P23: 687500 | Q23: 2677793
E24: 立木竹 | F24: 0 | G24: =F24-H24 -> 0 | H24: 0 | I24: 0 | L24: その他固定負債 | N24: 0 | O24: =N24-P24 -> 0 | P24: 0 | Q24: 0
E25: 船舶 | F25: 0 | G25: =F25-H25 -> 0 | H25: 0 | I25: 0 | J25: 負債の部合計 | N25: 627447938 | O25: =N25-P25 -> 93496565 | P25: 533951373 | Q25: 633186272
E26: 浮標等 | F26: 0 | G26: =F26-H26 -> 0 | H26: 0 | I26: 0 | J26: 純資産の部
E27: 航空機 | F27: 0 | G27: =F27-H27 -> 0 | H27: 0 | I27: 0 | K27: 累積余剰 | N27: 2570295238 | O27: =N27-P27 -> 42769604 | P27: 2527525634 | Q27: 2852060044
D28: 無形事業用固定資産 | F28: 0 | G28: =F28-H28 -> 0 | H28: 0 | I28: 0 | K28: 評価・換算差額等 | N28: 0 | O28: =N28-P28 -> 0 | P28: 0 | Q28: 0
E29: 地上権等 | F29: 0 | G29: =F29-H29 -> 0 | H29: 0 | I29: 0 | L29: その他有価証券評価差額金 | N29: 0 | O29: =N29-P29 -> 0 | P29: 0 | Q29: 0
E30: 特許権等 | F30: 0 | G30: =F30-H30 -> 0 | H30: 0 | I30: 0
C31: インフラ資産 | F31: 0 | G31: =F31-H31 -> 0 | H31: 0 | I31: 0
D32: 有形インフラ固定資産 | F32: 0 | G32: =F32-H32 -> 0 | H32: 0 | I32: 0
E33: 土地 | F33: 0 | G33: =F33-H33 -> 0 | H33: 0 | I33: 0
E34: 建物 | F34: 0 | G34: =F34-H34 -> 0 | H34: 0 | I34: 0
E35: 工作物 | F35: 0 | G35: =F35-H35 -> 0 | H35: 0 | I35: 0
D36: 無形インフラ固定資産 | F36: 0 | G36: =F36-H36 -> 0 | H36: 0 | I36: 0
E37: 地上権等 | F37: 0 | G37: =F37-H37 -> 0 | H37: 0 | I37: 0
E38: 特許権等 | F38: 0 | G38: =F38-H38 -> 0 | H38: 0 | I38: 0
C39: 重要物品 | F39: 0 | G39: =F39-H39 -> 0 | H39: 0 | I39: 0
C40: リース資産 | F40: 37739540 | G40: =F40-H40 -> 35180180 | H40: 2559360 | I40: 4780236
C41: ソフトウェア | F41: 337896310 | G41: =F41-H41 -> 210058516 | H41: 127837794 | I41: 229571959
C42: 建設仮勘定 | F42: 33936320 | G42: =F42-H42 -> -216628467 | H42: 250564787 | I42: 48005385
C43: 出資金 | F43: 0 | G43: =F43-H43 -> 0 | H43: 0 | I43: 0
D44: 有価証券 | F44: 0 | G44: =F44-H44 -> 0 | H44: 0 | I44: 0
D45: 出資による権利 | F45: 0 | G45: =F45-H45 -> 0 | H45: 0 | I45: 0
D46: 公営企業会計出資金 | F46: 0 | G46: =F46-H46 -> 0 | H46: 0 | I46: 0
C47: 信託受益権 | F47: 0 | G47: =F47-H47 -> 0 | H47: 0 | I47: 0
C48: 基金 | F48: 0 | G48: =F48-H48 -> 0 | H48: 0 | I48: 0
D49: 公債償還基金 | F49: 0 | G49: =F49-H49 -> 0 | H49: 0 | I49: 0
D50: その他基金 | F50: 0 | G50: =F50-H50 -> 0 | H50: 0 | I50: 0
C51: 貸倒引当金 | F51: 0 | G51: =F51-H51 -> 0 | H51: 0 | I51: 0
C52: 長期貸付金 | F52: 0 | G52: =F52-H52 -> 0 | H52: 0 | I52: 0
C53: 貸倒引当金 | F53: 0 | G53: =F53-H53 -> 0 | H53: 0 | I53: 0
C54: その他債権 | F54: 0 | G54: =F54-H54 -> 0 | H54: 0 | I54: 0
C55: 貸倒引当金 | F55: 0 | G55: =F55-H55 -> 0 | H55: 0 | I55: 0 | J55: 純資産の部合計 | N55: 2570295238 | O55: =N55-P55 -> 42769604 | P55: 2527525634 | Q55: 2852060044
A56: 資産の部合計 | F56: 3197743176 | G56: =F56-H56 -> 136266169 | H56: 3061477007 | I56: 3485246316 | J56: 負債及び純資産の部合計 | N56: 3197743176 | O56: =N56-P56 -> 136266169 | P56: 3061477007 | Q56: 3485246316

Sheet 行政コスト計算書（後期高齢者医療事業会計）
A1: 比較行政コスト計算書（後期高齢者医療事業会計） | I1: （単位：円）
E2: ='貸借対照表（一般会計）'!F2 -> 令和７年度 | G2: ='貸借対照表（一般会計）'!H2 -> 令和６年度 | H2: ='貸借対照表（一般会計）'!I2 -> 令和５年度
E3: 金額 | F3: 対前年度 増減額 | G3: 金額 | H3: 金額
A4: 経常収益 | E4: 43541391912 | F4: =E4-G4 -> 2167088904 | G4: 41374303008 | H4: 37398296929
B5: 市税 | E5: 0 | F5: =E5-G5 -> 0 | G5: 0 | H5: 0
B6: 地方譲与税 | E6: 0 | F6: =E6-G6 -> 0 | G6: 0 | H6: 0
B7: 交付金 | E7: 0 | F7: =E7-G7 -> 0 | G7: 0 | H7: 0
B8: 地方特例交付金 | E8: 0 | F8: =E8-G8 -> 0 | G8: 0 | H8: 0
B9: 地方交付税 | E9: 0 | F9: =E9-G9 -> 0 | G9: 0 | H9: 0
B10: 保険料 | E10: 33565327899 | F10: =E10-G10 -> 2168568113 | G10: 31396759786 | H10: 28183692402
B11: 分担金及び負担金 | E11: 0 | F11: =E11-G11 -> 0 | G11: 0 | H11: 0
B12: 使用料及び手数料 | E12: 14500 | F12: =E12-G12 -> 3500 | G12: 11000 | H12: 18500
B13: 国・府支出金 | E13: 35766000 | F13: =E13-G13 -> 35766000 | G13: 0 | H13: 0
B14: 他会計からの繰入金 | E14: 9857171880 | F14: =E14-G14 -> -111450111 | G14: 9968621991 | H14: 9192447075
C15: 一般会計からの繰入金 | E15: 9857171880 | F15: =E15-G15 -> -111450111 | G15: 9968621991 | H15: 9192447075
C16: 特別会計からの繰入金 | E16: 0 | F16: =E16-G16 -> 0 | G16: 0 | H16: 0
C17: 公営企業からの繰入金 | E17: 0 | F17: =E17-G17 -> 0 | G17: 0 | H17: 0
B18: 棚卸資産売却収入 | E18: 0 | F18: =E18-G18 -> 0 | G18: 0 | H18: 0
B19: 受取利息及び配当金 | E19: 0 | F19: =E19-G19 -> 0 | G19: 0 | H19: 0
B20: その他経常収益 | E20: 83111633 | F20: =E20-G20 -> 74201402 | G20: 8910231 | H20: 22138952
A21: 経常費用 | E21: 43353358511 | F21: =E21-G21 -> 1733761155 | G21: 41619597356 | H21: 37157593878
B22: 給与関係費 | E22: 481783652 | F22: =E22-G22 -> 12708085 | G22: 469075567 | H22: 474051849
B23: 賞与引当金繰入額 | E23: 45180573 | F23: =E23-G23 -> 5621377 | G23: 39559196 | H23: 41767857
B24: 退職手当引当金繰入額 | E24: 50147600 | F24: =E24-G24 -> 144581588 | G24: -94433988 | H24: 5893578
B25: 物件費 | E25: 437535737 | F25: =E25-G25 -> 61679205 | G25: 375856532 | H25: 359839347
B26: 維持補修費 | E26: 2135068 | F26: =E26-G26 -> 2113139 | G26: 21929 | H26: 16072
B27: 減価償却費 | E27: 94781161 | F27: =E27-G27 -> -9173880 | G27: 103955041 | H27: 115446232
B28: 支払利息及び手数料 | E28: 0 | F28: =E28-G28 -> 0 | G28: 0 | H28: 0
B29: 貸倒損失 | E29: 0 | F29: =E29-G29 -> 0 | G29: 0 | H29: 0
B30: 貸倒引当金繰入額 | E30: 79489819 | F30: =E30-G30 -> -19056702 | G30: 98546521 | H30: 85258685
B31: 損失補償等引当金繰入額 | E31: 0 | F31: =E31-G31 -> 0 | G31: 0 | H31: 0
B32: 棚卸資産売却原価 | E32: 0 | F32: =E32-G32 -> 0 | G32: 0 | H32: 0
B33: 扶助費 | E33: 0 | F33: =E33-G33 -> 0 | G33: 0 | H33: 0
... B35: 他会計への繰出金 | E35: 0 | F35: =E35-G35 -> 0 | G35: 0 | H35: 0
C36: 一般会計への繰出金 | E36: 0 | F36: =E36-G36 -> 0 | G36: 0 | H36: 0
C37: 特別会計への繰出金 | E37: 0 | F37: =E37-G37 -> 0 | G37: 0 | H37: 0
C38: 公営企業への繰出金 | E38: 0 | F38: =E38-G38 -> 0 | G38: 0 | H38: 0
B39: その他経常費用 | E39: 0 | F39: =E39-G39 -> 0 | G39: 0 | H39: 0
A40: 経常収支差額 | E40: 188033401 | F40: =E40-G40 -> 433327749 | G40: -245294348 | H40: 240703051
A41: 特別利益 | E41: 0 | F41: =E41-G41 -> 0 | G41: 0 | H41: 0
B42: 資産売却益 | E42: 0 | F42: =E42-G42 -> 0 | G42: 0 | H42: 0
B43: 資産受贈益 | E43: 0 | F43: =E43-G43 -> 0 | G43: 0 | H43: 0
B44: 事業再編等に伴う移転損益 | E44: 0 | F44: =E44-G44 -> 0 | G44: 0 | H44: 0
B45: その他特別利益 | E45: 0 | F45: =E45-G45 -> 0 | G45: 0 | H45: 0
A46: 特別損失 | E46: 145263797 | F46: =E46-G46 -> 66023735 | G46: 79240062 | H46: 89326796
B47: 資産除売却損 | E47: 0 | F47: =E47-G47 -> 0 | G47: 0 | H47: 0
B48: 災害による損失 | E48: 0 | F48: =E48-G48 -> 0 | G48: 0 | H48: 0
B49: 貸倒損失 | E49: 0 | F49: =E49-G49 -> 0 | G49: 0 | H49: 0
B50: 出資金評価損 | E50: 0 | F50: =E50-G50 -> 0 | G50: 0 | H50: 0
B51: 事業再編等に伴う移転損益 | E51: 0 | F51: =E51-G51 -> 0 | G51: 0 | H51: 0
B52: その他特別損失 | E52: 145263797 | F52: =E52-G52 -> 66023735 | G52: 79240062 | H52: 89326796
A53: 特別収支差額 | E53: -145263797 | F53: =E53-G53 -> -66023735 | G53: -79240062 | H53: -89326796
A54: 当年度収支差額 | E54: 42769604 | F54: =E54-G54 -> 367304014 | G54: -324534410 | H54: 151376255

Sheet キャッシュ・フロー計算書（後期高齢者医療事業会計）
A1: 比較キャッシュ・フロー計算書（後期高齢者医療事業会計） | J1: （単位：円）
F2: ='貸借対照表（一般会計）'!F2 -> 令和７年度 | H2: ='貸借対照表（一般会計）'!H2 -> 令和６年度 | I2: ='貸借対照表（一般会計）'!I2 -> 令和５年度
F3: 金額 | G3: 対前年度 増減額 | H3: 金額 | I3: 金額
A4: 行政サービス活動
B5: 行政サービス活動収入 | F5: 43392514241 | G5: =F5-H5 -> 2155687817 | H5: 41236826424 | I5: 37312569119
C6: 市税収入 | F6: 0 | G6: =F6-H6 -> 0 | H6: 0 | I6: 0
C7: 地方譲与税収入 | F7: 0 | G7: =F7-H7 -> 0 | H7: 0 | I7: 0
C8: 交付金収入 | F8: 0 | G8: =F8-H8 -> 0 | H8: 0 | I8: 0
C9: 地方特例交付金収入 | F9: 0 | G9: =F9-H9 -> 0 | H9: 0 | I9: 0
C10: 地方交付税収入 | F10: 0 | G10: =F10-H10 -> 0 | H10: 0 | I10: 0
C11: 保険料収入 | F11: 33416450228 | G11: =F11-H11 -> 2157167026 | H11: 31259283202 | I11: 28097957892
C12: 分担金及び負担金収入 | F12: 0 | G12: =F12-H12 -> 0 | H12: 0 | I12: 0
C13: 使用料及び手数料収入 | F13: 14500 | G13: =F13-H13 -> 3500 | H13: 11000 | I13: 18900
C14: 国・府支出金収入 | F14: 35766000 | G14: =F14-H14 -> 35766000 | H14: 0 | I14: 0
C15: 他会計からの繰入金収入 | F15: 9857171880 | G15: =F15-H15 -> -111450111 | H15: 9968621991 | I15: 9192447075
D16: 一般会計からの繰入金収入 | F16: 9857171880 | G16: =F16-H16 -> -111450111 | H16: 9968621991 | I16: 9192447075
D17: 特別会計からの繰入金収入 | F17: 0 | G17: =F17-H17 -> 0 | H17: 0 | I17: 0
D18: 公営企業会計からの繰入金収入 | F18: 0 | G18: =F18-H18 -> 0 | H18: 0 | I18: 0
C19: 棚卸資産売却収入 | F19: 0 | G19: =F19-H19 -> 0 | H19: 0 | I19: 0
C20: 受取利息及び配当金収入 | F20: 0 | G20: =F20-H20 -> 0 | H20: 0 | I20: 0
C21: その他行政収入 | F21: 83111633 | G21: =F21-H21 -> 74201402 | H21: 8910231 | I21: 22145252
B22: 行政サービス活動支出 | F22: 43205998693 | G22: =F22-H22 -> 1613755132 | H22: 41592243561 | I22: 37038703327
C23: 給与関係費支出 | F23: 521147153 | G23: =F23-H23 -> 10090203 | H23: 511056950 | I23: 515423835
C24: 物件費支出 | F24: 437535737 | G24: =F24-H24 -> 61679205 | H24: 375856532 | I24: 359839347
C25: 維持補修費支出 | F25: 2135068 | G25: =F25-H25 -> 2113139 | H25: 21929 | I25: 16072
C26: 支払利息及び手数料支出 | F26: 0 | G26: =F26-H26 -> 0 | H26: 0 | I26: 0
C27: 扶助費支出 | F27: 0 | G27: =F27-H27 -> 0 | H27: 0 | I27: 0
C28: 負担金・補助金・交付金等支出 | F28: 42245180735 | G28: =F28-H28 -> 1539872585 | H28: 40705308150 | I28: 36163424073
C29: 他会計への繰出金支出 | F29: 0 | G29: =F29-H29 -> 0 | H29: 0 | I29: 0
D30: 一般会計への繰出金支出 | F30: 0 | G30: =F30-H30 -> 0 | H30: 0 | I30: 0
D31: 特別会計への繰出金支出 | F31: 0 | G31: =F31-H31 -> 0 | H31: 0 | I31: 0
D32: 公営企業会計への繰出金支出 | F32: 0 | G32: =F32-H32 -> 0 | H32: 0 | I32: 0
C33: その他行政支出 | F33: 0 | G33: =F33-H33 -> 0 | H33: 0 | I33: 0
A34: 行政サービス活動収支差額 | F34: 186515548 | G34: =F34-H34 -> 541932685 | H34: -355417137 | I34: 273865792
A35: 投資活動
B36: 投資活動収入 | F36: 0 | G36: =F36-H36 -> 0 | H36: 0 | I36: 0
C37: 資産売却収入 | F37: 0 | G37: =F37-H37 -> 0 | H37: 0 | I37: 0
C38: 基金繰入金（取崩額） | F38: 0 | G38: =F38-H38 -> 0 | H38: 0 | I38: 0
D39: 財政調整基金（取崩額） | F39: 0 | G39: =F39-H39 -> 0 | H39: 0 | I39: 0
D40: その他の基金（取崩額） | F40: 0 | G40: =F40-H40 -> 0 | H40: 0 | I40: 0
C41: 貸付金回収元金収入 | F41: 0 | G41: =F41-H41 -> 0 | H41: 0 | I41: 0
C42: 他会計からの繰入金収入 | F42: 0 | G42: =F42-H42 -> 0 | H42: 0 | I42: 0
D43: 一般会計からの繰入金収入 | F43: 0 | G43: =F43-H43 -> 0 | H43: 0 | I43: 0
D44: 特別会計からの繰入金収入 | F44: 0 | G44: =F44-H44 -> 0 | H44: 0 | I44: 0
D45: 公営企業会計からの繰入金収入 | F45: 0 | G45: =F45-H45 -> 0 | H45: 0 | I45: 0
C46: 保証金等返還収入 | F46: 0 | G46: =F46-H46 -> 0 | H46: 0 | I46: 0
C47: その他投資活動収入 | F47: 0 | G47: =F47-H47 -> 0 | H47: 0 | I47: 0
B48: 投資活動支出 | F48: 130820783 | G48: =F48-H48 -> -71738619 | H48: 202559402 | I48: 54747753
C49: 固定資産取得支出 | F49: 130820783 | G49: =F49-H49 -> -71738619 | H49: 202559402 | I49: 54747753
C50: 基金積立金 | F50: 0 | G50: =F50-H50 -> 0 | H50: 0 | I50: 0
D51: 財政調整基金積立金 | F51: 0 | G51: =F51-H51 -> 0 | H51: 0 | I51: 0
D52: その他の基金積立金 | F52: 0 | G52: =F52-H52 -> 0 | H52: 0 | I52: 0
C53: 出資金支出 | F53: 0 | G53: =F53-H53 -> 0 | H53: 0 | I53: 0
C54: 貸付金支出 | F54: 0 | G54: =F54-H54 -> 0 | H54: 0 | I54: 0
C55: 他会計への繰出金支出 | F55: 0 | G55: =F55-H55 -> 0 | H55: 0 | I55: 0
D56: 一般会計への繰出金支出 | F56: 0 | G56: =F56-H56 -> 0 | H56: 0 | I56: 0
D57: 特別会計への繰出金支出 | F57: 0 | G57: =F57-H57 -> 0 | H57: 0 | I57: 0
D58: 公営企業会計への繰出金支出 | F58: 0 | G58: =F58-H58 -> 0 | H58: 0 | I58: 0
C59: 保証金等支出 | F59: 0 | G59: =F59-H59 -> 0 | H59: 0 | I59: 0
A60: 投資活動収支差額 | F60: -130820783 | G60: =F60-H60 -> 71738619 | H60: -202559402 | I60: -54747753
A61: 財務活動
B62: 財務活動収入 | F62: 0 | G62: =F62-H62 -> 0 | H62: 0 | I62: 0
C63: 地方債収入 | F63: 0 | G63: =F63-H63 -> 0 | H63: 0 | I63: 0
C64: 借入金収入 | F64: 0 | G64: =F64-H64 -> 0 | H64: 0 | I64: 0
C65: 他会計からの繰入金収入 | F65: 0 | G65: =F65-H65 -> 0 | H65: 0 | I65: 0
D66: 一般会計からの繰入金収入 | F66: 0 | G66: =F66-H66 -> 0 | H66: 0 | I66: 0
D67: 特別会計からの繰入金収入 | F67: 0 | G67: =F67-H67 -> 0 | H67: 0 | I67: 0
D68: 公営企業会計からの繰入金収入 | F68: 0 | G68: =F68-H68 -> 0 | H68: 0 | I68: 0
C69: その他財務活動収入 | F69: 0 | G69: =F69-H69 -> 0 | H69: 0 | I69: 0
B70: 財務活動支出 | F70: 16361997 | G70: =F70-H70 -> 13983273 | H70: 2378724 | I70: 2378724
C71: 地方債償還金支出 | F71: 0 | G71: =F71-H71 -> 0 | H71: 0 | I71: 0
C72: 借入金償還金支出 | F72: 0 | G72: =F72-H72 -> 0 | H72: 0 | I72: 0
C73: リース債務償還金支出 | F73: 16361997 | G73: =F73-H73 -> 13983273 | H73: 2378724 | I73: 2378724
C74: 他会計への繰出金支出 | F74: 0 | G74: =F74-H74 -> 0 | H74: 0 | I74: 0
D75: 一般会計への繰出金支出 | F75: 0 | G75: =F75-H75 -> 0 | H75: 0 | I75: 0
D76: 特別会計への繰出金支出 | F76: 0 | G76: =F76-H76 -> 0 | H76: 0 | I76: 0
D77: 公営企業会計への繰出金支出 | F77: 0 | G77: =F77-H77 -> 0 | H77: 0 | I77: 0
C78: その他財務活動支出 | F78: 0 | G78: =F78-H78 -> 0 | H78: 0 | I78: 0
A79: 財務活動収支差額 | F79: -16361997 | G79: =F79-H79 -> -13983273 | H79: -2378724 | I79: -2378724
A80: 当年度現金預金増減額 | F80: 39332768 | G80: =F80-H80 -> 599688031 | H80: -560355263 | I80: 216739315
A81: 前年度末現金預金残高 | F81: 2355801512 | G81: =F81-H81 -> -560355263 | H81: 2916156775 | I81: 2699417460
A82: 当年度末現金預金残高 | F82: 2395134280 | G82: =F82-H82 -> 39332768 | H82: 2355801512 | I82: 2916156775

Sheet 貸借対照表（公債費会計）
A1: 比較貸借対照表（公債費会計） | Q1: （単位：円）
F2: ='貸借対照表（一般会計）'!F2 -> 令和７年度 | H2: ='貸借対照表（一般会計）'!H2 -> 令和６年度 | I2: ='貸借対照表（一般会計）'!I2 -> 令和５年度 | N2: ='貸借対照表（一般会計）'!F2 -> 令和７年度 | P2: ='貸借対照表（一般会計）'!H2 -> 令和６年度 | Q2: ='貸借対照表（一般会計）'!I2 -> 令和５年度
F3: 金額 | G3: 対前年度 増減額 | H3: 金額 | I3: 金額 | N3: 金額 | O3: 対前年度 増減額 | P3: 金額 | Q3: 金額
A4: 資産の部 | J4: 負債の部
B5: 流動資産 | F5: 77426118022 | G5: =F5-H5 -> 12935399974 | H5: 64490718048 | I5: 124704596768 | K5: 流動負債 | N5: 77437827712 | O5: =N5-P5 -> 12936589720 | P5: 64501237992 | Q5: 124713512162
C6: 現金預金 | F6: 0 | G6: =F6-H6 -> 0 | H6: 0 | I6: 0 | L6: 地方債 | N6: 77279017517 | O6: =N6-P6 -> 12944916394 | P6: 64334101123 | Q6: 124523239669
D7: 歳計現金 | F7: 0 | G7: =F7-H7 -> 0 | H7: 0 | I7: 0 | L7: 短期借入金 | N7: 0 | O7: =N7-P7 -> 0 | P7: 0 | Q7: 0
D8: 歳入歳出外現金 | F8: 0 | G8: =F8-H8 -> 0 | H8: 0 | I8: 0 | M8: 他会計借入金 | N8: 0 | O8: =N8-P8 -> 0 | P8: 0 | Q8: 0
C9: 未収金 | F9: 0 | G9: =F9-H9 -> 0 | H9: 0 | I9: 0 | M9: その他短期借入金 | N9: 0 | O9: =N9-P9 -> 0 | P9: 0 | Q9: 0
C10: 貸倒引当金 | F10: 0 | G10: =F10-H10 -> 0 | H10: 0 | I10: 0 | L10: 賞与引当金 | N10: 11709690 | O10: =N10-P10 -> 1178252 | P10: 10531438 | Q10: 9916524
C11: 基金 | F11: 77426118022 | G11: =F11-H11 -> 12935399974 | H11: 64490718048 | I11: 124704596768 | L11: 未払金 | N11: 0 | O11: =N11-P11 -> 0 | P11: 0 | Q11: 0
D12: 財政調整基金 | F12: 0 | G12: =F12-H12 -> 0 | H12: 0 | I12: 0 | L12: 還付未済金 | N12: 0 | O12: =N12-P12 -> 0 | P12: 0 | Q12: 0
D13: 公債償還基金 | F13: 77426118022 | G13: =F13-H13 -> 12935399974 | H13: 64490718048 | I13: 124704596768 | L13: リース債務 | N13: 0 | O13: =N13-P13 -> 0 | P13: 0 | Q13: 0
C14: 貸倒引当金 | F14: 0 | G14: =F14-H14 -> 0 | H14: 0 | I14: 0 | L14: その他流動負債 | N14: 147100505 | O14: =N14-P14 -> -9504926 | P14: 156605431 | Q14: 180355969
C15: 短期貸付金 | F15: 0 | G15: =F15-H15 -> 0 | H15: 0 | I15: 0 | K15: 固定負債 | N15: 478243625362 | O15: =N15-P15 -> 5981942341 | P15: 472261683021 | Q15: 453046019574
C16: 貸倒引当金 | F16: 0 | G16: =F16-H16 -> 0 | H16: 0 | I16: 0 | L16: 地方債 | N16: 477345824845 | O16: =N16-P16 -> 6120824483 | P16: 471225000362 | Q16: 451845774502
C17: その他流動資産 | F17: 0 | G17: =F17-H17 -> 0 | H17: 0 | I17: 0 | L17: 長期借入金 | N17: 0 | O17: =N17-P17 -> 0 | P17: 0 | Q17: 0
B18: 固定資産 | F18: 478893975194 | G18: =F18-H18 -> 6288878060 | H18: 472605097134 | I18: 453205108520 | M18: 他会計借入金 | N18: 0 | O18: =N18-P18 -> 0 | P18: 0 | Q18: 0
C19: 事業用資産 | F19: 0 | G19: =F19-H19 -> 0 | H19: 0 | I19: 0 | M19: その他長期借入金 | N19: 0 | O19: =N19-P19 -> 0 | P19: 0 | Q19: 0
D20: 有形事業用固定資産 | F20: 0 | G20: =F20-H20 -> 0 | H20: 0 | I20: 0 | L20: 退職手当引当金 | N20: 57326448 | O20: =N20-P20 -> 9477753 | P20: 47848695 | Q20: 48752464
E21: 土地 | F21: 0 | G21: =F21-H21 -> 0 | H21: 0 | I21: 0 | L21: 損失補償等引当金 | N21: 0 | O21: =N21-P21 -> 0 | P21: 0 | Q21: 0
E22: 建物 | F22: 0 | G22: =F22-H22 -> 0 | H22: 0 | I22: 0 | L22: 長期未払金 | N22: 0 | O22: =N22-P22 -> 0 | P22: 0 | Q22: 0
E23: 工作物 | F23: 0 | G23: =F23-H23 -> 0 | H23: 0 | I23: 0 | L23: リース債務 | N23: 0 | O23: =N23-P23 -> 0 | P23: 0 | Q23: 0
E24: 立木竹 | F24: 0 | G24: =F24-H24 -> 0 | H24: 0 | I24: 0 | L24: その他固定負債 | N24: 840474069 | O24: =N24-P24 -> -148359895 | P24: 988833964 | Q24: 1151492608
E25: 船舶 | F25: 0 | G25: =F25-H25 -> 0 | H25: 0 | I25: 0 | J25: 負債の部合計 | N25: 555681453074 | O25: =N25-P25 -> 18918532061 | P25: 536762921013 | Q25: 577759531736
E26: 浮標等 | F26: 0 | G26: =F26-H26 -> 0 | H26: 0 | I26: 0 | J26: 純資産の部
E27: 航空機 | F27: 0 | G27: =F27-H27 -> 0 | H27: 0 | I27: 0 | K27: 累積余剰 | N27: 638640142 | O27: =N27-P27 -> 305745973 | P27: 332894169 | Q27: 150173552
D28: 無形事業用固定資産 | F28: 0 | G28: =F28-H28 -> 0 | H28: 0 | I28: 0 | K28: 評価・換算差額等 | N28: 0 | O28: =N28-P28 -> 0 | P28: 0 | Q28: 0
E29: 地上権等 | F29: 0 | G29: =F29-H29 -> 0 | H29: 0 | I29: 0 | L29: その他有価証券評価差額金 | N29: 0 | O29: =N29-P29 -> 0 | P29: 0 | Q29: 0
E30: 特許権等 | F30: 0 | G30: =F30-H30 -> 0 | H30: 0 | I30: 0
C31: インフラ資産 | F31: 0 | G31: =F31-H31 -> 0 | H31: 0 | I31: 0
D32: 有形インフラ固定資産 | F32: 0 | G32: =F32-H32 -> 0 | H32: 0 | I32: 0
E33: 土地 | F33: 0 | G33: =F33-H33 -> 0 | H33: 0 | I33: 0
E34: 建物 | F34: 0 | G34: =F34-H34 -> 0 | H34: 0 | I34: 0
E35: 工作物 | F35: 0 | G35: =F35-H35 -> 0 | H35: 0 | I35: 0
D36: 無形インフラ固定資産 | F36: 0 | G36: =F36-H36 -> 0 | H36: 0 | I36: 0
E37: 地上権等 | F37: 0 | G37: =F37-H37 -> 0 | H37: 0 | I37: 0
E38: 特許権等 | F38: 0 | G38: =F38-H38 -> 0 | H38: 0 | I38: 0
C39: 重要物品 | F39: 0 | G39: =F39-H39 -> 0 | H39: 0 | I39: 0
C40: リース資産 | F40: 0 | G40: =F40-H40 -> 0 | H40: 0 | I40: 0
C41: ソフトウェア | F41: 2175598 | G41: =F41-H41 -> -992208 | H41: 3167806 | I41: 4160014
C42: 建設仮勘定 | F42: 0 | G42: =F42-H42 -> 0 | H42: 0 | I42: 0
C43: 出資金 | F43: 0 | G43: =F43-H43 -> 0 | H43: 0 | I43: 0
D44: 有価証券 | F44: 0 | G44: =F44-H44 -> 0 | H44: 0 | I44: 0
D45: 出資による権利 | F45: 0 | G45: =F45-H45 -> 0 | H45: 0 | I45: 0
D46: 公営企業会計出資金 | F46: 0 | G46: =F46-H46 -> 0 | H46: 0 | I46: 0
C47: 信託受益権 | F47: 0 | G47: =F47-H47 -> 0 | H47: 0 | I47: 0
C48: 基金 | F48: 478891799596 | G48: =F48-H48 -> 6289870268 | H48: 472601929328 | I48: 453200948506
D49: 公債償還基金 | F49: 478891799596 | G49: =F49-H49 -> 6289870268 | H49: 472601929328 | I49: 453200948506
D50: その他基金 | F50: 0 | G50: =F50-H50 -> 0 | H50: 0 | I50: 0
C51: 貸倒引当金 | F51: 0 | G51: =F51-H51 -> 0 | H51: 0 | I51: 0
C52: 長期貸付金 | F52: 0 | G52: =F52-H52 -> 0 | H52: 0 | I52: 0
C53: 貸倒引当金 | F53: 0 | G53: =F53-H53 -> 0 | H53: 0 | I53: 0
C54: その他債権 | F54: 0 | G54: =F54-H54 -> 0 | H54: 0 | I54: 0
C55: 貸倒引当金 | F55: 0 | G55: =F55-H55 -> 0 | H55: 0 | I55: 0 | J55: 純資産の部合計 | N55: 638640142 | O55: =N55-P55 -> 305745973 | P55: 332894169 | Q55: 150173552
A56: 資産の部合計 | F56: 556320093216 | G56: =F56-H56 -> 19224278034 | H56: 537095815182 | I56: 577909705288 | J56: 負債及び純資産の部合計 | N56: 556320093216 | O56: =N56-P56 -> 19224278034 | P56: 537095815182 | Q56: 577909705288

Sheet 行政コスト計算書（公債費会計）
A1: 比較行政コスト計算書（公債費会計） | I1: （単位：円）
E2: ='貸借対照表（一般会計）'!F2 -> 令和７年度 | G2: ='貸借対照表（一般会計）'!H2 -> 令和６年度 | H2: ='貸借対照表（一般会計）'!I2 -> 令和５年度
E3: 金額 | F3: 対前年度 増減額 | G3: 金額 | H3: 金額
A4: 経常収益 | E4: 7306942701 | F4: =E4-G4 -> 838150206 | G4: 6468792495 | H4: 6215615264
B5: 市税 | E5: 0 | F5: =E5-G5 -> 0 | G5: 0 | H5: 0
B6: 地方譲与税 | E6: 0 | F6: =E6-G6 -> 0 | G6: 0 | H6: 0
B7: 交付金 | E7: 0 | F7: =E7-G7 -> 0 | G7: 0 | H7: 0
B8: 地方特例交付金 | E8: 0 | F8: =E8-G8 -> 0 | G8: 0 | H8: 0
B9: 地方交付税 | E9: 0 | F9: =E9-G9 -> 0 | G9: 0 | H9: 0
B10: 保険料 | E10: 0 | F10: =E10-G10 -> 0 | G10: 0 | H10: 0
B11: 分担金及び負担金 | E11: 0 | F11: =E11-G11 -> 0 | G11: 0 | H11: 0
B12: 使用料及び手数料 | E12: 0 | F12: =E12-G12 -> 0 | G12: 0 | H12: 0
B13: 国・府支出金 | E13: 0 | F13: =E13-G13 -> 0 | G13: 0 | H13: 0
B14: 他会計からの繰入金 | E14: 3759006896 | F14: =E14-G14 -> -701480401 | G14: 4460487297 | H14: 5133443621
C15: 一般会計からの繰入金 | E15: 3487047411 | F15: =E15-G15 -> -727431969 | G15: 4214479380 | H15: 4928593094
C16: 特別会計からの繰入金 | E16: 2118687 | F16: =E16-G16 -> -29436285 | G16: 31554972 | H16: 558284
C17: 公営企業からの繰入金 | E17: 269840798 | F17: =E17-G17 -> 55387853 | G17: 214452945 | H17: 204292243
B18: 棚卸資産売却収入 | E18: 0 | F18: =E18-G18 -> 0 | G18: 0 | H18: 0
B19: 受取利息及び配当金 | E19: 3547845640 | F19: =E19-G19 -> 1539540442 | G19: 2008305198 | H19: 1082145069
B20: その他経常収益 | E20: 90165 | F20: =E20-G20 -> 90165 | G20: 0 | H20: 26574
A21: 経常費用 | E21: 7001196728 | F21: =E21-G21 -> 715124850 | G21: 6286071878 | H21: 6104366028
B22: 給与関係費 | E22: 139406901 | F22: =E22-G22 -> 15369203 | G22: 124037698 | H22: 123032144
B23: 賞与引当金繰入額 | E23: 11709690 | F23: =E23-G23 -> 1178252 | G23: 10531438 | H23: 9916524
B24: 退職手当引当金繰入額 | E24: 9477753 | F24: =E24-G24 -> 10381522 | G24: -903769 | H24: -5921946
B25: 物件費 | E25: 16780063 | F25: =E25-G25 -> 1123934 | G25: 15656129 | H25: 15477769
B26: 維持補修費 | E26: 0 | F26: =E26-G26 -> 0 | G26: 0 | H26: 0
B27: 減価償却費 | E27: 992208 | F27: =E27-G27 -> 0 | G27: 992208 | H27: 528736
B28: 支払利息及び手数料 | E28: 6821544951 | F28: =E28-G28 -> 687062575 | G28: 6134482376 | H28: 5960054907
B29: 貸倒損失 | E29: 0 | F29: =E29-G29 -> 0 | G29: 0 | H29: 0
B30: 貸倒引当金繰入額 | E30: 0 | F30: =E30-G30 -> 0 | G30: 0 | H30: 0
B31: 損失補償等引当金繰入額 | E31: 0 | F31: =E31-G31 -> 0 | G31: 0 | H31: 0
B32: 棚卸資産売却原価 | E32: 0 | F32: =E32-G32 -> 0 | G32: 0 | H32: 0
B33: 扶助費 | E33: 0 | F33: =E33-G33 -> 0 | G33: 0 | H33: 0
... B35: 他会計への繰出金 | E35: 0 | F35: =E35-G35 -> 0 | G35: 0 | H35: 0
C36: 一般会計への繰出金 | E36: 0 | F36: =E36-G36 -> 0 | G36: 0 | H36: 0
C37: 特別会計への繰出金 | E37: 0 | F37: =E37-G37 -> 0 | G37: 0 | H37: 0
C38: 公営企業への繰出金 | E38: 0 | F38: =E38-G38 -> 0 | G38: 0 | H38: 0
B39: その他経常費用 | E39: 0 | F39: =E39-G39 -> 0 | G39: 0 | H39: 0
A40: 経常収支差額 | E40: 305745973 | F40: =E40-G40 -> 123025356 | G40: 182720617 | H40: 111249236
A41: 特別利益 | E41: 0 | F41: =E41-G41 -> 0 | G41: 0 | H41: 0
B42: 資産売却益 | E42: 0 | F42: =E42-G42 -> 0 | G42: 0 | H42: 0
B43: 資産受贈益 | E43: 0 | F43: =E43-G43 -> 0 | G43: 0 | H43: 0
B44: 事業再編等に伴う移転損益 | E44: 0 | F44: =E44-G44 -> 0 | G44: 0 | H44: 0
B45: その他特別利益 | E45: 0 | F45: =E45-G45 -> 0 | G45: 0 | H45: 0
A46: 特別損失 | E46: 0 | F46: =E46-G46 -> 0 | G46: 0 | H46: 0
B47: 資産除売却損 | E47: 0 | F47: =E47-G47 -> 0 | G47: 0 | H47: 0
B48: 災害による損失 | E48: 0 | F48: =E48-G48 -> 0 | G48: 0 | H48: 0
B49: 貸倒損失 | E49: 0 | F49: =E49-G49 -> 0 | G49: 0 | H49: 0
B50: 出資金評価損 | E50: 0 | F50: =E50-G50 -> 0 | G50: 0 | H50: 0
B51: 事業再編等に伴う移転損益 | E51: 0 | F51: =E51-G51 -> 0 | G51: 0 | H51: 0
B52: その他特別損失 | E52: 0 | F52: =E52-G52 -> 0 | G52: 0 | H52: 0
A53: 特別収支差額 | E53: 0 | F53: =E53-G53 -> 0 | G53: 0 | H53: 0
A54: 当年度収支差額 | E54: 305745973 | F54: =E54-G54 -> 123025356 | G54: 182720617 | H54: 111249236

Sheet キャッシュ・フロー計算書（公債費会計）
A1: 比較キャッシュ・フロー計算書（公債費会計） | J1: （単位：円）
F2: ='貸借対照表（一般会計）'!F2 -> 令和７年度 | H2: ='貸借対照表（一般会計）'!H2 -> 令和６年度 | I2: ='貸借対照表（一般会計）'!I2 -> 令和５年度
F3: 金額 | G3: 対前年度 増減額 | H3: 金額 | I3: 金額
A4: 行政サービス活動
B5: 行政サービス活動収入 | F5: 6989537021 | G5: =F5-H5 -> 705169626 | H5: 6284367395 | I5: 6099346015
C6: 市税収入 | F6: 0 | G6: =F6-H6 -> 0 | H6: 0 | I6: 0
C7: 地方譲与税収入 | F7: 0 | G7: =F7-H7 -> 0 | H7: 0 | I7: 0
C8: 交付金収入 | F8: 0 | G8: =F8-H8 -> 0 | H8: 0 | I8: 0
C9: 地方特例交付金収入 | F9: 0 | G9: =F9-H9 -> 0 | H9: 0 | I9: 0
C10: 地方交付税収入 | F10: 0 | G10: =F10-H10 -> 0 | H10: 0 | I10: 0
C11: 保険料収入 | F11: 0 | G11: =F11-H11 -> 0 | H11: 0 | I11: 0
C12: 分担金及び負担金収入 | F12: 0 | G12: =F12-H12 -> 0 | H12: 0 | I12: 0
C13: 使用料及び手数料収入 | F13: 0 | G13: =F13-H13 -> 0 | H13: 0 | I13: 0
C14: 国・府支出金収入 | F14: 0 | G14: =F14-H14 -> 0 | H14: 0 | I14: 0
C15: 他会計からの繰入金収入 | F15: 3759006896 | G15: =F15-H15 -> -701480401 | H15: 4460487297 | I15: 5133443621
D16: 一般会計からの繰入金収入 | F16: 3487047411 | G16: =F16-H16 -> -727431969 | H16: 4214479380 | I16: 4928593094
D17: 特別会計からの繰入金収入 | F17: 2118687 | G17: =F17-H17 -> -29436285 | H17: 31554972 | I17: 558284
D18: 公営企業会計からの繰入金収入 | F18: 269840798 | G18: =F18-H18 -> 55387853 | H18: 214452945 | I18: 204292243
C19: 棚卸資産売却収入 | F19: 0 | G19: =F19-H19 -> 0 | H19: 0 | I19: 0
C20: 受取利息及び配当金収入 | F20: 3230439960 | G20: =F20-H20 -> 1406559862 | H20: 1823880098 | I20: 965875820
C21: その他行政収入 | F21: 90165 | G21: =F21-H21 -> 90165 | H21: 0 | I21: 26574
B22: 行政サービス活動支出 | F22: 7147413336 | G22: =F22-H22 -> 675635629 | H22: 6471777707 | I22: 6328590160
C23: 給与関係費支出 | F23: 149938339 | G23: =F23-H23 -> 15984117 | H23: 133954222 | I23: 132061746
C24: 物件費支出 | F24: 16780063 | G24: =F24-H24 -> 1123934 | H24: 15656129 | I24: 15477769
C25: 維持補修費支出 | F25: 0 | G25: =F25-H25 -> 0 | H25: 0 | I25: 0
C26: 支払利息及び手数料支出 | F26: 6979409772 | G26: =F26-H26 -> 658518214 | H26: 6320891558 | I26: 6179772751
C27: 扶助費支出 | F27: 0 | G27: =F27-H27 -> 0 | H27: 0 | I27: 0
C28: 負担金・補助金・交付金等支出 | F28: 1285162 | G28: =F28-H28 -> 9364 | H28: 1275798 | I28: 1277894
C29: 他会計への繰出金支出 | F29: 0 | G29: =F29-H29 -> 0 | H29: 0 | I29: 0
D30: 一般会計への繰出金支出 | F30: 0 | G30: =F30-H30 -> 0 | H30: 0 | I30: 0
D31: 特別会計への繰出金支出 | F31: 0 | G31: =F31-H31 -> 0 | H31: 0 | I31: 0
D32: 公営企業会計への繰出金支出 | F32: 0 | G32: =F32-H32 -> 0 | H32: 0 | I32: 0
C33: その他行政支出 | F33: 0 | G33: =F33-H33 -> 0 | H33: 0 | I33: 0
A34: 行政サービス活動収支差額 | F34: -157876315 | G34: =F34-H34 -> 29533997 | H34: -187410312 | I34: -229244145
A35: 投資活動
B36: 投資活動収入 | F36: 67722417398 | G36: =F36-H36 -> -58812112681 | H36: 126534530079 | I36: 112350603375
C37: 資産売却収入 | F37: 0 | G37: =F37-H37 -> 0 | H37: 0 | I37: 0
C38: 基金繰入金（取崩額） | F38: 67722417398 | G38: =F38-H38 -> -58812112681 | H38: 126534530079 | I38: 112350603375
D39: 財政調整基金（取崩額） | F39: 0 | G39: =F39-H39 -> 0 | H39: 0 | I39: 0
D40: その他の基金（取崩額） | F40: 67722417398 | G40: =F40-H40 -> -58812112681 | H40: 126534530079 | I40: 112350603375
C41: 貸付金回収元金収入 | F41: 0 | G41: =F41-H41 -> 0 | H41: 0 | I41: 0
C42: 他会計からの繰入金収入 | F42: 0 | G42: =F42-H42 -> 0 | H42: 0 | I42: 0
D43: 一般会計からの繰入金収入 | F43: 0 | G43: =F43-H43 -> 0 | H43: 0 | I43: 0
D44: 特別会計からの繰入金収入 | F44: 0 | G44: =F44-H44 -> 0 | H44: 0 | I44: 0
D45: 公営企業会計からの繰入金収入 | F45: 0 | G45: =F45-H45 -> 0 | H45: 0 | I45: 0
C46: 保証金等返還収入 | F46: 0 | G46: =F46-H46 -> 0 | H46: 0 | I46: 0
C47: その他投資活動収入 | F47: 0 | G47: =F47-H47 -> 0 | H47: 0 | I47: 0
B48: 投資活動支出 | F48: 86630281960 | G48: =F48-H48 -> 1093074879 | H48: 85537207081 | I48: 98361495078
C49: 固定資産取得支出 | F49: 0 | G49: =F49-H49 -> 0 | H49: 0 | I49: 3476000
C50: 基金積立金 | F50: 86630281960 | G50: =F50-H50 -> 1093074879 | H50: 85537207081 | I50: 98358019078
D51: 財政調整基金積立金 | F51: 0 | G51: =F51-H51 -> 0 | H51: 0 | I51: 0
D52: その他の基金積立金 | F52: 86630281960 | G52: =F52-H52 -> 1093074879 | H52: 85537207081 | I52: 98358019078
C53: 出資金支出 | F53: 0 | G53: =F53-H53 -> 0 | H53: 0 | I53: 0
C54: 貸付金支出 | F54: 0 | G54: =F54-H54 -> 0 | H54: 0 | I54: 0
C55: 他会計への繰出金支出 | F55: 0 | G55: =F55-H55 -> 0 | H55: 0 | I55: 0
D56: 一般会計への繰出金支出 | F56: 0 | G56: =F56-H56 -> 0 | H56: 0 | I56: 0
D57: 特別会計への繰出金支出 | F57: 0 | G57: =F57-H57 -> 0 | H57: 0 | I57: 0
D58: 公営企業会計への繰出金支出 | F58: 0 | G58: =F58-H58 -> 0 | H58: 0 | I58: 0
C59: 保証金等支出 | F59: 0 | G59: =F59-H59 -> 0 | H59: 0 | I59: 0
A60: 投資活動収支差額 | F60: -18907864562 | G60: =F60-H60 -> -59905187560 | H60: 40997322998 | I60: 13989108297
A61: 財務活動
B62: 財務活動収入 | F62: 236328078617 | G62: =F62-H62 -> 7739200478 | H62: 228588878139 | I62: 234414405334
C63: 地方債収入 | F63: 111584842000 | G63: =F63-H63 -> 14218515017 | H63: 97366326983 | I63: 105794131764
C64: 借入金収入 | F64: 0 | G64: =F64-H64 -> 0 | H64: 0 | I64: 0
C65: 他会計からの繰入金収入 | F65: 0 | G65: =F65-H65 -> 0 | H65: 0 | I65: 0
D66: 一般会計からの繰入金収入 | F66: 0 | G66: =F66-H66 -> 0 | H66: 0 | I66: 0
D67: 特別会計からの繰入金収入 | F67: 0 | G67: =F67-H67 -> 0 | H67: 0 | I67: 0
D68: 公営企業会計からの繰入金収入 | F68: 0 | G68: =F68-H68 -> 0 | H68: 0 | I68: 0
C69: その他財務活動収入 | F69: 124743236617 | G69: =F69-H69 -> -6479314539 | H69: 131222551156 | I69: 128620273570
B70: 財務活動支出 | F70: 217262337740 | G70: =F70-H70 -> -52136453085 | H70: 269398790825 | I70: 248174269486
C71: 地方債償還金支出 | F71: 92519101123 | G71: =F71-H71 -> -45657138546 | H71: 138176239669 | I71: 119553995916
C72: 借入金償還金支出 | F72: 0 | G72: =F72-H72 -> 0 | H72: 0 | I72: 0
C73: リース債務償還金支出 | F73: 0 | G73: =F73-H73 -> 0 | H73: 0 | I73: 0
C74: 他会計への繰出金支出 | F74: 0 | G74: =F74-H74 -> 0 | H74: 0 | I74: 0
D75: 一般会計への繰出金支出 | F75: 0 | G75: =F75-H75 -> 0 | H75: 0 | I75: 0
D76: 特別会計への繰出金支出 | F76: 0 | G76: =F76-H76 -> 0 | H76: 0 | I76: 0
D77: 公営企業会計への繰出金支出 | F77: 0 | G77: =F77-H77 -> 0 | H77: 0 | I77: 0
C78: その他財務活動支出 | F78: 124743236617 | G78: =F78-H78 -> -6479314539 | H78: 131222551156 | I78: 128620273570
A79: 財務活動収支差額 | F79: 19065740877 | G79: =F79-H79 -> 59875653563 | H79: -40809912686 | I79: -13759864152
A80: 当年度現金預金増減額 | F80: 0 | G80: =F80-H80 -> 0 | H80: 0 | I80: 0
A81: 前年度末現金預金残高 | F81: 0 | G81: =F81-H81 -> 0 | H81: 0 | I81: 0
A82: 当年度末現金預金残高 | F82: 0 | G82: =F82-H82 -> 0 | H82: 0 | I82: 0
